Workbook
Name AbaDeprec: #REF!
Name AbaDeprec: #REF!
Name AbaDeprec: #REF!
Name AbaDeprec: #REF!
Name AbaDeprec: #REF!
Name AbaDeprec: #REF!
Name AbaDeprec: #REF!
Name AbaDeprec: #REF!
Name AbaDeprec: #REF!
Name AbaDeprec: #REF!
Name AbaDeprec: #REF!
Name AbaDeprec: #REF!
Name AbaDeprec: #REF!
Name AbaDeprec: #REF!
Name AbaDeprec: #REF!
Name AbaDeprec: #REF!
Name AbaDeprec: #REF!
Name AbaDeprec: #REF!
Name AbaRemun: #REF!
Name AbaRemun: #REF!
Name AbaRemun: #REF!
Name AbaRemun: #REF!
Name AbaRemun: #REF!
Name AbaRemun: #REF!
Name AbaRemun: #REF!
Name AbaRemun: #REF!
Name AbaRemun: #REF!
Name AbaRemun: #REF!
Name AbaRemun: #REF!
Name AbaRemun: #REF!
Name AbaRemun: #REF!
Name AbaRemun: #REF!
Name AbaRemun: #REF!
Name AbaRemun: #REF!
Name AbaRemun: #REF!
Name número: #REF!
Name número: #REF!
Name número: #REF!
Name número: #REF!
Name número: #REF!
Name número: #REF!
Name número: #REF!
Name número: #REF!
Name número: #REF!
Name número: #REF!
Name número: #REF!
Name número: #REF!
Name número: #REF!
Name número: #REF!
Name número: #REF!
Name número: #REF!
Name número: #REF!
Name número: #REF!
Name x: #REF!
Name x: #REF!
Name x: #REF!
Name x: #REF!
Name x: #REF!
Name x: #REF!
Name x: #REF!

Sheet  lote 1.1
A1: PLANILHA DE COMPOSIÇÃO DE CUSTOS E FORMAÇÃO DE PREÇO
A2: GRUPO A - Identificação
A3: Nº do processo: | B3: 3827-2026 | C3: Nº Licitação: | F3: Data:
A4: Trajeto | B4: 1 | C4: Item: | D4: 1 | E4: Serviço de Transporte Escolar
A6: GRUPO B - Orçamento Sintético
A7: Formas de Tributação | C7: LUCRO REAL | E7: LUCRO PRESUMIDO | G7: SIMPLES NAC.
A8: Descrição do Item | C8: Custo (R$/mês) | D8: AV % | E8: Custo (R$/mês) | F8: AV % | G8: Custo (R$/mês) | H8: AV %
A9: =A51 -> 1. Mão-de-obra | C9: =+G105 -> 8244.1692 | D9: =IFERROR(C9/$C$26,0) -> 0.24723511 | E9: =G105 -> 8244.1692 | F9: =IFERROR(E9/$E$26,0) -> 0.26283568 | G9: =G106 -> 6915.3513 | H9: =IFERROR(G9/$G$26,0) -> 0.22089538
A10: 1.1. Monitor | C10: =G60 -> 2633.9688 | D10: =IFERROR(C10/$C$26,0) -> 0.07899032 | E10: =C10 -> 2633.9688 | F10: =IFERROR(E10/$E$26,0) -> 0.08397462 | G10: =G67 -> 2080.5223 | H10: =IFERROR(G10/$G$26,0) -> 0.066457617
A11: 1.2. Motorista | C11: =G77 -> 3635.8179 | D11: =IFERROR(C11/$C$26,0) -> 0.10903486 | E11: =C11 -> 3635.8179 | F11: =IFERROR(E11/$E$26,0) -> 0.11591497 | G11: =G84 -> 2860.4465 | H11: =IFERROR(G11/$G$26,0) -> 0.091370546
A12: =A86 -> 1.3. Vale Transporte | C12: =G92 -> 266.03591 | D12: =IFERROR(C12/$C$26,0) -> 0.0079781741 | E12: =C12 -> 266.03591 | F12: =IFERROR(E12/$E$26,0) -> 0.008481598 | G12: =E12 -> 266.03591 | H12: =IFERROR(G12/$G$26,0) -> 0.0084979202
A13: =A94 -> 1.4. Vale-refeição (diário) | C13: =G98 -> 1662.2727 | D13: =IFERROR(C13/$C$26,0) -> 0.049850042 | E13: =C13 -> 1662.2727 | F13: =IFERROR(E13/$E$26,0) -> 0.052995586 | G13: =E13 -> 1662.2727 | H13: =IFERROR(G13/$G$26,0) -> 0.053097573
A14: 1.5 seguro de vida em grupo | C14: =G104 -> 46.073864 | D14: =IFERROR(C14/$C$26,0) -> 0.0013817131 | E14: =C14 -> 46.073864 | F14: =IFERROR(E14/$E$26,0) -> 0.0014688994 | G14: =E14 -> 46.073864 | H14: =IFERROR(G14/$G$26,0) -> 0.0014717262
A15: =A108 -> 2. Veículos | C15: =+G171 -> 16978.522 | D15: =IFERROR(C15/$C$26,0) -> 0.50917037 | E15: =C15 -> 16978.522 | F15: =IFERROR(E15/$E$26,0) -> 0.54129909 | G15: =E15 -> 16978.522 | H15: =IFERROR(G15/$G$26,0) -> 0.54234078
A16: =A109 -> 2.1 Depreciação | C16: =G116 -> 2448.0568 | D16: =IFERROR(C16/$C$26,0) -> 0.07341499 | E16: =C16 -> 2448.0568 | F16: =IFERROR(E16/$E$26,0) -> 0.078047486 | G16: =E16 -> 2448.0568 | H16: =IFERROR(G16/$G$26,0) -> 0.078197682
A17: =A117 -> 2.2 Remuneração do Capital | C17: =G127 -> 3914.967 | D17: =IFERROR(C17/$C$26,0) -> 0.11740629 | E17: =C17 -> 3914.967 | F17: =IFERROR(E17/$E$26,0) -> 0.12481464 | G17: =E17 -> 3914.967 | H17: =IFERROR(G17/$G$26,0) -> 0.12505484
A18: =A129 -> 2.3. Impostos e Seguros | C18: =G139 -> 768.4075 | D18: =IFERROR(C18/$C$26,0) -> 0.02304384 | E18: =C18 -> 768.4075 | F18: =IFERROR(E18/$E$26,0) -> 0.024497909 | G18: =E18 -> 768.4075 | H18: =IFERROR(G18/$G$26,0) -> 0.024545053
A19: =A140 -> 2.4. Consumos | C19: =G154 -> 4327.3052 | D19: =IFERROR(C19/$C$26,0) -> 0.12977193 | E19: =C19 -> 4327.3052 | F19: =IFERROR(E19/$E$26,0) -> 0.13796056 | G19: =E19 -> 4327.3052 | H19: =IFERROR(G19/$G$26,0) -> 0.13822605
A20: =A156 -> 2.5. Manutenção | C20: =G161 -> 4775.95 | D20: =IFERROR(C20/$C$26,0) -> 0.14322638 | E20: =C20 -> 4775.95 | F20: =IFERROR(E20/$E$26,0) -> 0.15226399 | G20: =E20 -> 4775.95 | H20: =IFERROR(G20/$G$26,0) -> 0.15255701
A21: =A163 -> 2.6. Pneus | C21: =G169 -> 743.83533 | D21: =IFERROR(C21/$C$26,0) -> 0.022306943 | E21: =C21 -> 743.83533 | F21: =IFERROR(E21/$E$26,0) -> 0.023714514 | G21: =E21 -> 743.83533 | H21: =IFERROR(G21/$G$26,0) -> 0.023760151
A22: =A173 -> 3. Ferramentas e Materiais de Consumo | C22: =+G183 -> 86.958333 | D22: =IFERROR(C22/$C$26,0) -> 0.0026078011 | E22: =C22 -> 86.958333 | F22: =IFERROR(E22/$E$26,0) -> 0.0027723537 | G22: =E22 -> 86.958333 | H22: =IFERROR(G22/$G$26,0) -> 0.0027776888
A23: =A188 -> 4. Benefícios e Desp. Ind. - BDI - LUCRO REAL | C23: =+G194 -> 8035.8137 | D23: =IFERROR(C23/$C$26,0) -> 0.24098672
A24: =A202 -> 5. Benefícios e Desp. Ind. - BDI - LUCRO PRESUMIDO | E24: =G208 -> 6056.5991 | F24: =IFERROR(E24/$E$26,0) -> 0.19309288
A25: =A216 -> 6. Benef. Desp. Ind. + Impostos - SIMPLES NACIONAL | G25: =G220+G233 -> 7325.1708 | H25: =IFERROR(G25/$G$26,0) -> 0.23398615
A26: PREÇO TOTAL MÊS (R$/Mês) | C26: =C9+C15+C22+C23 -> 33345.463 | D26: =D9+D15+D22+D23 -> 1 | E26: =E9+E15+E22+E24 -> 31366.248 | F26: =F9+F15+F22+F24 -> 1 | G26: =G9+G15+G22+G25 -> 31306.002 | H26: =H9+H15+H22+H25 -> 1
A27: PREÇO POR QUILOMETRO (R$/Km) | C27: =G200 -> 11.994771 | E27: =G214 -> 11.282823 | G27: =G239 -> 11.261152
A29: GRUPO C - Informações sobre
A30: C1- Mão-de-obra | F30: Quantidade | G30: R$ / mês
A31: Motorista | F31: 1 | G31: ='lote 3.1'!G31 -> 2271
A32: Monitor | F32: 1 | G32: ='lote 3.1'!G32 -> 1621
A33: Total de mão-de-obra (postos de trabalho) | F33: =SUM(F31:F32) -> 2
A35: C2- Veículos | C35: Vida útil do Veículo | D35: Taxade depreciação | E35: Capacidade (Lugares) | F35: Quantidade | G35: Valor (R$)
A36: Dados do veículo e descrição do veículo | C36: 10 | D36: =1/C36 -> 0.1 | E36: 28 | F36: 1 | G36: 498889
A37: micrônibus Volare ATT 8 longo fretamento com 31 lugares - ano 2025 - pneu 215 x 75 aro 17,5 | D37: tipo de combustível | E37: óleo diesel BS 10
A38: Consumo médio (Km / litro) e Valor do litro (R$) | F38: 5.5 | G38: 7.32
A39: Velocidade média em função do pavimento (Km/h) | F39: 20
A41: C3- Distâncias | C41: Unidade | E41: Km por dia | F41: Horas p/Dia | G41: Km por mês
A42: Distância percorrida | C42: Km | E42: 139 | F42: =(E42/F39)+C48 -> 7.95 | G42: =E42*E43 -> 2780 | I42: =22+55+34+28 -> 139
A43: Média de dias letivos por mês | C43: Dias | E43: 20 | I43: =I42*203 -> 28217
A45: C4- Fatores | C45: % | D45: Aplicação
A46: Fator de utilização (FU) | C46: =F42/8.8 -> 0.90340909 | D46: Equipe e veículos
A47: Fator de Majoração pelo "Tipo de via" | C47: 0.15 | D47: Conforme tipo de via
A48: Fator de Majoração por "Tempo p/Higienização" | C48: 1 | D48: Horas por dia para higienização do veículo.
A50: CÁLCULOS (itenização numérica)
A51: 1. Mão-de-obra
A52: 1.1. Monitor - EMPRESA LUCRO REAL E PRESUMIDO
A53: Discriminação | C53: Unidade | D53: Quantidade | E53: Custo unitário | F53: Subtotal | G53: Total (R$) | H53: R$/Km
A54: Piso da categoria | C54: mês | D54: 1 | E54: =G32 -> 1621 | F54: =D54*E54 -> 1621
A55: Soma | F55: =SUM(F54:F54) -> 1621
A56: Encargos Sociais | C56: % | D56: ='Enc. Soc. - LR-LP e SN'!C$28*100 -> 70.61 | E56: =F55 -> 1621 | F56: =E56*D56/100 -> 1144.5881
A57: Prêmio de Assiduidade ( verba indenizatória) | D57: 1 | E57: 150 | F57: =E57 -> 150
A58: Total por Monitor | F58: =F55+F56+F57 -> 2915.5881
A59: Total do Efetivo | C59: homem | D59: =F32 -> 1 | E59: =F58 -> 2915.5881 | F59: =D59*E59 -> 2915.5881
E60: Fator de utilização | F60: =$C$46 -> 0.90340909 | G60: =F59*F60 -> 2633.9688 | H60: =G60/G$42 -> 0.94747079
A62: 1.1.1- Monitor - EMPRESA SIMPLES NACIONAL
A63: Encargos Sociais | C63: % | D63: ='Enc. Soc. - LR-LP e SN'!C$38*100 -> 32.81728 | E63: =F55 -> 1621 | F63: =E63*D63/100 -> 531.96811
A64: =A57 -> Prêmio de Assiduidade ( verba indenizatória) | D64: 1 | E64: 150 | F64: =E64 -> 150
A65: Total por Monitor | F65: =E63+F63+F64 -> 2302.9681
A66: Total do Efetivo | C66: homem | D66: =D59 -> 1 | E66: =F65 -> 2302.9681 | F66: =D66*E66 -> 2302.9681
E67: Fator de utilização | F67: =$C$46 -> 0.90340909 | G67: =F66*F67 -> 2080.5223 | H67: =G67/G$42 -> 0.74838933
A69: 1.2. Motorista - EMPRESA LUCRO REAL E PRESUMIDO
A70: Discriminação | C70: Unidade | D70: Quantidade | E70: Custo unitário | F70: Subtotal | G70: Total (R$) | H70: R$/Km
A71: Piso da categoria | C71: mês | D71: 1 | E71: =G31 -> 2271 | F71: =D71*E71 -> 2271
A72: Soma | F72: =SUM(F71:F71) -> 2271
A73: Encargos Sociais | C73: % | D73: ='Enc. Soc. - LR-LP e SN'!C$28*100 -> 70.61 | E73: =F72 -> 2271 | F73: =E73*D73/100 -> 1603.5531
A74: =A64 -> Prêmio de Assiduidade ( verba indenizatória) | D74: 1 | E74: 150 | F74: =E74 -> 150
A75: Total por Motorista | F75: =F72+F73+F74 -> 4024.5531
A76: Total do Efetivo | C76: homem | D76: 1 | E76: =F75 -> 4024.5531 | F76: =D76*E76 -> 4024.5531
E77: Fator de utilização | F77: =$C$46 -> 0.90340909 | G77: =F76*F77 -> 3635.8179 | H77: =G77/G$42 -> 1.3078482
A79: 1.2.1- Motorista - EMPRESA SIMPLES NACIONAL
A80: Encargos Sociais | C80: % | D80: ='Enc. Soc. - LR-LP e SN'!C$38*100 -> 32.81728 | E80: =F72 -> 2271 | F80: =E80*D80/100 -> 745.28043
A81: =A74 -> Prêmio de Assiduidade ( verba indenizatória) | D81: 1 | E81: 150 | F81: =E81 -> 150
A82: Total por Motorista | F82: =E80+F80+F81 -> 3166.2804
A83: Total do Efetivo | C83: homem | D83: =D76 -> 1 | E83: =F82 -> 3166.2804 | F83: =D83*E83 -> 3166.2804
E84: Fator de utilização | F84: =$C$46 -> 0.90340909 | G84: =F83*F84 -> 2860.4465 | H84: =G84/G$42 -> 1.0289376
A86: 1.3. Vale Transporte
A87: Discriminação | C87: Unidade | D87: Quantidade | E87: Custo unitário | F87: Subtotal | G87: Total (R$) | H87: R$/Km
A88: Vale Transporte | C88: R$ | D88: 1 | E88: ='lote 3.1'!E88 -> 6.6
A89: Dias Trabalhados por mês | C89: dia | D89: =E43 -> 20
A90: Monitor (Valor líquido, descontado 6,00% s/piso sal.) | C90: vale | D90: =$D$89*2*(F32) -> 40 | E90: =IF(E88=0,"",IFERROR((($D$89*2*$E$88)-(F54*0.06*D89/20))/($D$89*2),"-")) -> 4.1685 | F90: =IFERROR(D90*E90,"-") -> 166.74
A91: Motorista (Vlr líq. desc. 6,% s/piso sal.) | C91: vale | D91: =$D$89*2*(F31) -> 40 | E91: =IF(E88=0,"",IFERROR((($D$89*2*$E$88)-(F71*0.06*D89/20))/($D$89*2),"-")) -> 3.1935 | F91: =IFERROR(D91*E91,"-") -> 127.74
E92: Fator de utilização | F92: =$C$46 -> 0.90340909 | G92: =SUM(F88:F91)*F92 -> 266.03591 | H92: =G92/G$42 -> 0.09569637
A94: 1.4. Vale-refeição (diário)
A95: Discriminação | C95: Unidade | D95: Quantidade | E95: Custo unitário | F95: Subtotal | G95: Total (R$) | H95: R$/Km
A96: Monitor | C96: unidade | D96: =D89*(F32) -> 20 | E96: ='lote 3.1'!E96 -> 46 | F96: =D96*E96 -> 920 | I96: café da manhã e almoço
A97: Motorista | C97: unidade | D97: =D89*(F31) -> 20 | E97: =E96 -> 46 | F97: =D97*E97 -> 920
E98: Fator de utilização | F98: =$C$46 -> 0.90340909 | G98: =SUM(F96:F97)*F98 -> 1662.2727 | H98: =G98/G$42 -> 0.59793983
A100: 1.5. Seguro de Vida em grupo
A101: Discriminação | C101: Unidade | D101: Quantidade | E101: Custo unitário | F101: Subtotal | G101: Total (R$) | H101: R$/Km
A102: Monitor | C102: unidade | D102: mensal | E102: ='lote 3.1'!E102 -> 25.5 | F102: =E102 -> 25.5
A103: Motorista | C103: unidade | D103: mensal | E103: =E102 -> 25.5 | F103: =E103 -> 25.5
E104: Fator de utilização | F104: =$C$46 -> 0.90340909 | G104: =SUM(F102:F103)*F104 -> 46.073864 | H104: =G104/G$42 -> 0.016573332
A105: Custo Mensal com Mão-de-obra (R$/mês) - LUCRO REAL E PRESUMIDO | G105: =SUM(G54:G99)-G67-G84+G104 -> 8244.1692 | H105: =G105/G$42 -> 2.9655285
A106: Custo Mensal com Mão-de-obra (R$/mês) - SIMPLES NACIONAL | G106: =SUM(G54:G99)-G60-G77+G104 -> 6915.3513 | H106: =G106/G$42 -> 2.4875365
A108: 2. Veículos
A109: 2.1 Depreciação
A110: Discriminação | C110: Unidade | D110: Quantidade | E110: Custo unitário | F110: Subtotal | G110: Total (R$) | H110: R$/Km
A111: Custo de aquisição do veículo | C111: unidade | D111: 1 | E111: =G36 -> 498889 | F111: =D111*E111 -> 498889
A112: Vida útil do veícuo | C112: anos | D112: =C36 -> 10
A113: Depreciação do veículo | C113: % | D113: ='lote 3.1'!D113 -> 65.18 | E113: =F111 -> 498889 | F113: =D113*E113/100 -> 325175.85
...

Sheet  lote 1.2
A1: PLANILHA DE COMPOSIÇÃO DE CUSTOS E FORMAÇÃO DE PREÇO
A2: GRUPO A - Identificação
A3: Nº do processo: | B3: 3827-2026 | C3: Nº Licitação: | F3: Data:
A4: Trajeto | B4: 1 | C4: Item: | D4: 2 | E4: Serviço de Transporte Escolar
A6: GRUPO B - Orçamento Sintético
A7: Formas de Tributação | C7: LUCRO REAL | E7: LUCRO PRESUMIDO | G7: SIMPLES NAC.
A8: Descrição do Item | C8: Custo (R$/mês) | D8: AV % | E8: Custo (R$/mês) | F8: AV % | G8: Custo (R$/mês) | H8: AV %
A9: =A51 -> 1. Mão-de-obra | C9: =+G105 -> 4303.56 | D9: =IFERROR(C9/$C$26,0) -> 0.2437644 | E9: =G105 -> 4303.56 | F9: =IFERROR(E9/$E$26,0) -> 0.25914597 | G9: =G106 -> 3609.9004 | H9: =IFERROR(G9/$G$26,0) -> 0.21762515
A10: 1.1. Monitor | C10: =G60 -> 1374.9648 | D10: =IFERROR(C10/$C$26,0) -> 0.077881447 | E10: =C10 -> 1374.9648 | F10: =IFERROR(E10/$E$26,0) -> 0.082795777 | G10: =G67 -> 1086.0588 | H10: =IFERROR(G10/$G$26,0) -> 0.065473749
A11: 1.2. Motorista | C11: =G77 -> 1897.9427 | D11: =IFERROR(C11/$C$26,0) -> 0.10750422 | E11: =C11 -> 1897.9427 | F11: =IFERROR(E11/$E$26,0) -> 0.11428775 | G11: =G84 -> 1493.1891 | H11: =IFERROR(G11/$G$26,0) -> 0.090017855
A12: =A86 -> 1.3. Vale Transporte | C12: =G92 -> 138.87409 | D12: =IFERROR(C12/$C$26,0) -> 0.0078661758 | E12: =C12 -> 138.87409 | F12: =IFERROR(E12/$E$26,0) -> 0.0083625325 | G12: =E12 -> 138.87409 | H12: =IFERROR(G12/$G$26,0) -> 0.0083721132
A13: =A94 -> 1.4. Vale-refeição (diário) | C13: =G98 -> 867.72727 | D13: =IFERROR(C13/$C$26,0) -> 0.049150243 | E13: =C13 -> 867.72727 | F13: =IFERROR(E13/$E$26,0) -> 0.05225163 | G13: =E13 -> 867.72727 | H13: =IFERROR(G13/$G$26,0) -> 0.052311492
A14: 1.5 seguro de vida em grupo | C14: =G104 -> 24.051136 | D14: =IFERROR(C14/$C$26,0) -> 0.0013623165 | E14: =C14 -> 24.051136 | F14: =IFERROR(E14/$E$26,0) -> 0.0014482789 | G14: =E14 -> 24.051136 | H14: =IFERROR(G14/$G$26,0) -> 0.0014499381
A15: =A108 -> 2. Veículos | C15: =+G171 -> 9009.5483 | D15: =IFERROR(C15/$C$26,0) -> 0.51032335 | E15: =C15 -> 9009.5483 | F15: =IFERROR(E15/$E$26,0) -> 0.54252482 | G15: =E15 -> 9009.5483 | H15: =IFERROR(G15/$G$26,0) -> 0.54314637
A16: =A109 -> 2.1 Depreciação | C16: =G116 -> 1277.9165 | D16: =IFERROR(C16/$C$26,0) -> 0.072384384 | E16: =C16 -> 1277.9165 | F16: =IFERROR(E16/$E$26,0) -> 0.076951848 | G16: =E16 -> 1277.9165 | H16: =IFERROR(G16/$G$26,0) -> 0.077040009
A17: =A117 -> 2.2 Remuneração do Capital | C17: =G127 -> 2043.662 | D17: =IFERROR(C17/$C$26,0) -> 0.11575813 | E17: =C17 -> 2043.662 | F17: =IFERROR(E17/$E$26,0) -> 0.12306248 | G17: =E17 -> 2043.662 | H17: =IFERROR(G17/$G$26,0) -> 0.12320347
A18: =A129 -> 2.3. Impostos e Seguros | C18: =G139 -> 768.4075 | D18: =IFERROR(C18/$C$26,0) -> 0.043524522 | E18: =C18 -> 768.4075 | F18: =IFERROR(E18/$E$26,0) -> 0.046270926 | G18: =E18 -> 768.4075 | H18: =IFERROR(G18/$G$26,0) -> 0.046323936
A19: =A140 -> 2.4. Consumos | C19: =G154 -> 2046.5703 | D19: =IFERROR(C19/$C$26,0) -> 0.11592286 | E19: =C19 -> 2046.5703 | F19: =IFERROR(E19/$E$26,0) -> 0.12323761 | G19: =E19 -> 2046.5703 | H19: =IFERROR(G19/$G$26,0) -> 0.1233788
A20: =A156 -> 2.5. Manutenção | C20: =G161 -> 2521.2 | D20: =IFERROR(C20/$C$26,0) -> 0.14280707 | E20: =C20 -> 2521.2 | F20: =IFERROR(E20/$E$26,0) -> 0.15181822 | G20: =E20 -> 2521.2 | H20: =IFERROR(G20/$G$26,0) -> 0.15199215
A21: =A163 -> 2.6. Pneus | C21: =G169 -> 351.792 | D21: =IFERROR(C21/$C$26,0) -> 0.019926379 | E21: =C21 -> 351.792 | F21: =IFERROR(E21/$E$26,0) -> 0.021183736 | G21: =E21 -> 351.792 | H21: =IFERROR(G21/$G$26,0) -> 0.021208005
A22: =A173 -> 3. Ferramentas e Materiais de Consumo | C22: =+G183 -> 86.958333 | D22: =IFERROR(C22/$C$26,0) -> 0.0049255374 | E22: =C22 -> 86.958333 | F22: =IFERROR(E22/$E$26,0) -> 0.0052363395 | G22: =E22 -> 86.958333 | H22: =IFERROR(G22/$G$26,0) -> 0.0052423386
A23: =A188 -> 4. Benefícios e Desp. Ind. - BDI - LUCRO REAL | C23: =+G194 -> 4254.5212 | D23: =IFERROR(C23/$C$26,0) -> 0.24098672
A24: =A202 -> 5. Benefícios e Desp. Ind. - BDI - LUCRO PRESUMIDO | E24: =G208 -> 3206.6359 | F24: =IFERROR(E24/$E$26,0) -> 0.19309288
A25: =A216 -> 6. Benef. Desp. Ind. + Impostos - SIMPLES NACIONAL | G25: =G220+G233 -> 3881.2917 | H25: =IFERROR(G25/$G$26,0) -> 0.23398615
A26: PREÇO TOTAL MÊS (R$/Mês) | C26: =C9+C15+C22+C23 -> 17654.588 | D26: =D9+D15+D22+D23 -> 1 | E26: =E9+E15+E22+E24 -> 16606.703 | F26: =F9+F15+F22+F24 -> 1 | G26: =G9+G15+G22+G25 -> 16587.699 | H26: =H9+H15+H22+H25 -> 1
A27: PREÇO POR QUILOMETRO (R$/Km) | C27: =G200 -> 14.011578 | E27: =G214 -> 13.179923 | G27: =G239 -> 13.16484
A29: GRUPO C - Informações sobre
A30: C1- Mão-de-obra | F30: Quantidade | G30: R$ / mês
A31: Motorista | F31: 1 | G31: ='lote 3.1'!G31 -> 2271
A32: Monitor | F32: 1 | G32: ='lote 3.1'!G32 -> 1621
A33: Total de mão-de-obra (postos de trabalho) | F33: =SUM(F31:F32) -> 2
A35: C2- Veículos | C35: Vida útil do Veículo | D35: Taxade depreciação | E35: Capacidade (Lugares) | F35: Quantidade | G35: Valor (R$)
A36: Dados do veículo e descrição do veículo | C36: 10 | D36: =1/C36 -> 0.1 | E36: 28 | F36: 1 | G36: 498889
A37: micrônibus Volare ATT 8 longo fretamento com 31 lugares - ano 2025 - pneu 215 x 75 aro 17,5 | D37: tipo de combustível | E37: óleo diesel BS 10
A38: Consumo médio (Km / litro) e Valor do litro (R$) | F38: 5.5 | G38: 7.32
A39: Velocidade média em função do pavimento (Km/h) | F39: 20
A41: C3- Distâncias | C41: Unidade | E41: Km por dia | F41: Horas p/Dia | G41: Km por mês
A42: Distância percorrida | C42: Km | E42: 63 | F42: =(E42/F39)+C48 -> 4.15 | G42: =E42*E43 -> 1260 | I42: =27+27+9 -> 63
A43: Média de dias letivos por mês | C43: Dias | E43: 20 | I43: =I42*203 -> 12789
A45: C4- Fatores | C45: % | D45: Aplicação
A46: Fator de utilização (FU) | C46: =F42/8.8 -> 0.47159091 | D46: Equipe e veículos
A47: Fator de Majoração pelo "Tipo de via" | C47: 0.2 | D47: Conforme tipo de via
A48: Fator de Majoração por "Tempo p/Higienização" | C48: 1 | D48: Horas por dia para higienização do veículo.
A50: CÁLCULOS (itenização numérica)
A51: 1. Mão-de-obra
A52: 1.1. Monitor - EMPRESA LUCRO REAL E PRESUMIDO
A53: Discriminação | C53: Unidade | D53: Quantidade | E53: Custo unitário | F53: Subtotal | G53: Total (R$) | H53: R$/Km
A54: Piso da categoria | C54: mês | D54: 1 | E54: =G32 -> 1621 | F54: =D54*E54 -> 1621
A55: Soma | F55: =SUM(F54:F54) -> 1621
A56: Encargos Sociais | C56: % | D56: ='Enc. Soc. - LR-LP e SN'!C$28*100 -> 70.61 | E56: =F55 -> 1621 | F56: =E56*D56/100 -> 1144.5881
A57: Prêmio de Assiduidade ( verba indenizatória) | D57: 1 | E57: 150 | F57: =E57 -> 150
A58: Total por Monitor | F58: =F55+F56+F57 -> 2915.5881
A59: Total do Efetivo | C59: homem | D59: =F32 -> 1 | E59: =F58 -> 2915.5881 | F59: =D59*E59 -> 2915.5881
E60: Fator de utilização | F60: =$C$46 -> 0.47159091 | G60: =F59*F60 -> 1374.9648 | H60: =G60/G$42 -> 1.0912419
A62: 1.1.1- Monitor - EMPRESA SIMPLES NACIONAL
A63: Encargos Sociais | C63: % | D63: ='Enc. Soc. - LR-LP e SN'!C$38*100 -> 32.81728 | E63: =F55 -> 1621 | F63: =E63*D63/100 -> 531.96811
A64: =A57 -> Prêmio de Assiduidade ( verba indenizatória) | D64: 1 | E64: 150 | F64: =E64 -> 150
A65: Total por Monitor | F65: =E63+F63+F64 -> 2302.9681
A66: Total do Efetivo | C66: homem | D66: =D59 -> 1 | E66: =F65 -> 2302.9681 | F66: =D66*E66 -> 2302.9681
E67: Fator de utilização | F67: =$C$46 -> 0.47159091 | G67: =F66*F67 -> 1086.0588 | H67: =G67/G$42 -> 0.86195145
A69: 1.2. Motorista - EMPRESA LUCRO REAL E PRESUMIDO
A70: Discriminação | C70: Unidade | D70: Quantidade | E70: Custo unitário | F70: Subtotal | G70: Total (R$) | H70: R$/Km
A71: Piso da categoria | C71: mês | D71: 1 | E71: =G31 -> 2271 | F71: =D71*E71 -> 2271
A72: Soma | F72: =SUM(F71:F71) -> 2271
A73: Encargos Sociais | C73: % | D73: ='Enc. Soc. - LR-LP e SN'!C$28*100 -> 70.61 | E73: =F72 -> 2271 | F73: =E73*D73/100 -> 1603.5531
A74: =A64 -> Prêmio de Assiduidade ( verba indenizatória) | D74: 1 | E74: 150 | F74: =E74 -> 150
A75: Total por Motorista | F75: =F72+F73+F74 -> 4024.5531
A76: Total do Efetivo | C76: homem | D76: 1 | E76: =F75 -> 4024.5531 | F76: =D76*E76 -> 4024.5531
E77: Fator de utilização | F77: =$C$46 -> 0.47159091 | G77: =F76*F77 -> 1897.9427 | H77: =G77/G$42 -> 1.5063037
A79: 1.2.1- Motorista - EMPRESA SIMPLES NACIONAL
A80: Encargos Sociais | C80: % | D80: ='Enc. Soc. - LR-LP e SN'!C$38*100 -> 32.81728 | E80: =F72 -> 2271 | F80: =E80*D80/100 -> 745.28043
A81: =A74 -> Prêmio de Assiduidade ( verba indenizatória) | D81: 1 | E81: 150 | F81: =E81 -> 150
A82: Total por Motorista | F82: =E80+F80+F81 -> 3166.2804
A83: Total do Efetivo | C83: homem | D83: =D76 -> 1 | E83: =F82 -> 3166.2804 | F83: =D83*E83 -> 3166.2804
E84: Fator de utilização | F84: =$C$46 -> 0.47159091 | G84: =F83*F84 -> 1493.1891 | H84: =G84/G$42 -> 1.1850707
A86: 1.3. Vale Transporte
A87: Discriminação | C87: Unidade | D87: Quantidade | E87: Custo unitário | F87: Subtotal | G87: Total (R$) | H87: R$/Km
A88: Vale Transporte | C88: R$ | D88: 1 | E88: ='lote 3.1'!E88 -> 6.6
A89: Dias Trabalhados por mês | C89: dia | D89: =E43 -> 20
A90: Monitor (Valor líquido, descontado 6,00% s/piso sal.) | C90: vale | D90: =$D$89*2*(F32) -> 40 | E90: =IF(E88=0,"",IFERROR((($D$89*2*$E$88)-(F54*0.06*D89/20))/($D$89*2),"-")) -> 4.1685 | F90: =IFERROR(D90*E90,"-") -> 166.74
A91: Motorista (Vlr líq. desc. 6,% s/piso sal.) | C91: vale | D91: =$D$89*2*(F31) -> 40 | E91: =IF(E88=0,"",IFERROR((($D$89*2*$E$88)-(F71*0.06*D89/20))/($D$89*2),"-")) -> 3.1935 | F91: =IFERROR(D91*E91,"-") -> 127.74
E92: Fator de utilização | F92: =$C$46 -> 0.47159091 | G92: =SUM(F88:F91)*F92 -> 138.87409 | H92: =G92/G$42 -> 0.11021753
A94: 1.4. Vale-refeição (diário)
A95: Discriminação | C95: Unidade | D95: Quantidade | E95: Custo unitário | F95: Subtotal | G95: Total (R$) | H95: R$/Km
A96: Monitor | C96: unidade | D96: =D89*(F32) -> 20 | E96: ='lote 3.1'!E96 -> 46 | F96: =D96*E96 -> 920 | I96: café da manhã e almoço
A97: Motorista | C97: unidade | D97: =D89*(F31) -> 20 | E97: =E96 -> 46 | F97: =D97*E97 -> 920
E98: Fator de utilização | F98: =$C$46 -> 0.47159091 | G98: =SUM(F96:F97)*F98 -> 867.72727 | H98: =G98/G$42 -> 0.68867244
A100: 1.5. Seguro de Vida em grupo
A101: Discriminação | C101: Unidade | D101: Quantidade | E101: Custo unitário | F101: Subtotal | G101: Total (R$) | H101: R$/Km
A102: Monitor | C102: unidade | D102: mensal | E102: ='lote 3.1'!E102 -> 25.5 | F102: =E102 -> 25.5
A103: Motorista | C103: unidade | D103: mensal | E103: =E102 -> 25.5 | F103: =E103 -> 25.5
E104: Fator de utilização | F104: =$C$46 -> 0.47159091 | G104: =SUM(F102:F103)*F104 -> 24.051136 | H104: =G104/G$42 -> 0.019088203
A105: Custo Mensal com Mão-de-obra (R$/mês) - LUCRO REAL E PRESUMIDO | G105: =SUM(G54:G99)-G67-G84+G104 -> 4303.56 | H105: =G105/G$42 -> 3.4155238
A106: Custo Mensal com Mão-de-obra (R$/mês) - SIMPLES NACIONAL | G106: =SUM(G54:G99)-G60-G77+G104 -> 3609.9004 | H106: =G106/G$42 -> 2.8650003
A108: 2. Veículos
A109: 2.1 Depreciação
A110: Discriminação | C110: Unidade | D110: Quantidade | E110: Custo unitário | F110: Subtotal | G110: Total (R$) | H110: R$/Km
A111: Custo de aquisição do veículo | C111: unidade | D111: 1 | E111: =G36 -> 498889 | F111: =D111*E111 -> 498889
A112: Vida útil do veícuo | C112: anos | D112: =C36 -> 10
A113: Depreciação do veículo | C113: % | D113: ='lote 3.1'!D113 -> 65.18 | E113: =F111 -> 498889 | F113: =D113*E113/100 -> 325175.85
...

Sheet  lote 2.1
A1: PLANILHA DE COMPOSIÇÃO DE CUSTOS E FORMAÇÃO DE PREÇO
A2: GRUPO A - Identificação
A3: Nº do processo: | B3: =' lote 1.1'!B3 -> 3827-2026 | C3: Nº Licitação: | F3: Data:
A4: Trajeto | B4: 2 | C4: Item: | D4: 1 | E4: Serviço de Transporte Escolar
A6: GRUPO B - Orçamento Sintético
A7: Formas de Tributação | C7: LUCRO REAL | E7: LUCRO PRESUMIDO | G7: SIMPLES NAC.
A8: Descrição do Item | C8: Custo (R$/mês) | D8: AV % | E8: Custo (R$/mês) | F8: AV % | G8: Custo (R$/mês) | H8: AV %
A9: =A51 -> 1. Mão-de-obra | C9: =+G105 -> 5496.1128 | D9: =IFERROR(C9/$C$26,0) -> 0.24740762 | E9: =G105 -> 5496.1128 | F9: =IFERROR(E9/$E$26,0) -> 0.26301907 | G9: =G106 -> 4610.2342 | H9: =IFERROR(G9/$G$26,0) -> 0.22394561
A10: 1.1. Monitor | C10: =G60 -> 1755.9792 | D10: =IFERROR(C10/$C$26,0) -> 0.079045435 | E10: =C10 -> 1755.9792 | F10: =IFERROR(E10/$E$26,0) -> 0.084033213 | G10: =G67 -> 1387.0149 | H10: =IFERROR(G10/$G$26,0) -> 0.067375295
A11: 1.2. Motorista | C11: =G77 -> 2423.8786 | D11: =IFERROR(C11/$C$26,0) -> 0.10911094 | E11: =C11 -> 2423.8786 | F11: =IFERROR(E11/$E$26,0) -> 0.11599585 | G11: =G84 -> 1906.9643 | H11: =IFERROR(G11/$G$26,0) -> 0.092632233
A12: =A86 -> 1.3. Vale Transporte | C12: =G92 -> 177.35727 | D12: =IFERROR(C12/$C$26,0) -> 0.0079837408 | E12: =C12 -> 177.35727 | F12: =IFERROR(E12/$E$26,0) -> 0.008487516 | G12: =E12 -> 177.35727 | H12: =IFERROR(G12/$G$26,0) -> 0.0086152634
A13: =A94 -> 1.4. Vale-refeição (diário) | C13: =G98 -> 1108.1818 | D13: =IFERROR(C13/$C$26,0) -> 0.049884825 | E13: =C13 -> 1108.1818 | F13: =IFERROR(E13/$E$26,0) -> 0.053032564 | G13: =E13 -> 1108.1818 | H13: =IFERROR(G13/$G$26,0) -> 0.053830768
A14: 1.5 seguro de vida em grupo | C14: =G104 -> 30.715909 | D14: =IFERROR(C14/$C$26,0) -> 0.0013826772 | E14: =C14 -> 30.715909 | F14: =IFERROR(E14/$E$26,0) -> 0.0014699243 | G14: =E14 -> 30.715909 | H14: =IFERROR(G14/$G$26,0) -> 0.0014920485
A15: =A108 -> 2. Veículos | C15: =+G171 -> 11278.264 | D15: =IFERROR(C15/$C$26,0) -> 0.50769124 | E15: =C15 -> 11278.264 | F15: =IFERROR(E15/$E$26,0) -> 0.53972662 | G15: =E15 -> 11278.264 | H15: =IFERROR(G15/$G$26,0) -> 0.54785017
A16: =A109 -> 2.1 Depreciação | C16: =G116 -> 1632.0379 | D16: =IFERROR(C16/$C$26,0) -> 0.073466215 | E16: =C16 -> 1632.0379 | F16: =IFERROR(E16/$E$26,0) -> 0.078101943 | G16: =E16 -> 1632.0379 | H16: =IFERROR(G16/$G$26,0) -> 0.079277472
A17: =A117 -> 2.2 Remuneração do Capital | C17: =G127 -> 2609.978 | D17: =IFERROR(C17/$C$26,0) -> 0.11748821 | E17: =C17 -> 2609.978 | F17: =IFERROR(E17/$E$26,0) -> 0.12490173 | G17: =E17 -> 2609.978 | H17: =IFERROR(G17/$G$26,0) -> 0.12678165
A18: =A129 -> 2.3. Impostos e Seguros | C18: =G139 -> 768.4075 | D18: =IFERROR(C18/$C$26,0) -> 0.034589877 | E18: =C18 -> 768.4075 | F18: =IFERROR(E18/$E$26,0) -> 0.036772503 | G18: =E18 -> 768.4075 | H18: =IFERROR(G18/$G$26,0) -> 0.037325974
A19: =A140 -> 2.4. Consumos | C19: =G154 -> 2677.3255 | D19: =IFERROR(C19/$C$26,0) -> 0.12051986 | E19: =C19 -> 2677.3255 | F19: =IFERROR(E19/$E$26,0) -> 0.12812467 | G19: =E19 -> 2677.3255 | H19: =IFERROR(G19/$G$26,0) -> 0.13005311
A20: =A156 -> 2.5. Manutenção | C20: =G161 -> 3130.3 | D20: =IFERROR(C20/$C$26,0) -> 0.14091051 | E20: =C20 -> 3130.3 | F20: =IFERROR(E20/$E$26,0) -> 0.14980198 | G20: =E20 -> 3130.3 | H20: =IFERROR(G20/$G$26,0) -> 0.15205669
A21: =A163 -> 2.6. Pneus | C21: =G169 -> 460.21467 | D21: =IFERROR(C21/$C$26,0) -> 0.020716572 | E21: =C21 -> 460.21467 | F21: =IFERROR(E21/$E$26,0) -> 0.02202379 | G21: =E21 -> 460.21467 | H21: =IFERROR(G21/$G$26,0) -> 0.022355275
A22: =A173 -> 3. Ferramentas e Materiais de Consumo | C22: =+G183 -> 86.958333 | D22: =IFERROR(C22/$C$26,0) -> 0.0039144309 | E22: =C22 -> 86.958333 | F22: =IFERROR(E22/$E$26,0) -> 0.0041614321 | G22: =E22 -> 86.958333 | H22: =IFERROR(G22/$G$26,0) -> 0.0042240667
A23: =A188 -> 4. Benefícios e Desp. Ind. - BDI - LUCRO REAL | C23: =+G194 -> 5353.4737 | D23: =IFERROR(C23/$C$26,0) -> 0.24098672
A24: =A202 -> 5. Benefícios e Desp. Ind. - BDI - LUCRO PRESUMIDO | E24: =G208 -> 4034.9174 | F24: =IFERROR(E24/$E$26,0) -> 0.19309288
A25: =A216 -> 6. Benef. Desp. Ind. + Impostos - SIMPLES NACIONAL | G25: =G220+G233 -> 4610.9455 | H25: =IFERROR(G25/$G$26,0) -> 0.22398016
A26: PREÇO TOTAL MÊS (R$/Mês) | C26: =C9+C15+C22+C23 -> 22214.808 | D26: =D9+D15+D22+D23 -> 1 | E26: =E9+E15+E22+E24 -> 20896.252 | F26: =F9+F15+F22+F24 -> 1 | G26: =G9+G15+G22+G25 -> 20586.402 | H26: =H9+H15+H22+H25 -> 1
A27: PREÇO POR QUILOMETRO (R$/Km) | C27: =G200 -> 12.915586 | E27: =G214 -> 12.148984 | G27: =G239 -> 11.968838
A29: GRUPO C - Informações sobre
A30: C1- Mão-de-obra | F30: Quantidade | G30: R$ / mês
A31: Motorista | F31: 1 | G31: ='lote 3.1'!G31 -> 2271
A32: Monitor | F32: 1 | G32: ='lote 3.1'!G32 -> 1621
A33: Total de mão-de-obra (postos de trabalho) | F33: =SUM(F31:F32) -> 2
A35: C2- Veículos | C35: Vida útil do Veículo | D35: Taxade depreciação | E35: Capacidade (Lugares) | F35: Quantidade | G35: Valor (R$)
A36: Dados do veículo e descrição do veículo | C36: 10 | D36: =1/C36 -> 0.1 | E36: 28 | F36: 1 | G36: 498889
A37: micrônibus Volare ATT 8 longo fretamento com 31 lugares - ano 2025 - pneu 215 x 75 aro 17,5 | D37: tipo de combustível | E37: óleo diesel BS 10
A38: Consumo médio (Km / litro) e Valor do litro (R$) | F38: 5.5 | G38: 7.32
A39: Velocidade média em função do pavimento (Km/h) | F39: 20
A41: C3- Distâncias | C41: Unidade | E41: Km por dia | F41: Horas p/Dia | G41: Km por mês
A42: Distância percorrida | C42: Km | E42: 86 | F42: =(E42/F39)+C48 -> 5.3 | G42: =E42*E43 -> 1720 | I42: =26+33+20+7 -> 86
A43: Média de dias letivos por mês | C43: Dias | E43: 20 | I43: =I42*203 -> 17458
A45: C4- Fatores | C45: % | D45: Aplicação
A46: Fator de utilização (FU) | C46: =F42/8.8 -> 0.60227273 | D46: Equipe e veículos
A47: Fator de Majoração pelo "Tipo de via" | C47: 0.15 | D47: Conforme tipo de via
A48: Fator de Majoração por "Tempo p/Higienização" | C48: 1 | D48: Horas por dia para higienização do veículo.
A50: CÁLCULOS (itenização numérica)
A51: 1. Mão-de-obra
A52: 1.1. Monitor - EMPRESA LUCRO REAL E PRESUMIDO
A53: Discriminação | C53: Unidade | D53: Quantidade | E53: Custo unitário | F53: Subtotal | G53: Total (R$) | H53: R$/Km
A54: Piso da categoria | C54: mês | D54: 1 | E54: =G32 -> 1621 | F54: =D54*E54 -> 1621
A55: Soma | F55: =SUM(F54:F54) -> 1621
A56: Encargos Sociais | C56: % | D56: ='Enc. Soc. - LR-LP e SN'!C$28*100 -> 70.61 | E56: =F55 -> 1621 | F56: =E56*D56/100 -> 1144.5881
A57: Prêmio de Assiduidade ( verba indenizatória) | D57: 1 | E57: 150 | F57: =E57 -> 150
A58: Total por Monitor | F58: =F55+F56+F57 -> 2915.5881
A59: Total do Efetivo | C59: homem | D59: =F32 -> 1 | E59: =F58 -> 2915.5881 | F59: =D59*E59 -> 2915.5881
E60: Fator de utilização | F60: =$C$46 -> 0.60227273 | G60: =F59*F60 -> 1755.9792 | H60: =G60/G$42 -> 1.0209181
A62: 1.1.1- Monitor - EMPRESA SIMPLES NACIONAL
A63: Encargos Sociais | C63: % | D63: ='Enc. Soc. - LR-LP e SN'!C$38*100 -> 32.81728 | E63: =F55 -> 1621 | F63: =E63*D63/100 -> 531.96811
A64: =A57 -> Prêmio de Assiduidade ( verba indenizatória) | D64: 1 | E64: 150 | F64: =E64 -> 150
A65: Total por Monitor | F65: =E63+F63+F64 -> 2302.9681
A66: Total do Efetivo | C66: homem | D66: =D59 -> 1 | E66: =F65 -> 2302.9681 | F66: =D66*E66 -> 2302.9681
E67: Fator de utilização | F67: =$C$46 -> 0.60227273 | G67: =F66*F67 -> 1387.0149 | H67: =G67/G$42 -> 0.806404
A69: 1.2. Motorista - EMPRESA LUCRO REAL E PRESUMIDO
A70: Discriminação | C70: Unidade | D70: Quantidade | E70: Custo unitário | F70: Subtotal | G70: Total (R$) | H70: R$/Km
A71: Piso da categoria | C71: mês | D71: 1 | E71: =G31 -> 2271 | F71: =D71*E71 -> 2271
A72: Soma | F72: =SUM(F71:F71) -> 2271
A73: Encargos Sociais | C73: % | D73: ='Enc. Soc. - LR-LP e SN'!C$28*100 -> 70.61 | E73: =F72 -> 2271 | F73: =E73*D73/100 -> 1603.5531
A74: =A64 -> Prêmio de Assiduidade ( verba indenizatória) | D74: 1 | E74: 150 | F74: =E74 -> 150
A75: Total por Motorista | F75: =F72+F73+F74 -> 4024.5531
A76: Total do Efetivo | C76: homem | D76: 1 | E76: =F75 -> 4024.5531 | F76: =D76*E76 -> 4024.5531
E77: Fator de utilização | F77: =$C$46 -> 0.60227273 | G77: =F76*F77 -> 2423.8786 | H77: =G77/G$42 -> 1.4092317
A79: 1.2.1- Motorista - EMPRESA SIMPLES NACIONAL
A80: Encargos Sociais | C80: % | D80: ='Enc. Soc. - LR-LP e SN'!C$38*100 -> 32.81728 | E80: =F72 -> 2271 | F80: =E80*D80/100 -> 745.28043
A81: =A74 -> Prêmio de Assiduidade ( verba indenizatória) | D81: 1 | E81: 150 | F81: =E81 -> 150
A82: Total por Motorista | F82: =E80+F80+F81 -> 3166.2804
A83: Total do Efetivo | C83: homem | D83: =D76 -> 1 | E83: =F82 -> 3166.2804 | F83: =D83*E83 -> 3166.2804
E84: Fator de utilização | F84: =$C$46 -> 0.60227273 | G84: =F83*F84 -> 1906.9643 | H84: =G84/G$42 -> 1.1087002
A86: 1.3. Vale Transporte
A87: Discriminação | C87: Unidade | D87: Quantidade | E87: Custo unitário | F87: Subtotal | G87: Total (R$) | H87: R$/Km
A88: Vale Transporte | C88: R$ | D88: 1 | E88: ='lote 3.1'!E88 -> 6.6
A89: Dias Trabalhados por mês | C89: dia | D89: =E43 -> 20
A90: Monitor (Valor líquido, descontado 6,00% s/piso sal.) | C90: vale | D90: =$D$89*2*(F32) -> 40 | E90: =IF(E88=0,"",IFERROR((($D$89*2*$E$88)-(F54*0.06*D89/20))/($D$89*2),"-")) -> 4.1685 | F90: =IFERROR(D90*E90,"-") -> 166.74
A91: Motorista (Vlr líq. desc. 6,% s/piso sal.) | C91: vale | D91: =$D$89*2*(F31) -> 40 | E91: =IF(E88=0,"",IFERROR((($D$89*2*$E$88)-(F71*0.06*D89/20))/($D$89*2),"-")) -> 3.1935 | F91: =IFERROR(D91*E91,"-") -> 127.74
E92: Fator de utilização | F92: =$C$46 -> 0.60227273 | G92: =SUM(F88:F91)*F92 -> 177.35727 | H92: =G92/G$42 -> 0.10311469
A94: 1.4. Vale-refeição (diário)
A95: Discriminação | C95: Unidade | D95: Quantidade | E95: Custo unitário | F95: Subtotal | G95: Total (R$) | H95: R$/Km
A96: Monitor | C96: unidade | D96: =D89*(F32) -> 20 | E96: ='lote 3.1'!E96 -> 46 | F96: =D96*E96 -> 920
A97: Motorista | C97: unidade | D97: =D89*(F31) -> 20 | E97: =E96 -> 46 | F97: =D97*E97 -> 920
E98: Fator de utilização | F98: =$C$46 -> 0.60227273 | G98: =SUM(F96:F97)*F98 -> 1108.1818 | H98: =G98/G$42 -> 0.64429175
A100: 1.5. Seguro de Vida em grupo
A101: Discriminação | C101: Unidade | D101: Quantidade | E101: Custo unitário | F101: Subtotal | G101: Total (R$) | H101: R$/Km
A102: Monitor | C102: unidade | D102: mensal | E102: ='lote 3.1'!E102 -> 25.5 | F102: =E102 -> 25.5
A103: Motorista | C103: unidade | D103: mensal | E103: =E102 -> 25.5 | F103: =E103 -> 25.5
E104: Fator de utilização | F104: =$C$46 -> 0.60227273 | G104: =SUM(F102:F103)*F104 -> 30.715909 | H104: =G104/G$42 -> 0.017858087
A105: Custo Mensal com Mão-de-obra (R$/mês) - LUCRO REAL E PRESUMIDO | G105: =SUM(G54:G99)-G67-G84+G104 -> 5496.1128 | H105: =G105/G$42 -> 3.1954144
A106: Custo Mensal com Mão-de-obra (R$/mês) - SIMPLES NACIONAL | G106: =SUM(G54:G99)-G60-G77+G104 -> 4610.2342 | H106: =G106/G$42 -> 2.6803687
A108: 2. Veículos
A109: 2.1 Depreciação
A110: Discriminação | C110: Unidade | D110: Quantidade | E110: Custo unitário | F110: Subtotal | G110: Total (R$) | H110: R$/Km
A111: Custo de aquisição do veículo | C111: unidade | D111: 1 | E111: =G36 -> 498889 | F111: =D111*E111 -> 498889
A112: Vida útil do veícuo | C112: anos | D112: =C36 -> 10
A113: Depreciação do veículo | C113: % | D113: ='lote 3.1'!D113 -> 65.18 | E113: =F111 -> 498889 | F113: =D113*E113/100 -> 325175.85
...

Sheet  lote 2.2
A1: PLANILHA DE COMPOSIÇÃO DE CUSTOS E FORMAÇÃO DE PREÇO
A2: GRUPO A - Identificação
A3: Nº do processo: | B3: =' lote 2.1'!B3 -> 3827-2026 | C3: Nº Licitação: | F3: Data:
A4: Trajeto | B4: 2 | C4: Item: | D4: 2 | E4: Serviço de Transporte Escolar
A6: GRUPO B - Orçamento Sintético
A7: Formas de Tributação | C7: LUCRO REAL | E7: LUCRO PRESUMIDO | G7: SIMPLES NAC.
A8: Descrição do Item | C8: Custo (R$/mês) | D8: AV % | E8: Custo (R$/mês) | F8: AV % | G8: Custo (R$/mês) | H8: AV %
A9: =A51 -> 1. Mão-de-obra | C9: =+G105 -> 4381.3352 | D9: =IFERROR(C9/$C$26,0) -> 0.28609345 | E9: =G105 -> 4381.3352 | F9: =IFERROR(E9/$E$26,0) -> 0.30414599 | G9: =G106 -> 3675.1396 | H9: =IFERROR(G9/$G$26,0) -> 0.26122787
A10: 1.1. Monitor | C10: =G60 -> 1399.8136 | D10: =IFERROR(C10/$C$26,0) -> 0.091405357 | E10: =C10 -> 1399.8136 | F10: =IFERROR(E10/$E$26,0) -> 0.097173048 | G10: =G67 -> 1105.6864 | H10: =IFERROR(G10/$G$26,0) -> 0.078591874
A11: 1.2. Motorista | C11: =G77 -> 1932.2428 | D11: =IFERROR(C11/$C$26,0) -> 0.12617205 | E11: =C11 -> 1932.2428 | F11: =IFERROR(E11/$E$26,0) -> 0.13413352 | G11: =G84 -> 1520.1744 | H11: =IFERROR(G11/$G$26,0) -> 0.10805356
A12: =A86 -> 1.3. Vale Transporte | C12: =G92 -> 141.38386 | D12: =IFERROR(C12/$C$26,0) -> 0.0092321167 | E12: =C12 -> 141.38386 | F12: =IFERROR(E12/$E$26,0) -> 0.0098146645 | G12: =E12 -> 141.38386 | H12: =IFERROR(G12/$G$26,0) -> 0.010049525
A13: =A94 -> 1.4. Vale-refeição (diário) | C13: =G98 -> 883.40909 | D13: =IFERROR(C13/$C$26,0) -> 0.057685054 | E13: =C13 -> 883.40909 | F13: =IFERROR(E13/$E$26,0) -> 0.061324989 | G13: =E13 -> 883.40909 | H13: =IFERROR(G13/$G$26,0) -> 0.062792466
A14: 1.5 seguro de vida em grupo | C14: =G104 -> 24.485795 | D14: =IFERROR(C14/$C$26,0) -> 0.0015988792 | E14: =C14 -> 24.485795 | F14: =IFERROR(E14/$E$26,0) -> 0.0016997687 | G14: =E14 -> 24.485795 | H14: =IFERROR(G14/$G$26,0) -> 0.0017404434
A15: =A108 -> 2. Veículos | C15: =+G171 -> 7155.5013 | D15: =IFERROR(C15/$C$26,0) -> 0.4672416 | E15: =C15 -> 7155.5013 | F15: =IFERROR(E15/$E$26,0) -> 0.49672461 | G15: =E15 -> 7155.5013 | H15: =IFERROR(G15/$G$26,0) -> 0.508611
A16: =A109 -> 2.1 Depreciação | C16: =G116 -> 704.33493 | D16: =IFERROR(C16/$C$26,0) -> 0.045991827 | E16: =C16 -> 704.33493 | F16: =IFERROR(E16/$E$26,0) -> 0.048893918 | G16: =E16 -> 704.33493 | H16: =IFERROR(G16/$G$26,0) -> 0.050063926
A17: =A117 -> 2.2 Remuneração do Capital | C17: =G127 -> 1126.3823 | D17: =IFERROR(C17/$C$26,0) -> 0.073550779 | E17: =C17 -> 1126.3823 | F17: =IFERROR(E17/$E$26,0) -> 0.078191843 | G17: =E17 -> 1126.3823 | H17: =IFERROR(G17/$G$26,0) -> 0.080062936
A18: =A129 -> 2.3. Impostos e Seguros | C18: =G139 -> 577.73833 | D18: =IFERROR(C18/$C$26,0) -> 0.037725293 | E18: =C18 -> 577.73833 | F18: =IFERROR(E18/$E$26,0) -> 0.040105764 | G18: =E18 -> 577.73833 | H18: =IFERROR(G18/$G$26,0) -> 0.041065476
A19: =A140 -> 2.4. Consumos | C19: =G154 -> 2007.9941 | D19: =IFERROR(C19/$C$26,0) -> 0.13111847 | E19: =C19 -> 2007.9941 | F19: =IFERROR(E19/$E$26,0) -> 0.13939206 | G19: =E19 -> 2007.9941 | H19: =IFERROR(G19/$G$26,0) -> 0.14272765
A20: =A156 -> 2.5. Manutenção | C20: =G161 -> 2462.725 | D20: =IFERROR(C20/$C$26,0) -> 0.16081159 | E20: =C20 -> 2462.725 | F20: =IFERROR(E20/$E$26,0) -> 0.17095883 | G20: =E20 -> 2462.725 | H20: =IFERROR(G20/$G$26,0) -> 0.17504979
A21: =A163 -> 2.6. Pneus | C21: =G169 -> 276.3266 | D21: =IFERROR(C21/$C$26,0) -> 0.018043639 | E21: =C21 -> 276.3266 | F21: =IFERROR(E21/$E$26,0) -> 0.019182195 | G21: =E21 -> 276.3266 | H21: =IFERROR(G21/$G$26,0) -> 0.019641216
A22: =A173 -> 3. Ferramentas e Materiais de Consumo | C22: =+G183 -> 86.958333 | D22: =IFERROR(C22/$C$26,0) -> 0.0056782257 | E22: =C22 -> 86.958333 | F22: =IFERROR(E22/$E$26,0) -> 0.0060365225 | G22: =E22 -> 86.958333 | H22: =IFERROR(G22/$G$26,0) -> 0.0061809736
A23: =A188 -> 4. Benefícios e Desp. Ind. - BDI - LUCRO REAL | C23: =+G194 -> 3690.5549 | D23: =IFERROR(C23/$C$26,0) -> 0.24098672
A24: =A202 -> 5. Benefícios e Desp. Ind. - BDI - LUCRO PRESUMIDO | E24: =G208 -> 2781.5741 | F24: =IFERROR(E24/$E$26,0) -> 0.19309288
A25: =A216 -> 6. Benef. Desp. Ind. + Impostos - SIMPLES NACIONAL | G25: =G220+G233 -> 3151.1122 | H25: =IFERROR(G25/$G$26,0) -> 0.22398016
A26: PREÇO TOTAL MÊS (R$/Mês) | C26: =C9+C15+C22+C23 -> 15314.35 | D26: =D9+D15+D22+D23 -> 1 | E26: =E9+E15+E22+E24 -> 14405.369 | F26: =F9+F15+F22+F24 -> 1 | G26: =G9+G15+G22+G25 -> 14068.711 | H26: =H9+H15+H22+H25 -> 1
A27: PREÇO POR QUILOMETRO (R$/Km) | C27: =G200 -> 11.871589 | E27: =G214 -> 11.166953 | G27: =G239 -> 10.905978
A29: GRUPO C - Informações sobre
A30: C1- Mão-de-obra | F30: Quantidade | G30: R$ / mês
A31: Motorista | F31: 1 | G31: ='lote 3.1'!G31 -> 2271
A32: Monitor | F32: 1 | G32: ='lote 3.1'!G32 -> 1621
A33: Total de mão-de-obra (postos de trabalho) | F33: =SUM(F31:F32) -> 2
A35: C2- Veículos | C35: Vida útil do Veículo | D35: Taxade depreciação | E35: Capacidade (Lugares) | F35: Quantidade | G35: Valor (R$)
A36: Dados do veículo e descrição do veículo | C36: 10 | D36: =1/C36 -> 0.1 | E36: 16 | F36: 1 | G36: 270086
A37: Sprinter Van Mercedez Benz - 517 E.L.T.B 16 lugares , ano 2026, pneus 225 x 75 aro 16 | D37: tipo de combustível | E37: óleo diesel BS 10
A38: Consumo médio (Km / litro) e Valor do litro (R$) | F38: 5.5 | G38: =' lote 1.1'!G38 -> 7.32
A39: Velocidade média em função do pavimento (Km/h) | F39: 20
A41: C3- Distâncias | C41: Unidade | E41: Km por dia | F41: Horas p/Dia | G41: Km por mês
A42: Distância percorrida | C42: Km | E42: 64.5 | F42: =(E42/F39)+C48 -> 4.225 | G42: =E42*E43 -> 1290 | I42: 64.5 | J42: aumentado de 59,50 para 64,50 em 17-04-2026
A43: Média de dias letivos por mês | C43: Dias | E43: 20 | I43: =I42*203 -> 13093.5
A45: C4- Fatores | C45: % | D45: Aplicação
A46: Fator de utilização (FU) | C46: =F42/8.8 -> 0.48011364 | D46: Equipe e veículos
A47: Fator de Majoração pelo "Tipo de via" | C47: 0.15 | D47: Conforme tipo de via
A48: Fator de Majoração por "Tempo p/Higienização" | C48: 1 | D48: Horas por dia para higienização do veículo.
A50: CÁLCULOS (itenização numérica)
A51: 1. Mão-de-obra
A52: 1.1. Monitor - EMPRESA LUCRO REAL E PRESUMIDO
A53: Discriminação | C53: Unidade | D53: Quantidade | E53: Custo unitário | F53: Subtotal | G53: Total (R$) | H53: R$/Km
A54: Piso da categoria | C54: mês | D54: 1 | E54: =G32 -> 1621 | F54: =D54*E54 -> 1621
A55: Soma | F55: =SUM(F54:F54) -> 1621
A56: Encargos Sociais | C56: % | D56: ='Enc. Soc. - LR-LP e SN'!C$28*100 -> 70.61 | E56: =F55 -> 1621 | F56: =E56*D56/100 -> 1144.5881
A57: Prêmio de Assiduidade ( verba indenizatória) | D57: 1 | E57: 150 | F57: =E57 -> 150
A58: Total por Monitor | F58: =F55+F56+F57 -> 2915.5881
A59: Total do Efetivo | C59: homem | D59: =F32 -> 1 | E59: =F58 -> 2915.5881 | F59: =D59*E59 -> 2915.5881
E60: Fator de utilização | F60: =$C$46 -> 0.48011364 | G60: =F59*F60 -> 1399.8136 | H60: =G60/G$42 -> 1.0851268
A62: 1.1.1- Monitor - EMPRESA SIMPLES NACIONAL
A63: Encargos Sociais | C63: % | D63: ='Enc. Soc. - LR-LP e SN'!C$38*100 -> 32.81728 | E63: =F55 -> 1621 | F63: =E63*D63/100 -> 531.96811
A64: =A57 -> Prêmio de Assiduidade ( verba indenizatória) | D64: 1 | E64: 150 | F64: =E64 -> 150
A65: Total por Monitor | F65: =E63+F63+F64 -> 2302.9681
A66: Total do Efetivo | C66: homem | D66: =D59 -> 1 | E66: =F65 -> 2302.9681 | F66: =D66*E66 -> 2302.9681
E67: Fator de utilização | F67: =$C$46 -> 0.48011364 | G67: =F66*F67 -> 1105.6864 | H67: =G67/G$42 -> 0.85712123
A69: 1.2. Motorista - EMPRESA LUCRO REAL E PRESUMIDO
A70: Discriminação | C70: Unidade | D70: Quantidade | E70: Custo unitário | F70: Subtotal | G70: Total (R$) | H70: R$/Km
A71: Piso da categoria | C71: mês | D71: 1 | E71: =G31 -> 2271 | F71: =D71*E71 -> 2271
A72: Soma | F72: =SUM(F71:F71) -> 2271
A73: Encargos Sociais | C73: % | D73: ='Enc. Soc. - LR-LP e SN'!C$28*100 -> 70.61 | E73: =F72 -> 2271 | F73: =E73*D73/100 -> 1603.5531
A74: =A64 -> Prêmio de Assiduidade ( verba indenizatória) | D74: 1 | E74: 150 | F74: =E74 -> 150
A75: Total por Motorista | F75: =F72+F73+F74 -> 4024.5531
A76: Total do Efetivo | C76: homem | D76: 1 | E76: =F75 -> 4024.5531 | F76: =D76*E76 -> 4024.5531
E77: Fator de utilização | F77: =$C$46 -> 0.48011364 | G77: =F76*F77 -> 1932.2428 | H77: =G77/G$42 -> 1.4978627
A79: 1.2.1- Motorista - EMPRESA SIMPLES NACIONAL
A80: Encargos Sociais | C80: % | D80: ='Enc. Soc. - LR-LP e SN'!C$38*100 -> 32.81728 | E80: =F72 -> 2271 | F80: =E80*D80/100 -> 745.28043
A81: =A74 -> Prêmio de Assiduidade ( verba indenizatória) | D81: 1 | E81: 150 | F81: =E81 -> 150
A82: Total por Motorista | F82: =E80+F80+F81 -> 3166.2804
A83: Total do Efetivo | C83: homem | D83: =D76 -> 1 | E83: =F82 -> 3166.2804 | F83: =D83*E83 -> 3166.2804
E84: Fator de utilização | F84: =$C$46 -> 0.48011364 | G84: =F83*F84 -> 1520.1744 | H84: =G84/G$42 -> 1.1784298
A86: 1.3. Vale Transporte
A87: Discriminação | C87: Unidade | D87: Quantidade | E87: Custo unitário | F87: Subtotal | G87: Total (R$) | H87: R$/Km
A88: Vale Transporte | C88: R$ | D88: 1 | E88: ='lote 3.1'!E88 -> 6.6
A89: Dias Trabalhados por mês | C89: dia | D89: =E43 -> 20
A90: Monitor (Valor líquido, descontado 6,00% s/piso sal.) | C90: vale | D90: =$D$89*2*(F32) -> 40 | E90: =IF(E88=0,"",IFERROR((($D$89*2*$E$88)-(F54*0.06*D89/20))/($D$89*2),"-")) -> 4.1685 | F90: =IFERROR(D90*E90,"-") -> 166.74
A91: Motorista (Vlr líq. desc. 6,% s/piso sal.) | C91: vale | D91: =$D$89*2*(F31) -> 40 | E91: =IF(E88=0,"",IFERROR((($D$89*2*$E$88)-(F71*0.06*D89/20))/($D$89*2),"-")) -> 3.1935 | F91: =IFERROR(D91*E91,"-") -> 127.74
E92: Fator de utilização | F92: =$C$46 -> 0.48011364 | G92: =SUM(F88:F91)*F92 -> 141.38386 | H92: =G92/G$42 -> 0.10959989
A94: 1.4. Vale-refeição (diário)
A95: Discriminação | C95: Unidade | D95: Quantidade | E95: Custo unitário | F95: Subtotal | G95: Total (R$) | H95: R$/Km
A96: Monitor | C96: unidade | D96: =D89*(F32) -> 20 | E96: ='lote 3.1'!E96 -> 46 | F96: =D96*E96 -> 920
A97: Motorista | C97: unidade | D97: =D89*(F31) -> 20 | E97: =E96 -> 46 | F97: =D97*E97 -> 920
E98: Fator de utilização | F98: =$C$46 -> 0.48011364 | G98: =SUM(F96:F97)*F98 -> 883.40909 | H98: =G98/G$42 -> 0.68481325
A100: 1.5. Seguro de Vida em grupo
A101: Discriminação | C101: Unidade | D101: Quantidade | E101: Custo unitário | F101: Subtotal | G101: Total (R$) | H101: R$/Km
A102: Monitor | C102: unidade | D102: mensal | E102: ='lote 3.1'!E102 -> 25.5 | F102: =E102 -> 25.5
A103: Motorista | C103: unidade | D103: mensal | E103: =E102 -> 25.5 | F103: =E103 -> 25.5
E104: Fator de utilização | F104: =$C$46 -> 0.48011364 | G104: =SUM(F102:F103)*F104 -> 24.485795 | H104: =G104/G$42 -> 0.018981237
A105: Custo Mensal com Mão-de-obra (R$/mês) - LUCRO REAL E PRESUMIDO | G105: =SUM(G54:G99)-G67-G84+G104 -> 4381.3352 | H105: =G105/G$42 -> 3.3963839
A106: Custo Mensal com Mão-de-obra (R$/mês) - SIMPLES NACIONAL | G106: =SUM(G54:G99)-G60-G77+G104 -> 3675.1396 | H106: =G106/G$42 -> 2.8489454
A108: 2. Veículos
A109: 2.1 Depreciação
A110: Discriminação | C110: Unidade | D110: Quantidade | E110: Custo unitário | F110: Subtotal | G110: Total (R$) | H110: R$/Km
A111: Custo de aquisição do veículo | C111: unidade | D111: 1 | E111: =G36 -> 270086 | F111: =D111*E111 -> 270086
A112: Vida útil do veícuo | C112: anos | D112: =C36 -> 10
A113: Depreciação do veículo | C113: % | D113: ='lote 3.1'!D113 -> 65.18 | E113: =F111 -> 270086 | F113: =D113*E113/100 -> 176042.05
...

Sheet lote 3.1
A1: PLANILHA DE COMPOSIÇÃO DE CUSTOS E FORMAÇÃO DE PREÇO
A2: GRUPO A - Identificação
A3: Nº do processo: | B3: =' lote 2.2'!B3 -> 3827-2026 | C3: Nº Licitação: | F3: Data:
A4: Trajeto | B4: 3 | C4: Item: | D4: 1 | E4: Serviço de Transporte Escolar
A6: GRUPO B - Orçamento Sintético
A7: Formas de Tributação | C7: LUCRO REAL | E7: LUCRO PRESUMIDO | G7: SIMPLES NAC.
A8: Descrição do Item | C8: Custo (R$/mês) | D8: AV % | E8: Custo (R$/mês) | F8: AV % | G8: Custo (R$/mês) | H8: AV %
A9: =A51 -> 1. Mão-de-obra | C9: =+G105 -> 5185.012 | D9: =IFERROR(C9/$C$26,0) -> 0.28531496 | E9: =G105 -> 5185.012 | F9: =IFERROR(E9/$E$26,0) -> 0.30331837 | G9: =G106 -> 4349.2776 | H9: =IFERROR(G9/$G$26,0) -> 0.25797384
A10: 1.1. Monitor | C10: =G60 -> 1656.5841 | D10: =IFERROR(C10/$C$26,0) -> 0.091156632 | E10: =C10 -> 1656.5841 | F10: =IFERROR(E10/$E$26,0) -> 0.096908628 | G10: =G67 -> 1308.5046 | H10: =IFERROR(G10/$G$26,0) -> 0.077612879
A11: 1.2. Motorista | C11: =G77 -> 2286.6779 | D11: =IFERROR(C11/$C$26,0) -> 0.12582872 | E11: =C11 -> 2286.6779 | F11: =IFERROR(E11/$E$26,0) -> 0.13376852 | G11: =G84 -> 1799.023 | H11: =IFERROR(G11/$G$26,0) -> 0.10670757
A12: =A86 -> 1.3. Vale Transporte | C12: =G92 -> 167.31818 | D12: =IFERROR(C12/$C$26,0) -> 0.009206995 | E12: =C12 -> 167.31818 | F12: =IFERROR(E12/$E$26,0) -> 0.0097879576 | G12: =E12 -> 167.31818 | H12: =IFERROR(G12/$G$26,0) -> 0.009924341
A13: =A94 -> 1.4. Vale-refeição (diário) | C13: =G98 -> 1045.4545 | D13: =IFERROR(C13/$C$26,0) -> 0.057528086 | E13: =C13 -> 1045.4545 | F13: =IFERROR(E13/$E$26,0) -> 0.061158116 | G13: =E13 -> 1045.4545 | H13: =IFERROR(G13/$G$26,0) -> 0.06201028
A14: 1.5 Seguro de Vida em grupo | C14: =G104 -> 28.977273 | D14: =IFERROR(C14/$C$26,0) -> 0.0015945285 | E14: =C14 -> 28.977273 | F14: =IFERROR(E14/$E$26,0) -> 0.0016951434 | G14: =E14 -> 28.977273 | H14: =IFERROR(G14/$G$26,0) -> 0.0017187632
A15: =A108 -> 2. Veículos | C15: =+G171 -> 8521.5337 | D15: =IFERROR(C15/$C$26,0) -> 0.46891328 | E15: =C15 -> 8521.5337 | F15: =IFERROR(E15/$E$26,0) -> 0.49850177 | G15: =E15 -> 8521.5337 | H15: =IFERROR(G15/$G$26,0) -> 0.50544779
A16: =A109 -> 2.1 Depreciação | C16: =G116 -> 833.53246 | D16: =IFERROR(C16/$C$26,0) -> 0.045866678 | E16: =C16 -> 833.53246 | F16: =IFERROR(E16/$E$26,0) -> 0.048760872 | G16: =E16 -> 833.53246 | H16: =IFERROR(G16/$G$26,0) -> 0.049440295
A17: =A117 -> 2.2 Remuneração do Capital | C17: =G127 -> 1332.9969 | D17: =IFERROR(C17/$C$26,0) -> 0.073350638 | E17: =C17 -> 1332.9969 | F17: =IFERROR(E17/$E$26,0) -> 0.077979073 | G17: =E17 -> 1332.9969 | H17: =IFERROR(G17/$G$26,0) -> 0.079065617
A18: =A129 -> 2.3. Impostos e Seguros | C18: =G139 -> 577.73833 | D18: =IFERROR(C18/$C$26,0) -> 0.031791129 | E18: =C18 -> 577.73833 | F18: =IFERROR(E18/$E$26,0) -> 0.033797154 | G18: =E18 -> 577.73833 | H18: =IFERROR(G18/$G$26,0) -> 0.034268076
A19: =A140 -> 2.4. Consumos | C19: =G154 -> 2490.5353 | D19: =IFERROR(C19/$C$26,0) -> 0.13704635 | E19: =C19 -> 2490.5353 | F19: =IFERROR(E19/$E$26,0) -> 0.145694 | G19: =E19 -> 2490.5353 | H19: =IFERROR(G19/$G$26,0) -> 0.14772406
A20: =A156 -> 2.5. Manutenção | C20: =G161 -> 2944 | D20: =IFERROR(C20/$C$26,0) -> 0.16199909 | E20: =C20 -> 2944 | F20: =IFERROR(E20/$E$26,0) -> 0.17222126 | G20: =E20 -> 2944 | H20: =IFERROR(G20/$G$26,0) -> 0.17462095
A21: =A163 -> 2.6. Pneus | C21: =G169 -> 342.73067 | D21: =IFERROR(C21/$C$26,0) -> 0.018859394 | E21: =C21 -> 342.73067 | F21: =IFERROR(E21/$E$26,0) -> 0.020049424 | G21: =E21 -> 342.73067 | H21: =IFERROR(G21/$G$26,0) -> 0.020328789
A22: =A173 -> 3. Ferramentas e Materiais de Consumo | C22: =+G183 -> 86.958333 | D22: =IFERROR(C22/$C$26,0) -> 0.0047850445 | E22: =C22 -> 86.958333 | F22: =IFERROR(E22/$E$26,0) -> 0.0050869814 | G22: =E22 -> 86.958333 | H22: =IFERROR(G22/$G$26,0) -> 0.0051578623
A23: =A188 -> 4. Benefícios e Desp. Ind. - BDI - LUCRO REAL | C23: =+G194 -> 4379.4375 | D23: =IFERROR(C23/$C$26,0) -> 0.24098672
A24: =A202 -> 5. Benefícios e Desp. Ind. - BDI - LUCRO PRESUMIDO | E24: =G208 -> 3300.7855 | F24: =IFERROR(E24/$E$26,0) -> 0.19309288
A25: =A216 -> 6. Benef. Desp. Ind. + Impostos - SIMPLES NACIONAL | G25: =G220+G233 -> 3901.605 | H25: =IFERROR(G25/$G$26,0) -> 0.23142051
A26: PREÇO TOTAL MÊS (R$/Mês) | C26: =C9+C15+C22+C23 -> 18172.942 | D26: =D9+D15+D22+D23 -> 1 | E26: =E9+E15+E22+E24 -> 17094.29 | F26: =F9+F15+F22+F24 -> 1 | G26: =G9+G15+G22+G25 -> 16859.375 | H26: =H9+H15+H22+H25 -> 1
A27: PREÇO POR QUILOMETRO (R$/Km) | C27: =G200 -> 11.358088 | E27: =G214 -> 10.683931 | G27: =G239 -> 10.537109
A29: GRUPO C - Informações sobre
A30: C1- Mão-de-obra | F30: Quantidade | G30: R$ / mês
A31: Motorista | F31: 1 | G31: 2271
A32: Monitor | F32: 1 | G32: 1621
A33: Total de mão-de-obra (postos de trabalho) | F33: =SUM(F31:F32) -> 2
A35: C2- Veículos | C35: Vida útil do Veículo | D35: Taxade depreciação | E35: Capacidade (Lugares) | F35: Quantidade | G35: Valor (R$)
A36: Dados do veículo e descrição do veículo | C36: 10 | D36: =1/C36 -> 0.1 | E36: 15 | F36: 1 | G36: 270086
A37: Sprinter Van Mercedez Benz - 517 E.L.T.B 16 lugares , ano 2026, pneus 225 x 75 aro 16 | D37: tipo de combustível | E37: óleo diesel BS 10
A38: Consumo médio (Km / litro) e Valor do litro (R$) | F38: 5.5 | G38: =' lote 2.2'!G38 -> 7.32
A39: Velocidade média em função do pavimento (Km/h) | F39: 20
A41: C3- Distâncias | C41: Unidade | E41: Km por dia | F41: Horas p/Dia | G41: Km por mês
A42: Distância percorrida | C42: Km | E42: 80 | F42: =(E42/F39)+C48 -> 5 | G42: =E42*E43 -> 1600 | I42: =15+39+19+7 -> 80
A43: Média de dias letivos por mês | C43: Dias | E43: 20 | I43: =I42*203 -> 16240
A45: C4- Fatores | C45: % | D45: Aplicação
A46: Fator de utilização (FU) | C46: =F42/8.8 -> 0.56818182 | D46: Equipe e veículos
A47: Fator de Majoração pelo "Tipo de via" | C47: 0.15 | D47: Conforme tipo de via
A48: Fator de Majoração por "Tempo p/Higienização" | C48: 1 | D48: Horas por dia para higienização do veículo.
A50: CÁLCULOS (itenização numérica)
A51: 1. Mão-de-obra
A52: 1.1. Monitor - EMPRESA LUCRO REAL E PRESUMIDO
A53: Discriminação | C53: Unidade | D53: Quantidade | E53: Custo unitário | F53: Subtotal | G53: Total (R$) | H53: R$/Km
A54: Piso da categoria | C54: mês | D54: 1 | E54: =G32 -> 1621 | F54: =D54*E54 -> 1621
A55: Soma | F55: =SUM(F54:F54) -> 1621
A56: Encargos Sociais | C56: % | D56: ='Enc. Soc. - LR-LP e SN'!C$28*100 -> 70.61 | E56: =F55 -> 1621 | F56: =E56*D56/100 -> 1144.5881
A57: Prêmio de Assiduidade (verba indenizatória) | D57: 1 | E57: 150 | F57: 150
A58: Total por Monitor | F58: =F55+F56+F57 -> 2915.5881
A59: Total do Efetivo | C59: homem | D59: =F32 -> 1 | E59: =F58 -> 2915.5881 | F59: =D59*E59 -> 2915.5881
E60: Fator de utilização | F60: =$C$46 -> 0.56818182 | G60: =F59*F60 -> 1656.5841 | H60: =G60/G$42 -> 1.0353651
A62: 1.1.1- Monitor - EMPRESA SIMPLES NACIONAL
A63: Encargos Sociais | C63: % | D63: ='Enc. Soc. - LR-LP e SN'!C$38*100 -> 32.81728 | E63: =F55 -> 1621 | F63: =E63*D63/100 -> 531.96811
A64: Prêmio de Assiduidade (verba indenizatória) | D64: 1 | E64: 150 | F64: =E64 -> 150
A65: Total por Monitor | F65: =E63+F63+F64 -> 2302.9681
A66: Total do Efetivo | C66: homem | D66: =D59 -> 1 | E66: =F65 -> 2302.9681 | F66: =D66*E66 -> 2302.9681
E67: Fator de utilização | F67: =$C$46 -> 0.56818182 | G67: =F66*F67 -> 1308.5046 | H67: =G67/G$42 -> 0.81781538
A69: 1.2. Motorista - EMPRESA LUCRO REAL E PRESUMIDO
A70: Discriminação | C70: Unidade | D70: Quantidade | E70: Custo unitário | F70: Subtotal | G70: Total (R$) | H70: R$/Km
A71: Piso da categoria | C71: mês | D71: 1 | E71: =G31 -> 2271 | F71: =D71*E71 -> 2271
A72: Soma | F72: =SUM(F71:F71) -> 2271
A73: Encargos Sociais | C73: % | D73: ='Enc. Soc. - LR-LP e SN'!C$28*100 -> 70.61 | E73: =F72 -> 2271 | F73: =E73*D73/100 -> 1603.5531
A74: Prêmio de Assiduidade ( verba indenizatória) | D74: 1 | E74: 150 | F74: =E74 -> 150
A75: Total por Motorista | F75: =F72+F73+F74 -> 4024.5531
A76: Total do Efetivo | C76: homem | D76: 1 | E76: =F75 -> 4024.5531 | F76: =D76*E76 -> 4024.5531
E77: Fator de utilização | F77: =$C$46 -> 0.56818182 | G77: =F76*F77 -> 2286.6779 | H77: =G77/G$42 -> 1.4291737
A79: 1.2.1- Motorista - EMPRESA SIMPLES NACIONAL
A80: Encargos Sociais | C80: % | D80: ='Enc. Soc. - LR-LP e SN'!C$38*100 -> 32.81728 | E80: =F72 -> 2271 | F80: =E80*D80/100 -> 745.28043
A81: Prêmio de Assiduidade ( verba indenizatória) | D81: 1 | E81: 150 | F81: =E81 -> 150
A82: Total por Motorista | F82: =E80+F80+F81 -> 3166.2804
A83: Total do Efetivo | C83: homem | D83: =D76 -> 1 | E83: =F82 -> 3166.2804 | F83: =D83*E83 -> 3166.2804
E84: Fator de utilização | F84: =$C$46 -> 0.56818182 | G84: =F83*F84 -> 1799.023 | H84: =G84/G$42 -> 1.1243894
A86: 1.3. Vale Transporte
A87: Discriminação | C87: Unidade | D87: Quantidade | E87: Custo unitário | F87: Subtotal | G87: Total (R$) | H87: R$/Km
A88: Vale Transporte | C88: R$ | D88: 1 | E88: 6.6
A89: Dias Trabalhados por mês | C89: dia | D89: =E43 -> 20
A90: Monitor (Valor líquido, descontado 6,00% s/piso sal.) | C90: vale | D90: =$D$89*2*(F32) -> 40 | E90: =IF(E88=0,"",IFERROR((($D$89*2*$E$88)-(F54*0.06*D89/20))/($D$89*2),"-")) -> 4.1685 | F90: =IFERROR(D90*E90,"-") -> 166.74
A91: Motorista (Vlr líq. desc. 6,% s/piso sal.) | C91: vale | D91: =$D$89*2*(F31) -> 40 | E91: =IF(E88=0,"",IFERROR((($D$89*2*$E$88)-(F71*0.06*D89/20))/($D$89*2),"-")) -> 3.1935 | F91: =IFERROR(D91*E91,"-") -> 127.74
E92: Fator de utilização | F92: =$C$46 -> 0.56818182 | G92: =SUM(F88:F91)*F92 -> 167.31818 | H92: =G92/G$42 -> 0.10457386
A94: 1.4. Vale-refeição (diário)
A95: Discriminação | C95: Unidade | D95: Quantidade | E95: Custo unitário | F95: Subtotal | G95: Total (R$) | H95: R$/Km
A96: Monitor | C96: unidade | D96: =D89*(F32) -> 20 | E96: =16+30 -> 46 | F96: =D96*E96 -> 920
A97: Motorista | C97: unidade | D97: =D89*(F31) -> 20 | E97: =E96 -> 46 | F97: =D97*E97 -> 920
E98: Fator de utilização | F98: =$C$46 -> 0.56818182 | G98: =SUM(F96:F97)*F98 -> 1045.4545 | H98: =G98/G$42 -> 0.65340909
A100: 1.5. Seguro de vida em grupo
A101: Discriminação | C101: Unidade | D101: Quantidade | E101: Custo unitário | F101: Subtotal | G101: Total (R$) | H101: R$/Km
A102: Monitor | C102: unidade | D102: mensal | E102: 25.5 | F102: =E102 -> 25.5
A103: Motorista | C103: unidade | D103: mensal | E103: 25.5 | F103: =E103 -> 25.5
E104: Fator de utilização | F104: =$C$46 -> 0.56818182 | G104: =SUM(F102:F103)*F104 -> 28.977273 | H104: =G104/G$42 -> 0.018110795
A105: Custo Mensal com Mão-de-obra (R$/mês) - LUCRO REAL E PRESUMIDO | G105: =SUM(G54:G99)-G67-G84+G104 -> 5185.012 | H105: =G105/G$42 -> 3.2406325
A106: Custo Mensal com Mão-de-obra (R$/mês) - SIMPLES NACIONAL | G106: =SUM(G54:G99)-G60-G77+G104 -> 4349.2776 | H106: =G106/G$42 -> 2.7182985
A108: 2. Veículos
A109: 2.1 Depreciação
A110: Discriminação | C110: Unidade | D110: Quantidade | E110: Custo unitário | F110: Subtotal | G110: Total (R$) | H110: R$/Km
A111: Custo de aquisição do veículo | C111: unidade | D111: 1 | E111: =G36 -> 270086 | F111: =D111*E111 -> 270086
A112: Vida útil do veícuo | C112: anos | D112: =C36 -> 10
A113: Depreciação do veículo | C113: % | D113: 65.18 | E113: =F111 -> 270086 | F113: =D113*E113/100 -> 176042.05
...

Sheet  lote 3.2
A1: PLANILHA DE COMPOSIÇÃO DE CUSTOS E FORMAÇÃO DE PREÇO
A2: GRUPO A - Identificação
A3: Nº do processo: | B3: ='lote 3.1'!B3 -> 3827-2026 | C3: Nº Licitação: | F3: Data:
A4: Trajeto | B4: 3 | C4: Item: | D4: 2 | E4: Serviço de Transporte Escolar
A6: GRUPO B - Orçamento Sintético
A7: Formas de Tributação | C7: LUCRO REAL | E7: LUCRO PRESUMIDO | G7: SIMPLES NAC.
A8: Descrição do Item | C8: Custo (R$/mês) | D8: AV % | E8: Custo (R$/mês) | F8: AV % | G8: Custo (R$/mês) | H8: AV %
A9: =A51 -> 1. Mão-de-obra | C9: =+G105 -> 7077.5414 | D9: =IFERROR(C9/$C$26,0) -> 0.24729195 | E9: =G105 -> 7077.5414 | F9: =IFERROR(E9/$E$26,0) -> 0.26289611 | G9: =G106 -> 5936.7639 | H9: =IFERROR(G9/$G$26,0) -> 0.22168902
A10: 1.1. Monitor | C10: =G60 -> 2261.2374 | D10: =IFERROR(C10/$C$26,0) -> 0.079008481 | E10: =C10 -> 2261.2374 | F10: =IFERROR(E10/$E$26,0) -> 0.083993927 | G10: =G67 -> 1786.1088 | H10: =IFERROR(G10/$G$26,0) -> 0.066696387
A11: 1.2. Motorista | C11: =G77 -> 3121.3153 | D11: =IFERROR(C11/$C$26,0) -> 0.10905993 | E11: =C11 -> 3121.3153 | F11: =IFERROR(E11/$E$26,0) -> 0.11594162 | G11: =G84 -> 2455.6664 | H11: =IFERROR(G11/$G$26,0) -> 0.091698823
A12: =A86 -> 1.3. Vale Transporte | C12: =G92 -> 228.38932 | D12: =IFERROR(C12/$C$26,0) -> 0.0079800084 | E12: =C12 -> 228.38932 | F12: =IFERROR(E12/$E$26,0) -> 0.0084835481 | G12: =E12 -> 228.38932 | H12: =IFERROR(G12/$G$26,0) -> 0.0085284516
A13: =A94 -> 1.4. Vale-refeição (diário) | C13: =G98 -> 1427.0455 | D13: =IFERROR(C13/$C$26,0) -> 0.049861503 | E13: =C13 -> 1427.0455 | F13: =IFERROR(E13/$E$26,0) -> 0.053007771 | G13: =E13 -> 1427.0455 | H13: =IFERROR(G13/$G$26,0) -> 0.053288342
A14: 1.5 seguro de vida em grupo | C14: =G104 -> 39.553977 | D14: =IFERROR(C14/$C$26,0) -> 0.0013820308 | E14: =C14 -> 39.553977 | F14: =IFERROR(E14/$E$26,0) -> 0.0014692371 | G14: =E14 -> 39.553977 | H14: =IFERROR(G14/$G$26,0) -> 0.0014770138
A15: =A108 -> 2. Veículos | C15: =+G171 -> 14558.601 | D15: =IFERROR(C15/$C$26,0) -> 0.50868297 | E15: =C15 -> 14558.601 | F15: =IFERROR(E15/$E$26,0) -> 0.54078094 | G15: =E15 -> 14558.601 | H15: =IFERROR(G15/$G$26,0) -> 0.5436433
A16: =A109 -> 2.1 Depreciação | C16: =G116 -> 2101.6337 | D16: =IFERROR(C16/$C$26,0) -> 0.073431869 | E16: =C16 -> 2101.6337 | F16: =IFERROR(E16/$E$26,0) -> 0.07806543 | G16: =E16 -> 2101.6337 | H16: =IFERROR(G16/$G$26,0) -> 0.078478632
A17: =A117 -> 2.2 Remuneração do Capital | C17: =G127 -> 3360.9622 | D17: =IFERROR(C17/$C$26,0) -> 0.11743328 | E17: =C17 -> 3360.9622 | F17: =IFERROR(E17/$E$26,0) -> 0.12484334 | G17: =E17 -> 3360.9622 | H17: =IFERROR(G17/$G$26,0) -> 0.12550413
A18: =A129 -> 2.3. Impostos e Seguros | C18: =G139 -> 768.4075 | D18: =IFERROR(C18/$C$26,0) -> 0.026848446 | E18: =C18 -> 768.4075 | F18: =IFERROR(E18/$E$26,0) -> 0.028542587 | G18: =E18 -> 768.4075 | H18: =IFERROR(G18/$G$26,0) -> 0.028693663
A19: =A140 -> 2.4. Consumos | C19: =G154 -> 3626.8421 | D19: =IFERROR(C19/$C$26,0) -> 0.12672322 | E19: =C19 -> 3626.8421 | F19: =IFERROR(E19/$E$26,0) -> 0.13471948 | G19: =E19 -> 3626.8421 | H19: =IFERROR(G19/$G$26,0) -> 0.13543255
A20: =A156 -> 2.5. Manutenção | C20: =G161 -> 4077.325 | D20: =IFERROR(C20/$C$26,0) -> 0.14246326 | E20: =C20 -> 4077.325 | F20: =IFERROR(E20/$E$26,0) -> 0.15145272 | G20: =E20 -> 4077.325 | H20: =IFERROR(G20/$G$26,0) -> 0.15225436
A21: =A163 -> 2.6. Pneus | C21: =G169 -> 623.43033 | D21: =IFERROR(C21/$C$26,0) -> 0.02178289 | E21: =C21 -> 623.43033 | F21: =IFERROR(E21/$E$26,0) -> 0.023157393 | G21: =E21 -> 623.43033 | H21: =IFERROR(G21/$G$26,0) -> 0.023279965
A22: =A173 -> 3. Ferramentas e Materiais de Consumo | C22: =+G183 -> 86.958333 | D22: =IFERROR(C22/$C$26,0) -> 0.0030383568 | E22: =C22 -> 86.958333 | F22: =IFERROR(E22/$E$26,0) -> 0.0032300775 | G22: =E22 -> 86.958333 | H22: =IFERROR(G22/$G$26,0) -> 0.0032471744
A23: =A188 -> 4. Benefícios e Desp. Ind. - BDI - LUCRO REAL | C23: =+G194 -> 6897.0844 | D23: =IFERROR(C23/$C$26,0) -> 0.24098672
A24: =A202 -> 5. Benefícios e Desp. Ind. - BDI - LUCRO PRESUMIDO | E24: =G208 -> 5198.338 | F24: =IFERROR(E24/$E$26,0) -> 0.19309288
A25: =A216 -> 6. Benef. Desp. Ind. + Impostos - SIMPLES NACIONAL | G25: =G220+G233 -> 6197.3702 | H25: =IFERROR(G25/$G$26,0) -> 0.23142051
A26: PREÇO TOTAL MÊS (R$/Mês) | C26: =C9+C15+C22+C23 -> 28620.185 | D26: =D9+D15+D22+D23 -> 1 | E26: =E9+E15+E22+E24 -> 26921.439 | F26: =F9+F15+F22+F24 -> 1 | G26: =G9+G15+G22+G25 -> 26779.693 | H26: =H9+H15+H22+H25 -> 1
A27: PREÇO POR QUILOMETRO (R$/Km) | C27: =G200 -> 12.283341 | E27: =G214 -> 11.554265 | G27: =G239 -> 11.493431
A29: GRUPO C - Informações sobre
A30: C1- Mão-de-obra | F30: Quantidade | G30: R$ / mês
A31: Motorista | F31: 1 | G31: ='lote 3.1'!G31 -> 2271
A32: Monitor | F32: 1 | G32: ='lote 3.1'!G32 -> 1621
A33: Total de mão-de-obra (postos de trabalho) | F33: =SUM(F31:F32) -> 2
A35: C2- Veículos | C35: Vida útil do Veículo | D35: Taxade depreciação | E35: Capacidade (Lugares) | F35: Quantidade | G35: Valor (R$)
A36: Dados do veículo e descrição do veículo | C36: 10 | D36: =1/C36 -> 0.1 | E36: 28 | F36: 1 | G36: 498889
A37: micrônibus Volare ATT 8 longo fretamento com 31 lugares - ano 2025 - pneu 215 x 75 aro 17,5 | D37: tipo de combustível | E37: óleo diesel BS 10
A38: Consumo médio (Km / litro) e Valor do litro (R$) | F38: 5.5 | G38: ='lote 3.1'!G38 -> 7.32
A39: Velocidade média em função do pavimento (Km/h) | F39: 20
A41: C3- Distâncias | C41: Unidade | E41: Km por dia | F41: Horas p/Dia | G41: Km por mês
A42: Distância percorrida | C42: Km | E42: 116.5 | F42: =(E42/F39)+C48 -> 6.825 | G42: =E42*E43 -> 2330 | I42: =23+53+34+6.5 -> 116.5
A43: Média de dias letivos por mês | C43: Dias | E43: 20 | I43: =I42*203 -> 23649.5
A45: C4- Fatores | C45: % | D45: Aplicação
A46: Fator de utilização (FU) | C46: =F42/8.8 -> 0.77556818 | D46: Equipe e veículos
A47: Fator de Majoração pelo "Tipo de via" | C47: 0.15 | D47: Conforme tipo de via
A48: Fator de Majoração por "Tempo p/Higienização" | C48: 1 | D48: Horas por dia para higienização do veículo.
A50: CÁLCULOS (itenização numérica)
A51: 1. Mão-de-obra
A52: 1.1. Monitor - EMPRESA LUCRO REAL E PRESUMIDO
A53: Discriminação | C53: Unidade | D53: Quantidade | E53: Custo unitário | F53: Subtotal | G53: Total (R$) | H53: R$/Km
A54: Piso da categoria | C54: mês | D54: 1 | E54: =G32 -> 1621 | F54: =D54*E54 -> 1621
A55: Soma | F55: =SUM(F54:F54) -> 1621
A56: Encargos Sociais | C56: % | D56: ='Enc. Soc. - LR-LP e SN'!C$28*100 -> 70.61 | E56: =F55 -> 1621 | F56: =E56*D56/100 -> 1144.5881
A57: Prêmio de Assiduidade ( verba indenizatória) | D57: 1 | E57: 150 | F57: =E57 -> 150
A58: Total por Monitor | F58: =F55+F56+F57 -> 2915.5881
A59: Total do Efetivo | C59: homem | D59: =F32 -> 1 | E59: =F58 -> 2915.5881 | F59: =D59*E59 -> 2915.5881
E60: Fator de utilização | F60: =$C$46 -> 0.77556818 | G60: =F59*F60 -> 2261.2374 | H60: =G60/G$42 -> 0.97048814
A62: 1.1.1- Monitor - EMPRESA SIMPLES NACIONAL
A63: Encargos Sociais | C63: % | D63: ='Enc. Soc. - LR-LP e SN'!C$38*100 -> 32.81728 | E63: =F55 -> 1621 | F63: =E63*D63/100 -> 531.96811
A64: =A57 -> Prêmio de Assiduidade ( verba indenizatória) | D64: 1 | E64: 150 | F64: =E64 -> 150
A65: Total por Monitor | F65: =E63+F63+F64 -> 2302.9681
A66: Total do Efetivo | C66: homem | D66: =D59 -> 1 | E66: =F65 -> 2302.9681 | F66: =D66*E66 -> 2302.9681
E67: Fator de utilização | F67: =$C$46 -> 0.77556818 | G67: =F66*F67 -> 1786.1088 | H67: =G67/G$42 -> 0.7665703
A69: 1.2. Motorista - EMPRESA LUCRO REAL E PRESUMIDO
A70: Discriminação | C70: Unidade | D70: Quantidade | E70: Custo unitário | F70: Subtotal | G70: Total (R$) | H70: R$/Km
A71: Piso da categoria | C71: mês | D71: 1 | E71: =G31 -> 2271 | F71: =D71*E71 -> 2271
A72: Soma | F72: =SUM(F71:F71) -> 2271
A73: Encargos Sociais | C73: % | D73: ='Enc. Soc. - LR-LP e SN'!C$28*100 -> 70.61 | E73: =F72 -> 2271 | F73: =E73*D73/100 -> 1603.5531
A74: =A64 -> Prêmio de Assiduidade ( verba indenizatória) | D74: 1 | E74: 150 | F74: =E74 -> 150
A75: Total por Motorista | F75: =F72+F73+F74 -> 4024.5531
A76: Total do Efetivo | C76: homem | D76: 1 | E76: =F75 -> 4024.5531 | F76: =D76*E76 -> 4024.5531
E77: Fator de utilização | F77: =$C$46 -> 0.77556818 | G77: =F76*F77 -> 3121.3153 | H77: =G77/G$42 -> 1.3396203
A79: 1.2.1- Motorista - EMPRESA SIMPLES NACIONAL
A80: Encargos Sociais | C80: % | D80: ='Enc. Soc. - LR-LP e SN'!C$38*100 -> 32.81728 | E80: =F72 -> 2271 | F80: =E80*D80/100 -> 745.28043
A81: =A74 -> Prêmio de Assiduidade ( verba indenizatória) | D81: 1 | E81: 150 | F81: =E81 -> 150
A82: Total por Motorista | F82: =E80+F80+F81 -> 3166.2804
A83: Total do Efetivo | C83: homem | D83: =D76 -> 1 | E83: =F82 -> 3166.2804 | F83: =D83*E83 -> 3166.2804
E84: Fator de utilização | F84: =$C$46 -> 0.77556818 | G84: =F83*F84 -> 2455.6664 | H84: =G84/G$42 -> 1.0539341
A86: 1.3. Vale Transporte
A87: Discriminação | C87: Unidade | D87: Quantidade | E87: Custo unitário | F87: Subtotal | G87: Total (R$) | H87: R$/Km
A88: Vale Transporte | C88: R$ | D88: 1 | E88: ='lote 3.1'!E88 -> 6.6
A89: Dias Trabalhados por mês | C89: dia | D89: =E43 -> 20
A90: Monitor (Valor líquido, descontado 6,00% s/piso sal.) | C90: vale | D90: =$D$89*2*(F32) -> 40 | E90: =IF(E88=0,"",IFERROR((($D$89*2*$E$88)-(F54*0.06*D89/20))/($D$89*2),"-")) -> 4.1685 | F90: =IFERROR(D90*E90,"-") -> 166.74
A91: Motorista (Vlr líq. desc. 6,% s/piso sal.) | C91: vale | D91: =$D$89*2*(F31) -> 40 | E91: =IF(E88=0,"",IFERROR((($D$89*2*$E$88)-(F71*0.06*D89/20))/($D$89*2),"-")) -> 3.1935 | F91: =IFERROR(D91*E91,"-") -> 127.74
E92: Fator de utilização | F92: =$C$46 -> 0.77556818 | G92: =SUM(F88:F91)*F92 -> 228.38932 | H92: =G92/G$42 -> 0.098021167
A94: 1.4. Vale-refeição (diário)
A95: Discriminação | C95: Unidade | D95: Quantidade | E95: Custo unitário | F95: Subtotal | G95: Total (R$) | H95: R$/Km
A96: Monitor | C96: unidade | D96: =D89*(F32) -> 20 | E96: ='lote 3.1'!E96 -> 46 | F96: =D96*E96 -> 920
A97: Motorista | C97: unidade | D97: =D89*(F31) -> 20 | E97: =E96 -> 46 | F97: =D97*E97 -> 920
E98: Fator de utilização | F98: =$C$46 -> 0.77556818 | G98: =SUM(F96:F97)*F98 -> 1427.0455 | H98: =G98/G$42 -> 0.61246586
A100: 1.5. Seguro de Vida em grupo
A101: Discriminação | C101: Unidade | D101: Quantidade | E101: Custo unitário | F101: Subtotal | G101: Total (R$) | H101: R$/Km
A102: Monitor | C102: unidade | D102: mensal | E102: ='lote 3.1'!E102 -> 25.5 | F102: =E102 -> 25.5
A103: Motorista | C103: unidade | D103: mensal | E103: =E102 -> 25.5 | F103: =E103 -> 25.5
E104: Fator de utilização | F104: =$C$46 -> 0.77556818 | G104: =SUM(F102:F103)*F104 -> 39.553977 | H104: =G104/G$42 -> 0.016975956
A105: Custo Mensal com Mão-de-obra (R$/mês) - LUCRO REAL E PRESUMIDO | G105: =SUM(G54:G99)-G67-G84+G104 -> 7077.5414 | H105: =G105/G$42 -> 3.0375714
A106: Custo Mensal com Mão-de-obra (R$/mês) - SIMPLES NACIONAL | G106: =SUM(G54:G99)-G60-G77+G104 -> 5936.7639 | H106: =G106/G$42 -> 2.5479673
A108: 2. Veículos
A109: 2.1 Depreciação
A110: Discriminação | C110: Unidade | D110: Quantidade | E110: Custo unitário | F110: Subtotal | G110: Total (R$) | H110: R$/Km
A111: Custo de aquisição do veículo | C111: unidade | D111: 1 | E111: =G36 -> 498889 | F111: =D111*E111 -> 498889
A112: Vida útil do veícuo | C112: anos | D112: =C36 -> 10
A113: Depreciação do veículo | C113: % | D113: ='lote 3.1'!D113 -> 65.18 | E113: =F111 -> 498889 | F113: =D113*E113/100 -> 325175.85
...

Sheet  lote 4,1
A1: PLANILHA DE COMPOSIÇÃO DE CUSTOS E FORMAÇÃO DE PREÇO
A2: GRUPO A - Identificação
A3: Nº do processo: | B3: ='lote 3.1'!B3 -> 3827-2026 | C3: Nº Licitação: | F3: Data:
A4: Trajeto | B4: 4 | C4: Item: | D4: 1 | E4: Serviço de Transporte Escolar
A6: GRUPO B - Orçamento Sintético
A7: Formas de Tributação | C7: LUCRO REAL | E7: LUCRO PRESUMIDO | G7: SIMPLES NAC.
A8: Descrição do Item | C8: Custo (R$/mês) | D8: AV % | E8: Custo (R$/mês) | F8: AV % | G8: Custo (R$/mês) | H8: AV %
A9: =A51 -> 1. Mão-de-obra | C9: =+G105 -> 5470.1877 | D9: =IFERROR(C9/$C$26,0) -> 0.27996026 | E9: =G105 -> 5470.1877 | F9: =IFERROR(E9/$E$26,0) -> 0.29762579 | G9: =G106 -> 4588.4878 | H9: =IFERROR(G9/$G$26,0) -> 0.26236313
A10: 1.1. Monitor | C10: =G60 -> 1747.6963 | D10: =IFERROR(C10/$C$26,0) -> 0.089445834 | E10: =C10 -> 1747.6963 | F10: =IFERROR(E10/$E$26,0) -> 0.095089879 | G10: =G67 -> 1380.4724 | H10: =IFERROR(G10/$G$26,0) -> 0.078933423
A11: 1.2. Motorista | C11: =G77 -> 2412.4452 | D11: =IFERROR(C11/$C$26,0) -> 0.1234672 | E11: =C11 -> 2412.4452 | F11: =IFERROR(E11/$E$26,0) -> 0.131258 | G11: =G84 -> 1897.9692 | H11: =IFERROR(G11/$G$26,0) -> 0.10852315
A12: =A86 -> 1.3. Vale Transporte | C12: =G92 -> 176.52068 | D12: =IFERROR(C12/$C$26,0) -> 0.0090342011 | E12: =C12 -> 176.52068 | F12: =IFERROR(E12/$E$26,0) -> 0.0096042605 | G12: =E12 -> 176.52068 | H12: =IFERROR(G12/$G$26,0) -> 0.010093199
A13: =A94 -> 1.4. Vale-refeição (diário) | C13: =G98 -> 1102.9545 | D13: =IFERROR(C13/$C$26,0) -> 0.056448418 | E13: =C13 -> 1102.9545 | F13: =IFERROR(E13/$E$26,0) -> 0.060010321 | G13: =E13 -> 1102.9545 | H13: =IFERROR(G13/$G$26,0) -> 0.063065354
A14: 1.5 seguro de vida em grupo | C14: =G104 -> 30.571023 | D14: =IFERROR(C14/$C$26,0) -> 0.0015646029 | E14: =C14 -> 30.571023 | F14: =IFERROR(E14/$E$26,0) -> 0.0016633295 | G14: =E14 -> 30.571023 | H14: =IFERROR(G14/$G$26,0) -> 0.0017480071
A15: =A108 -> 2. Veículos | C15: =+G171 -> 9273.3343 | D15: =IFERROR(C15/$C$26,0) -> 0.47460256 | E15: =C15 -> 9273.3343 | F15: =IFERROR(E15/$E$26,0) -> 0.50455004 | G15: =E15 -> 9273.3343 | H15: =IFERROR(G15/$G$26,0) -> 0.53023591
A16: =A109 -> 2.1 Depreciação | C16: =G116 -> 879.37674 | D16: =IFERROR(C16/$C$26,0) -> 0.045005867 | E16: =C16 -> 879.37674 | F16: =IFERROR(E16/$E$26,0) -> 0.047845744 | G16: =E16 -> 879.37674 | H16: =IFERROR(G16/$G$26,0) -> 0.050281497
A17: =A117 -> 2.2 Remuneração do Capital | C17: =G127 -> 1406.3117 | D17: =IFERROR(C17/$C$26,0) -> 0.071974017 | E17: =C17 -> 1406.3117 | F17: =IFERROR(E17/$E$26,0) -> 0.076515588 | G17: =E17 -> 1406.3117 | H17: =IFERROR(G17/$G$26,0) -> 0.080410879
A18: =A129 -> 2.3. Impostos e Seguros | C18: =G139 -> 577.73833 | D18: =IFERROR(C18/$C$26,0) -> 0.029568231 | E18: =C18 -> 577.73833 | F18: =IFERROR(E18/$E$26,0) -> 0.03143399 | G18: =E18 -> 577.73833 | H18: =IFERROR(G18/$G$26,0) -> 0.033034247
A19: =A140 -> 2.4. Consumos | C19: =G154 -> 2777.4883 | D19: =IFERROR(C19/$C$26,0) -> 0.14214985 | E19: =C19 -> 2777.4883 | F19: =IFERROR(E19/$E$26,0) -> 0.15111952 | G19: =E19 -> 2777.4883 | H19: =IFERROR(G19/$G$26,0) -> 0.15881279
A20: =A156 -> 2.5. Manutenção | C20: =G161 -> 3250.2 | D20: =IFERROR(C20/$C$26,0) -> 0.16634289 | E20: =C20 -> 3250.2 | F20: =IFERROR(E20/$E$26,0) -> 0.17683915 | G20: =E20 -> 3250.2 | H20: =IFERROR(G20/$G$26,0) -> 0.18584176
A21: =A163 -> 2.6. Pneus | C21: =G169 -> 382.2192 | D21: =IFERROR(C21/$C$26,0) -> 0.019561703 | E21: =C21 -> 382.2192 | F21: =IFERROR(E21/$E$26,0) -> 0.020796049 | G21: =E21 -> 382.2192 | H21: =IFERROR(G21/$G$26,0) -> 0.021854744
A22: =A173 -> 3. Ferramentas e Materiais de Consumo | C22: =+G183 -> 86.958333 | D22: =IFERROR(C22/$C$26,0) -> 0.0044504648 | E22: =C22 -> 86.958333 | F22: =IFERROR(E22/$E$26,0) -> 0.0047312897 | G22: =E22 -> 86.958333 | H22: =IFERROR(G22/$G$26,0) -> 0.0049721524
A23: =A188 -> 4. Benefícios e Desp. Ind. - BDI - LUCRO REAL | C23: =+G194 -> 4708.6775 | D23: =IFERROR(C23/$C$26,0) -> 0.24098672
A24: =A202 -> 5. Benefícios e Desp. Ind. - BDI - LUCRO PRESUMIDO | E24: =G208 -> 3548.9339 | F24: =IFERROR(E24/$E$26,0) -> 0.19309288
A25: =A216 -> 6. Benef. Desp. Ind. + Impostos - SIMPLES NACIONAL | G25: =G220+G233 -> 3540.292 | H25: =IFERROR(G25/$G$26,0) -> 0.2024288
A26: PREÇO TOTAL MÊS (R$/Mês) | C26: =C9+C15+C22+C23 -> 19539.158 | D26: =D9+D15+D22+D23 -> 1 | E26: =E9+E15+E22+E24 -> 18379.414 | F26: =F9+F15+F22+F24 -> 1 | G26: =G9+G15+G22+G25 -> 17489.072 | H26: =H9+H15+H22+H25 -> 1
A27: PREÇO POR QUILOMETRO (R$/Km) | C27: =G200 -> 11.426408 | E27: =G214 -> 10.748195 | G27: =G239 -> 10.227528
A29: GRUPO C - Informações sobre
A30: C1- Mão-de-obra | F30: Quantidade | G30: R$ / mês
A31: Motorista | F31: 1 | G31: ='lote 3.1'!G31 -> 2271
A32: Monitor | F32: 1 | G32: ='lote 3.1'!G32 -> 1621
A33: Total de mão-de-obra (postos de trabalho) | F33: =SUM(F31:F32) -> 2
A35: C2- Veículos | C35: Vida útil do Veículo | D35: Taxade depreciação | E35: Capacidade (Lugares) | F35: Quantidade | G35: Valor (R$)
A36: Dados do veículo e descrição do veículo | C36: 10 | D36: =1/C36 -> 0.1 | E36: 15 | F36: 1 | G36: 270086
A37: Sprinter Van Mercedez Benz - 517 E.L.T.B 16 lugares , ano 2026, pneus 225 x 75 aro 16 | D37: tipo de combustível | E37: óleo diesel BS 10
A38: Consumo médio (Km / litro) e Valor do litro (R$) | F38: 5.5 | G38: ='lote 3.1'!G38 -> 7.32
A39: Velocidade média em função do pavimento (Km/h) | F39: 20
A41: C3- Distâncias | C41: Unidade | E41: Km por dia | F41: Horas p/Dia | G41: Km por mês
A42: Distância percorrida | C42: Km | E42: 85.5 | F42: =(E42/F39)+C48 -> 5.275 | G42: =E42*E43 -> 1710 | I42: =30.5+41.5+13.5 -> 85.5
A43: Média de dias letivos por mês | C43: Dias | E43: 20 | I43: =I42*203 -> 17356.5
A45: C4- Fatores | C45: % | D45: Aplicação
A46: Fator de utilização (FU) | C46: =F42/8.8 -> 0.59943182 | D46: Equipe e veículos
A47: Fator de Majoração pelo "Tipo de via" | C47: 0.2 | D47: Conforme tipo de via
A48: Fator de Majoração por "Tempo p/Higienização" | C48: 1 | D48: Horas por dia para higienização do veículo.
A50: CÁLCULOS (itenização numérica)
A51: 1. Mão-de-obra
A52: 1.1. Monitor - EMPRESA LUCRO REAL E PRESUMIDO
A53: Discriminação | C53: Unidade | D53: Quantidade | E53: Custo unitário | F53: Subtotal | G53: Total (R$) | H53: R$/Km
A54: Piso da categoria | C54: mês | D54: 1 | E54: =G32 -> 1621 | F54: =D54*E54 -> 1621
A55: Soma | F55: =SUM(F54:F54) -> 1621
A56: Encargos Sociais | C56: % | D56: ='Enc. Soc. - LR-LP e SN'!C$28*100 -> 70.61 | E56: =F55 -> 1621 | F56: =E56*D56/100 -> 1144.5881
A57: Prêmio de Assiduidade ( verba indenizatória) | D57: 1 | E57: 150 | F57: =E57 -> 150
A58: Total por Monitor | F58: =F55+F56+F57 -> 2915.5881
A59: Total do Efetivo | C59: homem | D59: =F32 -> 1 | E59: =F58 -> 2915.5881 | F59: =D59*E59 -> 2915.5881
E60: Fator de utilização | F60: =$C$46 -> 0.59943182 | G60: =F59*F60 -> 1747.6963 | H60: =G60/G$42 -> 1.0220446
A62: 1.1.1- Monitor - EMPRESA SIMPLES NACIONAL
A63: Encargos Sociais | C63: % | D63: ='Enc. Soc. - LR-LP e SN'!C$38*100 -> 32.81728 | E63: =F55 -> 1621 | F63: =E63*D63/100 -> 531.96811
A64: =A57 -> Prêmio de Assiduidade ( verba indenizatória) | D64: 1 | E64: 150 | F64: =E64 -> 150
A65: Total por Monitor | F65: =E63+F63+F64 -> 2302.9681
A66: Total do Efetivo | C66: homem | D66: =D59 -> 1 | E66: =F65 -> 2302.9681 | F66: =D66*E66 -> 2302.9681
E67: Fator de utilização | F67: =$C$46 -> 0.59943182 | G67: =F66*F67 -> 1380.4724 | H67: =G67/G$42 -> 0.80729378
A69: 1.2. Motorista - EMPRESA LUCRO REAL E PRESUMIDO
A70: Discriminação | C70: Unidade | D70: Quantidade | E70: Custo unitário | F70: Subtotal | G70: Total (R$) | H70: R$/Km
A71: Piso da categoria | C71: mês | D71: 1 | E71: =G31 -> 2271 | F71: =D71*E71 -> 2271
A72: Soma | F72: =SUM(F71:F71) -> 2271
A73: Encargos Sociais | C73: % | D73: ='Enc. Soc. - LR-LP e SN'!C$28*100 -> 70.61 | E73: =F72 -> 2271 | F73: =E73*D73/100 -> 1603.5531
A74: =A64 -> Prêmio de Assiduidade ( verba indenizatória) | D74: 1 | E74: 150 | F74: =E74 -> 150
A75: Total por Motorista | F75: =F72+F73+F74 -> 4024.5531
A76: Total do Efetivo | C76: homem | D76: 1 | E76: =F75 -> 4024.5531 | F76: =D76*E76 -> 4024.5531
E77: Fator de utilização | F77: =$C$46 -> 0.59943182 | G77: =F76*F77 -> 2412.4452 | H77: =G77/G$42 -> 1.4107867
A79: 1.2.1- Motorista - EMPRESA SIMPLES NACIONAL
A80: Encargos Sociais | C80: % | D80: ='Enc. Soc. - LR-LP e SN'!C$38*100 -> 32.81728 | E80: =F72 -> 2271 | F80: =E80*D80/100 -> 745.28043
A81: =A74 -> Prêmio de Assiduidade ( verba indenizatória) | D81: 1 | E81: 150 | F81: =E81 -> 150
A82: Total por Motorista | F82: =E80+F80+F81 -> 3166.2804
A83: Total do Efetivo | C83: homem | D83: =D76 -> 1 | E83: =F82 -> 3166.2804 | F83: =D83*E83 -> 3166.2804
E84: Fator de utilização | F84: =$C$46 -> 0.59943182 | G84: =F83*F84 -> 1897.9692 | H84: =G84/G$42 -> 1.1099235
A86: 1.3. Vale Transporte
A87: Discriminação | C87: Unidade | D87: Quantidade | E87: Custo unitário | F87: Subtotal | G87: Total (R$) | H87: R$/Km
A88: Vale Transporte | C88: R$ | D88: 1 | E88: ='lote 3.1'!E88 -> 6.6
A89: Dias Trabalhados por mês | C89: dia | D89: =E43 -> 20
A90: Monitor (Valor líquido, descontado 6,00% s/piso sal.) | C90: vale | D90: =$D$89*2*(F32) -> 40 | E90: =IF(E88=0,"",IFERROR((($D$89*2*$E$88)-(F54*0.06*D89/20))/($D$89*2),"-")) -> 4.1685 | F90: =IFERROR(D90*E90,"-") -> 166.74
A91: Motorista (Vlr líq. desc. 6,% s/piso sal.) | C91: vale | D91: =$D$89*2*(F31) -> 40 | E91: =IF(E88=0,"",IFERROR((($D$89*2*$E$88)-(F71*0.06*D89/20))/($D$89*2),"-")) -> 3.1935 | F91: =IFERROR(D91*E91,"-") -> 127.74
E92: Fator de utilização | F92: =$C$46 -> 0.59943182 | G92: =SUM(F88:F91)*F92 -> 176.52068 | H92: =G92/G$42 -> 0.10322847
A94: 1.4. Vale-refeição (diário)
A95: Discriminação | C95: Unidade | D95: Quantidade | E95: Custo unitário | F95: Subtotal | G95: Total (R$) | H95: R$/Km
A96: Monitor | C96: unidade | D96: =D89*(F32) -> 20 | E96: ='lote 3.1'!E96 -> 46 | F96: =D96*E96 -> 920
A97: Motorista | C97: unidade | D97: =D89*(F31) -> 20 | E97: =E96 -> 46 | F97: =D97*E97 -> 920
E98: Fator de utilização | F98: =$C$46 -> 0.59943182 | G98: =SUM(F96:F97)*F98 -> 1102.9545 | H98: =G98/G$42 -> 0.64500266
A100: 1.5. Seguro de Vida em grupo
A101: Discriminação | C101: Unidade | D101: Quantidade | E101: Custo unitário | F101: Subtotal | G101: Total (R$) | H101: R$/Km
A102: Monitor | C102: unidade | D102: mensal | E102: ='lote 3.1'!E102 -> 25.5 | F102: =E102 -> 25.5
A103: Motorista | C103: unidade | D103: mensal | E103: =E102 -> 25.5 | F103: =E103 -> 25.5
E104: Fator de utilização | F104: =$C$46 -> 0.59943182 | G104: =SUM(F102:F103)*F104 -> 30.571023 | H104: =G104/G$42 -> 0.017877791
A105: Custo Mensal com Mão-de-obra (R$/mês) - LUCRO REAL E PRESUMIDO | G105: =SUM(G54:G99)-G67-G84+G104 -> 5470.1877 | H105: =G105/G$42 -> 3.1989402
A106: Custo Mensal com Mão-de-obra (R$/mês) - SIMPLES NACIONAL | G106: =SUM(G54:G99)-G60-G77+G104 -> 4588.4878 | H106: =G106/G$42 -> 2.6833262
A108: 2. Veículos
A109: 2.1 Depreciação
A110: Discriminação | C110: Unidade | D110: Quantidade | E110: Custo unitário | F110: Subtotal | G110: Total (R$) | H110: R$/Km
A111: Custo de aquisição do veículo | C111: unidade | D111: 1 | E111: =G36 -> 270086 | F111: =D111*E111 -> 270086
A112: Vida útil do veícuo | C112: anos | D112: =C36 -> 10
A113: Depreciação do veículo | C113: % | D113: ='lote 3.1'!D113 -> 65.18 | E113: =F111 -> 270086 | F113: =D113*E113/100 -> 176042.05
...

Sheet  lote 6.1
A1: PLANILHA DE COMPOSIÇÃO DE CUSTOS E FORMAÇÃO DE PREÇO
A2: GRUPO A - Identificação
A3: Nº do processo: | B3: ='lote 3.1'!B3 -> 3827-2026 | C3: Nº Licitação: | F3: Data:
A4: Trajeto | B4: 6 | C4: Item: | D4: 1 | E4: Serviço de Transporte Escolar
A6: GRUPO B - Orçamento Sintético
A7: Formas de Tributação | C7: LUCRO REAL | E7: LUCRO PRESUMIDO | G7: SIMPLES NAC.
A8: Descrição do Item | C8: Custo (R$/mês) | D8: AV % | E8: Custo (R$/mês) | F8: AV % | G8: Custo (R$/mês) | H8: AV %
A9: =A51 -> 1. Mão-de-obra | C9: =+G105 -> 5859.0636 | D9: =IFERROR(C9/$C$26,0) -> 0.26249843 | E9: =G105 -> 5859.0636 | F9: =IFERROR(E9/$E$26,0) -> 0.27906211 | G9: =G106 -> 4914.6837 | H9: =IFERROR(G9/$G$26,0) -> 0.24345637
A10: 1.1. Monitor | C10: =G60 -> 1871.9401 | D10: =IFERROR(C10/$C$26,0) -> 0.08386687 | E10: =C10 -> 1871.9401 | F10: =IFERROR(E10/$E$26,0) -> 0.089158881 | G10: =G67 -> 1478.6102 | H10: =IFERROR(G10/$G$26,0) -> 0.073245217
A11: 1.2. Motorista | C11: =G77 -> 2583.946 | D11: =IFERROR(C11/$C$26,0) -> 0.11576624 | E11: =C11 -> 2583.946 | F11: =IFERROR(E11/$E$26,0) -> 0.12307111 | G11: =G84 -> 2032.896 | H11: =IFERROR(G11/$G$26,0) -> 0.10070261
A12: =A86 -> 1.3. Vale Transporte | C12: =G92 -> 189.06955 | D12: =IFERROR(C12/$C$26,0) -> 0.008470715 | E12: =C12 -> 189.06955 | F12: =IFERROR(E12/$E$26,0) -> 0.0090052183 | G12: =E12 -> 189.06955 | H12: =IFERROR(G12/$G$26,0) -> 0.009365849
A13: =A94 -> 1.4. Vale-refeição (diário) | C13: =G98 -> 1181.3636 | D13: =IFERROR(C13/$C$26,0) -> 0.052927586 | E13: =C13 -> 1181.3636 | F13: =IFERROR(E13/$E$26,0) -> 0.056267324 | G13: =E13 -> 1181.3636 | H13: =IFERROR(G13/$G$26,0) -> 0.058520654
A14: 1.5 seguro de vida em grupo | C14: =G104 -> 32.744318 | D14: =IFERROR(C14/$C$26,0) -> 0.0014670146 | E14: =C14 -> 32.744318 | F14: =IFERROR(E14/$E$26,0) -> 0.0015595834 | G14: =E14 -> 32.744318 | H14: =IFERROR(G14/$G$26,0) -> 0.0016220399
A15: =A108 -> 2. Veículos | C15: =+G171 -> 10995.44 | D15: =IFERROR(C15/$C$26,0) -> 0.49261894 | E15: =C15 -> 10995.44 | F15: =IFERROR(E15/$E$26,0) -> 0.52370326 | G15: =E15 -> 10995.44 | H15: =IFERROR(G15/$G$26,0) -> 0.54467594
A16: =A109 -> 2.1 Depreciação | C16: =G116 -> 1409.8698 | D16: =IFERROR(C16/$C$26,0) -> 0.063165143 | E16: =C16 -> 1409.8698 | F16: =IFERROR(E16/$E$26,0) -> 0.067150872 | G16: =E16 -> 1409.8698 | H16: =IFERROR(G16/$G$26,0) -> 0.069840054
A17: =A117 -> 2.2 Remuneração do Capital | C17: =G127 -> 2254.6836 | D17: =IFERROR(C17/$C$26,0) -> 0.10101459 | E17: =C17 -> 2254.6836 | F17: =IFERROR(E17/$E$26,0) -> 0.10738862 | G17: =E17 -> 2254.6836 | H17: =IFERROR(G17/$G$26,0) -> 0.1116892
A18: =A129 -> 2.3. Impostos e Seguros | C18: =G139 -> 689.565 | D18: =IFERROR(C18/$C$26,0) -> 0.030893969 | E18: =C18 -> 689.565 | F18: =IFERROR(E18/$E$26,0) -> 0.032843382 | G18: =E18 -> 689.565 | H18: =IFERROR(G18/$G$26,0) -> 0.034158657
A19: =A140 -> 2.4. Consumos | C19: =G154 -> 2895.2473 | D19: =IFERROR(C19/$C$26,0) -> 0.1297132 | E19: =C19 -> 2895.2473 | F19: =IFERROR(E19/$E$26,0) -> 0.13789812 | G19: =E19 -> 2895.2473 | H19: =IFERROR(G19/$G$26,0) -> 0.1434205
A20: =A156 -> 2.5. Manutenção | C20: =G161 -> 3347.65 | D20: =IFERROR(C20/$C$26,0) -> 0.14998179 | E20: =C20 -> 3347.65 | F20: =IFERROR(E20/$E$26,0) -> 0.15944566 | G20: =E20 -> 3347.65 | H20: =IFERROR(G20/$G$26,0) -> 0.16583096
A21: =A163 -> 2.6. Pneus | C21: =G169 -> 398.4244 | D21: =IFERROR(C21/$C$26,0) -> 0.017850255 | E21: =C21 -> 398.4244 | F21: =IFERROR(E21/$E$26,0) -> 0.018976608 | G21: =E21 -> 398.4244 | H21: =IFERROR(G21/$G$26,0) -> 0.019736562
A22: =A173 -> 3. Ferramentas e Materiais de Consumo | C22: =+G183 -> 86.958333 | D22: =IFERROR(C22/$C$26,0) -> 0.003895917 | E22: =C22 -> 86.958333 | F22: =IFERROR(E22/$E$26,0) -> 0.0041417499 | G22: =E22 -> 86.958333 | H22: =IFERROR(G22/$G$26,0) -> 0.004307614
A23: =A188 -> 4. Benefícios e Desp. Ind. - BDI - LUCRO REAL | C23: =+G194 -> 5378.9142 | D23: =IFERROR(C23/$C$26,0) -> 0.24098672
A24: =A202 -> 5. Benefícios e Desp. Ind. - BDI - LUCRO PRESUMIDO | E24: =G208 -> 4054.0919 | F24: =IFERROR(E24/$E$26,0) -> 0.19309288
A25: =A216 -> 6. Benef. Desp. Ind. + Impostos - SIMPLES NACIONAL | G25: =G220+G233 -> 4190.0408 | H25: =IFERROR(G25/$G$26,0) -> 0.20756008
A26: PREÇO TOTAL MÊS (R$/Mês) | C26: =C9+C15+C22+C23 -> 22320.376 | D26: =D9+D15+D22+D23 -> 1 | E26: =E9+E15+E22+E24 -> 20995.554 | F26: =F9+F15+F22+F24 -> 1 | G26: =G9+G15+G22+G25 -> 20187.123 | H26: =H9+H15+H22+H25 -> 1
A27: PREÇO POR QUILOMETRO (R$/Km) | C27: =G200 -> 12.000202 | E27: =G214 -> 11.287932 | G27: =G239 -> 10.853292
A29: GRUPO C - Informações sobre
A30: C1- Mão-de-obra | F30: Quantidade | G30: R$ / mês
A31: Motorista | F31: 1 | G31: ='lote 3.1'!G31 -> 2271
A32: Monitor | F32: 1 | G32: ='lote 3.1'!G32 -> 1621
A33: Total de mão-de-obra (postos de trabalho) | F33: =SUM(F31:F32) -> 2
A35: C2- Veículos | C35: Vida útil do Veículo | D35: Taxade depreciação | E35: Capacidade (Lugares) | F35: Quantidade | G35: Valor (R$)
A36: Dados do veículo e descrição do veículo | C36: 10 | D36: =1/C36 -> 0.1 | E36: 21 | F36: 1 | G36: 404278
A37: Sprinter Van Mercedez Benz - 517 E.L.T.A teto alto 21 lugares , ano 2026, pneus 225 x 75 aro 16 | D37: tipo de combustível | E37: óleo diesel BS 10
A38: Consumo médio (Km / litro) e Valor do litro (R$) | F38: 5.5 | G38: ='lote 3.1'!G38 -> 7.32
A39: Velocidade média em função do pavimento (Km/h) | F39: 20
A41: C3- Distâncias | C41: Unidade | E41: Km por dia | F41: Horas p/Dia | G41: Km por mês
A42: Distância percorrida | C42: Km | E42: 93 | F42: =(E42/F39)+C48 -> 5.65 | G42: =E42*E43 -> 1860 | I42: 93
A43: Média de dias letivos por mês | C43: Dias | E43: 20 | I43: =I42*203 -> 18879
A45: C4- Fatores | C45: % | D45: Aplicação
A46: Fator de utilização (FU) | C46: =F42/8.8 -> 0.64204545 | D46: Equipe e veículos
A47: Fator de Majoração pelo "Tipo de via" | C47: 0.15 | D47: Conforme tipo de via
A48: Fator de Majoração por "Tempo p/Higienização" | C48: 1 | D48: Horas por dia para higienização do veículo.
A50: CÁLCULOS (itenização numérica)
A51: 1. Mão-de-obra
A52: 1.1. Monitor - EMPRESA LUCRO REAL E PRESUMIDO
A53: Discriminação | C53: Unidade | D53: Quantidade | E53: Custo unitário | F53: Subtotal | G53: Total (R$) | H53: R$/Km
A54: Piso da categoria | C54: mês | D54: 1 | E54: =G32 -> 1621 | F54: =D54*E54 -> 1621
A55: Soma | F55: =SUM(F54:F54) -> 1621
A56: Encargos Sociais | C56: % | D56: ='Enc. Soc. - LR-LP e SN'!C$28*100 -> 70.61 | E56: =F55 -> 1621 | F56: =E56*D56/100 -> 1144.5881
A57: Prêmio de Assiduidade ( verba indenizatória) | D57: 1 | E57: 150 | F57: =E57 -> 150
A58: Total por Monitor | F58: =F55+F56+F57 -> 2915.5881
A59: Total do Efetivo | C59: homem | D59: =F32 -> 1 | E59: =F58 -> 2915.5881 | F59: =D59*E59 -> 2915.5881
E60: Fator de utilização | F60: =$C$46 -> 0.64204545 | G60: =F59*F60 -> 1871.9401 | H60: =G60/G$42 -> 1.0064194
A62: 1.1.1- Monitor - EMPRESA SIMPLES NACIONAL
A63: Encargos Sociais | C63: % | D63: ='Enc. Soc. - LR-LP e SN'!C$38*100 -> 32.81728 | E63: =F55 -> 1621 | F63: =E63*D63/100 -> 531.96811
A64: =A57 -> Prêmio de Assiduidade ( verba indenizatória) | D64: 1 | E64: 150 | F64: =E64 -> 150
A65: Total por Monitor | F65: =E63+F63+F64 -> 2302.9681
A66: Total do Efetivo | C66: homem | D66: =D59 -> 1 | E66: =F65 -> 2302.9681 | F66: =D66*E66 -> 2302.9681
E67: Fator de utilização | F67: =$C$46 -> 0.64204545 | G67: =F66*F67 -> 1478.6102 | H67: =G67/G$42 -> 0.79495172
A69: 1.2. Motorista - EMPRESA LUCRO REAL E PRESUMIDO
A70: Discriminação | C70: Unidade | D70: Quantidade | E70: Custo unitário | F70: Subtotal | G70: Total (R$) | H70: R$/Km
A71: Piso da categoria | C71: mês | D71: 1 | E71: =G31 -> 2271 | F71: =D71*E71 -> 2271
A72: Soma | F72: =SUM(F71:F71) -> 2271
A73: Encargos Sociais | C73: % | D73: ='Enc. Soc. - LR-LP e SN'!C$28*100 -> 70.61 | E73: =F72 -> 2271 | F73: =E73*D73/100 -> 1603.5531
A74: =A64 -> Prêmio de Assiduidade ( verba indenizatória) | D74: 1 | E74: 150 | F74: =E74 -> 150
A75: Total por Motorista | F75: =F72+F73+F74 -> 4024.5531
A76: Total do Efetivo | C76: homem | D76: 1 | E76: =F75 -> 4024.5531 | F76: =D76*E76 -> 4024.5531
E77: Fator de utilização | F77: =$C$46 -> 0.64204545 | G77: =F76*F77 -> 2583.946 | H77: =G77/G$42 -> 1.3892183
A79: 1.2.1- Motorista - EMPRESA SIMPLES NACIONAL
A80: Encargos Sociais | C80: % | D80: ='Enc. Soc. - LR-LP e SN'!C$38*100 -> 32.81728 | E80: =F72 -> 2271 | F80: =E80*D80/100 -> 745.28043
A81: =A74 -> Prêmio de Assiduidade ( verba indenizatória) | D81: 1 | E81: 150 | F81: =E81 -> 150
A82: Total por Motorista | F82: =E80+F80+F81 -> 3166.2804
A83: Total do Efetivo | C83: homem | D83: =D76 -> 1 | E83: =F82 -> 3166.2804 | F83: =D83*E83 -> 3166.2804
E84: Fator de utilização | F84: =$C$46 -> 0.64204545 | G84: =F83*F84 -> 2032.896 | H84: =G84/G$42 -> 1.0929548
A86: 1.3. Vale Transporte
A87: Discriminação | C87: Unidade | D87: Quantidade | E87: Custo unitário | F87: Subtotal | G87: Total (R$) | H87: R$/Km
A88: Vale Transporte | C88: R$ | D88: 1 | E88: ='lote 3.1'!E88 -> 6.6
A89: Dias Trabalhados por mês | C89: dia | D89: =E43 -> 20
A90: Monitor (Valor líquido, descontado 6,00% s/piso sal.) | C90: vale | D90: =$D$89*2*(F32) -> 40 | E90: =IF(E88=0,"",IFERROR((($D$89*2*$E$88)-(F54*0.06*D89/20))/($D$89*2),"-")) -> 4.1685 | F90: =IFERROR(D90*E90,"-") -> 166.74
A91: Motorista (Vlr líq. desc. 6,% s/piso sal.) | C91: vale | D91: =$D$89*2*(F31) -> 40 | E91: =IF(E88=0,"",IFERROR((($D$89*2*$E$88)-(F71*0.06*D89/20))/($D$89*2),"-")) -> 3.1935 | F91: =IFERROR(D91*E91,"-") -> 127.74
E92: Fator de utilização | F92: =$C$46 -> 0.64204545 | G92: =SUM(F88:F91)*F92 -> 189.06955 | H92: =G92/G$42 -> 0.10165029
A94: 1.4. Vale-refeição (diário)
A95: Discriminação | C95: Unidade | D95: Quantidade | E95: Custo unitário | F95: Subtotal | G95: Total (R$) | H95: R$/Km
A96: Monitor | C96: unidade | D96: =D89*(F32) -> 20 | E96: ='lote 3.1'!E96 -> 46 | F96: =D96*E96 -> 920
A97: Motorista | C97: unidade | D97: =D89*(F31) -> 20 | E97: =E96 -> 46 | F97: =D97*E97 -> 920
E98: Fator de utilização | F98: =$C$46 -> 0.64204545 | G98: =SUM(F96:F97)*F98 -> 1181.3636 | H98: =G98/G$42 -> 0.63514174
A100: 1.5. Seguro de Vida em grupo
A101: Discriminação | C101: Unidade | D101: Quantidade | E101: Custo unitário | F101: Subtotal | G101: Total (R$) | H101: R$/Km
A102: Monitor | C102: unidade | D102: mensal | E102: ='lote 3.1'!E102 -> 25.5 | F102: =E102 -> 25.5
A103: Motorista | C103: unidade | D103: mensal | E103: =E102 -> 25.5 | F103: =E103 -> 25.5
E104: Fator de utilização | F104: =$C$46 -> 0.64204545 | G104: =SUM(F102:F103)*F104 -> 32.744318 | H104: =G104/G$42 -> 0.017604472
A105: Custo Mensal com Mão-de-obra (R$/mês) - LUCRO REAL E PRESUMIDO | G105: =SUM(G54:G99)-G67-G84+G104 -> 5859.0636 | H105: =G105/G$42 -> 3.1500342
A106: Custo Mensal com Mão-de-obra (R$/mês) - SIMPLES NACIONAL | G106: =SUM(G54:G99)-G60-G77+G104 -> 4914.6837 | H106: =G106/G$42 -> 2.642303
A108: 2. Veículos
A109: 2.1 Depreciação
A110: Discriminação | C110: Unidade | D110: Quantidade | E110: Custo unitário | F110: Subtotal | G110: Total (R$) | H110: R$/Km
A111: Custo de aquisição do veículo | C111: unidade | D111: 1 | E111: =G36 -> 404278 | F111: =D111*E111 -> 404278
A112: Vida útil do veícuo | C112: anos | D112: =C36 -> 10
A113: Depreciação do veículo | C113: % | D113: ='lote 3.1'!D113 -> 65.18 | E113: =F111 -> 404278 | F113: =D113*E113/100 -> 263508.4
...

Sheet  lote 7.1 
A1: PLANILHA DE COMPOSIÇÃO DE CUSTOS E FORMAÇÃO DE PREÇO
A2: GRUPO A - Identificação
A3: Nº do processo: | B3: ='lote 3.1'!B3 -> 3827-2026 | C3: Nº Licitação: | F3: Data:
A4: Trajeto | B4: 7 | C4: Item: | D4: 1 | E4: Serviço de Transporte Escolar
A6: GRUPO B - Orçamento Sintético
A7: Formas de Tributação | C7: LUCRO REAL | E7: LUCRO PRESUMIDO | G7: SIMPLES NAC.
A8: Descrição do Item | C8: Custo (R$/mês) | D8: AV % | E8: Custo (R$/mês) | F8: AV % | G8: Custo (R$/mês) | H8: AV %
A9: =A51 -> 1. Mão-de-obra | C9: =+G105 -> 7155.3166 | D9: =IFERROR(C9/$C$26,0) -> 0.26223822 | E9: =G105 -> 7155.3166 | F9: =IFERROR(E9/$E$26,0) -> 0.27878548 | G9: =G106 -> 6002.0031 | H9: =IFERROR(G9/$G$26,0) -> 0.24131105
A10: 1.1. Monitor | C10: =G60 -> 2286.0861 | D10: =IFERROR(C10/$C$26,0) -> 0.083783734 | E10: =C10 -> 2286.0861 | F10: =IFERROR(E10/$E$26,0) -> 0.0890705 | G10: =G67 -> 1805.7364 | H10: =IFERROR(G10/$G$26,0) -> 0.072599786
A11: 1.2. Motorista | C11: =G77 -> 3155.6155 | D11: =IFERROR(C11/$C$26,0) -> 0.11565148 | E11: =C11 -> 3155.6155 | F11: =IFERROR(E11/$E$26,0) -> 0.12294911 | G11: =G84 -> 2482.6517 | H11: =IFERROR(G11/$G$26,0) -> 0.099815226
A12: =A86 -> 1.3. Vale Transporte | C12: =G92 -> 230.89909 | D12: =IFERROR(C12/$C$26,0) -> 0.0084623182 | E12: =C12 -> 230.89909 | F12: =IFERROR(E12/$E$26,0) -> 0.0089962916 | G12: =E12 -> 230.89909 | H12: =IFERROR(G12/$G$26,0) -> 0.0092833179
A13: =A94 -> 1.4. Vale-refeição (diário) | C13: =G98 -> 1442.7273 | D13: =IFERROR(C13/$C$26,0) -> 0.05287512 | E13: =C13 -> 1442.7273 | F13: =IFERROR(E13/$E$26,0) -> 0.056211548 | G13: =E13 -> 1442.7273 | H13: =IFERROR(G13/$G$26,0) -> 0.058004975
A14: 1.5 seguro de vida em grupo | C14: =G104 -> 39.988636 | D14: =IFERROR(C14/$C$26,0) -> 0.0014655604 | E14: =C14 -> 39.988636 | F14: =IFERROR(E14/$E$26,0) -> 0.0015580375 | G14: =E14 -> 39.988636 | H14: =IFERROR(G14/$G$26,0) -> 0.0016077466
A15: =A108 -> 2. Veículos | C15: =+G171 -> 13467.828 | D15: =IFERROR(C15/$C$26,0) -> 0.49358809 | E15: =C15 -> 13467.828 | F15: =IFERROR(E15/$E$26,0) -> 0.52473357 | G15: =E15 -> 13467.828 | H15: =IFERROR(G15/$G$26,0) -> 0.54147517
A16: =A109 -> 2.1 Depreciação | C16: =G116 -> 1721.7878 | D16: =IFERROR(C16/$C$26,0) -> 0.063102529 | E16: =C16 -> 1721.7878 | F16: =IFERROR(E16/$E$26,0) -> 0.067084307 | G16: =E16 -> 1721.7878 | H16: =IFERROR(G16/$G$26,0) -> 0.069224629
A17: =A117 -> 2.2 Remuneração do Capital | C17: =G127 -> 2753.5074 | D17: =IFERROR(C17/$C$26,0) -> 0.10091445 | E17: =C17 -> 2753.5074 | F17: =IFERROR(E17/$E$26,0) -> 0.10728217 | G17: =E17 -> 2753.5074 | H17: =IFERROR(G17/$G$26,0) -> 0.110705
A18: =A129 -> 2.3. Impostos e Seguros | C18: =G139 -> 689.565 | D18: =IFERROR(C18/$C$26,0) -> 0.025272158 | E18: =C18 -> 689.565 | F18: =IFERROR(E18/$E$26,0) -> 0.026866835 | G18: =E18 -> 689.565 | H18: =IFERROR(G18/$G$26,0) -> 0.02772402
A19: =A140 -> 2.4. Consumos | C19: =G154 -> 3673.5396 | D19: =IFERROR(C19/$C$26,0) -> 0.1346331 | E19: =C19 -> 3673.5396 | F19: =IFERROR(E19/$E$26,0) -> 0.14312847 | G19: =E19 -> 3673.5396 | H19: =IFERROR(G19/$G$26,0) -> 0.14769498
A20: =A156 -> 2.5. Manutenção | C20: =G161 -> 4123.9 | D20: =IFERROR(C20/$C$26,0) -> 0.15113855 | E20: =C20 -> 4123.9 | F20: =IFERROR(E20/$E$26,0) -> 0.16067541 | G20: =E20 -> 4123.9 | H20: =IFERROR(G20/$G$26,0) -> 0.16580176
A21: =A163 -> 2.6. Pneus | C21: =G169 -> 505.52773 | D21: =IFERROR(C21/$C$26,0) -> 0.018527299 | E21: =C21 -> 505.52773 | F21: =IFERROR(E21/$E$26,0) -> 0.019696374 | G21: =E21 -> 505.52773 | H21: =IFERROR(G21/$G$26,0) -> 0.020324786
A22: =A173 -> 3. Ferramentas e Materiais de Consumo | C22: =+G183 -> 86.958333 | D22: =IFERROR(C22/$C$26,0) -> 0.0031869726 | E22: =C22 -> 86.958333 | F22: =IFERROR(E22/$E$26,0) -> 0.003388071 | G22: =E22 -> 86.958333 | H22: =IFERROR(G22/$G$26,0) -> 0.0034961673
A23: =A188 -> 4. Benefícios e Desp. Ind. - BDI - LUCRO REAL | C23: =+G194 -> 6575.4576 | D23: =IFERROR(C23/$C$26,0) -> 0.24098672
A24: =A202 -> 5. Benefícios e Desp. Ind. - BDI - LUCRO PRESUMIDO | E24: =G208 -> 4955.9275 | F24: =IFERROR(E24/$E$26,0) -> 0.19309288
A25: =A216 -> 6. Benef. Desp. Ind. + Impostos - SIMPLES NACIONAL | G25: =G220+G233 -> 5315.6858 | H25: =IFERROR(G25/$G$26,0) -> 0.21371761
A26: PREÇO TOTAL MÊS (R$/Mês) | C26: =C9+C15+C22+C23 -> 27285.56 | D26: =D9+D15+D22+D23 -> 1 | E26: =E9+E15+E22+E24 -> 25666.03 | F26: =F9+F15+F22+F24 -> 1 | G26: =G9+G15+G22+G25 -> 24872.475 | H26: =H9+H15+H22+H25 -> 1
A27: PREÇO POR QUILOMETRO (R$/Km) | C27: =G200 -> 11.561678 | E27: =G214 -> 10.875436 | G27: =G239 -> 10.539184
A29: GRUPO C - Informações sobre
A30: C1- Mão-de-obra | F30: Quantidade | G30: R$ / mês
A31: Motorista | F31: 1 | G31: ='lote 3.1'!G31 -> 2271
A32: Monitor | F32: 1 | G32: ='lote 3.1'!G32 -> 1621
A33: Total de mão-de-obra (postos de trabalho) | F33: =SUM(F31:F32) -> 2
A35: C2- Veículos | C35: Vida útil do Veículo | D35: Taxade depreciação | E35: Capacidade (Lugares) | F35: Quantidade | G35: Valor (R$)
A36: Dados do veículo e descrição do veículo | C36: 10 | D36: =1/C36 -> 0.1 | E36: 20 | F36: 1 | G36: 404278
A37: Sprinter Van Mercedez Benz - 517 E.L.T.A teto alto 21 lugares , ano 2026, pneus 225 x 75 aro 16 | D37: tipo de combustível | E37: óleo diesel BS 10
A38: Consumo médio (Km / litro) e Valor do litro (R$) | F38: 5.5 | G38: ='lote 3.1'!G38 -> 7.32
A39: Velocidade média em função do pavimento (Km/h) | F39: 20
A41: C3- Distâncias | C41: Unidade | E41: Km por dia | F41: Horas p/Dia | G41: Km por mês
A42: Distância percorrida | C42: Km | E42: 118 | F42: =(E42/F39)+C48 -> 6.9 | G42: =E42*E43 -> 2360 | I42: =22.5+50.5+27+18 -> 118
A43: Média de dias letivos por mês | C43: Dias | E43: 20 | I43: =I42*203 -> 23954
A45: C4- Fatores | C45: % | D45: Aplicação
A46: Fator de utilização (FU) | C46: =F42/8.8 -> 0.78409091 | D46: Equipe e veículos
A47: Fator de Majoração pelo "Tipo de via" | C47: 0.15 | D47: Conforme tipo de via
A48: Fator de Majoração por "Tempo p/Higienização" | C48: 1 | D48: Horas por dia para higienização do veículo.
A50: CÁLCULOS (itenização numérica)
A51: 1. Mão-de-obra
A52: 1.1. Monitor - EMPRESA LUCRO REAL E PRESUMIDO
A53: Discriminação | C53: Unidade | D53: Quantidade | E53: Custo unitário | F53: Subtotal | G53: Total (R$) | H53: R$/Km
A54: Piso da categoria | C54: mês | D54: 1 | E54: =G32 -> 1621 | F54: =D54*E54 -> 1621
A55: Soma | F55: =SUM(F54:F54) -> 1621
A56: Encargos Sociais | C56: % | D56: ='Enc. Soc. - LR-LP e SN'!C$28*100 -> 70.61 | E56: =F55 -> 1621 | F56: =E56*D56/100 -> 1144.5881
A57: Prêmio de Assiduidade ( verba indenizatória) | D57: 1 | E57: 150 | F57: =E57 -> 150
A58: Total por Monitor | F58: =F55+F56+F57 -> 2915.5881
A59: Total do Efetivo | C59: homem | D59: =F32 -> 1 | E59: =F58 -> 2915.5881 | F59: =D59*E59 -> 2915.5881
E60: Fator de utilização | F60: =$C$46 -> 0.78409091 | G60: =F59*F60 -> 2286.0861 | H60: =G60/G$42 -> 0.96868056
A62: 1.1.1- Monitor - EMPRESA SIMPLES NACIONAL
A63: Encargos Sociais | C63: % | D63: ='Enc. Soc. - LR-LP e SN'!C$38*100 -> 32.81728 | E63: =F55 -> 1621 | F63: =E63*D63/100 -> 531.96811
A64: =A57 -> Prêmio de Assiduidade ( verba indenizatória) | D64: 1 | E64: 150 | F64: =E64 -> 150
A65: Total por Monitor | F65: =E63+F63+F64 -> 2302.9681
A66: Total do Efetivo | C66: homem | D66: =D59 -> 1 | E66: =F65 -> 2302.9681 | F66: =D66*E66 -> 2302.9681
E67: Fator de utilização | F67: =$C$46 -> 0.78409091 | G67: =F66*F67 -> 1805.7364 | H67: =G67/G$42 -> 0.76514252
A69: 1.2. Motorista - EMPRESA LUCRO REAL E PRESUMIDO
A70: Discriminação | C70: Unidade | D70: Quantidade | E70: Custo unitário | F70: Subtotal | G70: Total (R$) | H70: R$/Km
A71: Piso da categoria | C71: mês | D71: 1 | E71: =G31 -> 2271 | F71: =D71*E71 -> 2271
A72: Soma | F72: =SUM(F71:F71) -> 2271
A73: Encargos Sociais | C73: % | D73: ='Enc. Soc. - LR-LP e SN'!C$28*100 -> 70.61 | E73: =F72 -> 2271 | F73: =E73*D73/100 -> 1603.5531
A74: =A64 -> Prêmio de Assiduidade ( verba indenizatória) | D74: 1 | E74: 150 | F74: =E74 -> 150
A75: Total por Motorista | F75: =F72+F73+F74 -> 4024.5531
A76: Total do Efetivo | C76: homem | D76: 1 | E76: =F75 -> 4024.5531 | F76: =D76*E76 -> 4024.5531
E77: Fator de utilização | F77: =$C$46 -> 0.78409091 | G77: =F76*F77 -> 3155.6155 | H77: =G77/G$42 -> 1.3371252
A79: 1.2.1- Motorista - EMPRESA SIMPLES NACIONAL
A80: Encargos Sociais | C80: % | D80: ='Enc. Soc. - LR-LP e SN'!C$38*100 -> 32.81728 | E80: =F72 -> 2271 | F80: =E80*D80/100 -> 745.28043
A81: =A74 -> Prêmio de Assiduidade ( verba indenizatória) | D81: 1 | E81: 150 | F81: =E81 -> 150
A82: Total por Motorista | F82: =E80+F80+F81 -> 3166.2804
A83: Total do Efetivo | C83: homem | D83: =D76 -> 1 | E83: =F82 -> 3166.2804 | F83: =D83*E83 -> 3166.2804
E84: Fator de utilização | F84: =$C$46 -> 0.78409091 | G84: =F83*F84 -> 2482.6517 | H84: =G84/G$42 -> 1.0519711
A86: 1.3. Vale Transporte
A87: Discriminação | C87: Unidade | D87: Quantidade | E87: Custo unitário | F87: Subtotal | G87: Total (R$) | H87: R$/Km
A88: Vale Transporte | C88: R$ | D88: 1 | E88: ='lote 3.1'!E88 -> 6.6
A89: Dias Trabalhados por mês | C89: dia | D89: =E43 -> 20
A90: Monitor (Valor líquido, descontado 6,00% s/piso sal.) | C90: vale | D90: =$D$89*2*(F32) -> 40 | E90: =IF(E88=0,"",IFERROR((($D$89*2*$E$88)-(F54*0.06*D89/20))/($D$89*2),"-")) -> 4.1685 | F90: =IFERROR(D90*E90,"-") -> 166.74
A91: Motorista (Vlr líq. desc. 6,% s/piso sal.) | C91: vale | D91: =$D$89*2*(F31) -> 40 | E91: =IF(E88=0,"",IFERROR((($D$89*2*$E$88)-(F71*0.06*D89/20))/($D$89*2),"-")) -> 3.1935 | F91: =IFERROR(D91*E91,"-") -> 127.74
E92: Fator de utilização | F92: =$C$46 -> 0.78409091 | G92: =SUM(F88:F91)*F92 -> 230.89909 | H92: =G92/G$42 -> 0.097838598
A94: 1.4. Vale-refeição (diário)
A95: Discriminação | C95: Unidade | D95: Quantidade | E95: Custo unitário | F95: Subtotal | G95: Total (R$) | H95: R$/Km
A96: Monitor | C96: unidade | D96: =D89*(F32) -> 20 | E96: ='lote 3.1'!E96 -> 46 | F96: =D96*E96 -> 920
A97: Motorista | C97: unidade | D97: =D89*(F31) -> 20 | E97: =E96 -> 46 | F97: =D97*E97 -> 920
E98: Fator de utilização | F98: =$C$46 -> 0.78409091 | G98: =SUM(F96:F97)*F98 -> 1442.7273 | H98: =G98/G$42 -> 0.61132512
A100: 1.5. Seguro de Vida em grupo
A101: Discriminação | C101: Unidade | D101: Quantidade | E101: Custo unitário | F101: Subtotal | G101: Total (R$) | H101: R$/Km
A102: Monitor | C102: unidade | D102: mensal | E102: ='lote 3.1'!E102 -> 25.5 | F102: =E102 -> 25.5
A103: Motorista | C103: unidade | D103: mensal | E103: =E102 -> 25.5 | F103: =E103 -> 25.5
E104: Fator de utilização | F104: =$C$46 -> 0.78409091 | G104: =SUM(F102:F103)*F104 -> 39.988636 | H104: =G104/G$42 -> 0.016944337
A105: Custo Mensal com Mão-de-obra (R$/mês) - LUCRO REAL E PRESUMIDO | G105: =SUM(G54:G99)-G67-G84+G104 -> 7155.3166 | H105: =G105/G$42 -> 3.0319138
A106: Custo Mensal com Mão-de-obra (R$/mês) - SIMPLES NACIONAL | G106: =SUM(G54:G99)-G60-G77+G104 -> 6002.0031 | H106: =G106/G$42 -> 2.5432216
A108: 2. Veículos
A109: 2.1 Depreciação
A110: Discriminação | C110: Unidade | D110: Quantidade | E110: Custo unitário | F110: Subtotal | G110: Total (R$) | H110: R$/Km
A111: Custo de aquisição do veículo | C111: unidade | D111: 1 | E111: =G36 -> 404278 | F111: =D111*E111 -> 404278
A112: Vida útil do veícuo | C112: anos | D112: =C36 -> 10
A113: Depreciação do veículo | C113: % | D113: ='lote 3.1'!D113 -> 65.18 | E113: =F111 -> 404278 | F113: =D113*E113/100 -> 263508.4
...

Sheet  lote 14.1
A1: PLANILHA DE COMPOSIÇÃO DE CUSTOS E FORMAÇÃO DE PREÇO
A2: GRUPO A - Identificação
A3: Nº do processo: | B3: ='lote 3.1'!B3 -> 3827-2026 | C3: Nº Licitação: | F3: Data:
A4: Trajeto | B4: 14 | C4: Item: | D4: 1 | E4: Serviço de Transporte Escolar
A6: GRUPO B - Orçamento Sintético
A7: Formas de Tributação | C7: LUCRO REAL | E7: LUCRO PRESUMIDO | G7: SIMPLES NAC.
A8: Descrição do Item | C8: Custo (R$/mês) | D8: AV % | E8: Custo (R$/mês) | F8: AV % | G8: Custo (R$/mês) | H8: AV %
A9: =A51 -> 1. Mão-de-obra | C9: =+G105 -> 6299.7896 | D9: =IFERROR(C9/$C$26,0) -> 0.24734157 | E9: =G105 -> 6299.7896 | F9: =IFERROR(E9/$E$26,0) -> 0.26294885 | G9: =G106 -> 5284.3723 | H9: =IFERROR(G9/$G$26,0) -> 0.22738607
A10: 1.1. Monitor | C10: =G60 -> 2012.7497 | D10: =IFERROR(C10/$C$26,0) -> 0.079024333 | E10: =C10 -> 2012.7497 | F10: =IFERROR(E10/$E$26,0) -> 0.084010779 | G10: =G67 -> 1589.8331 | H10: =IFERROR(G10/$G$26,0) -> 0.068410377
A11: 1.2. Motorista | C11: =G77 -> 2778.3136 | D11: =IFERROR(C11/$C$26,0) -> 0.10908181 | E11: =C11 -> 2778.3136 | F11: =IFERROR(E11/$E$26,0) -> 0.11596489 | G11: =G84 -> 2185.8129 | H11: =IFERROR(G11/$G$26,0) -> 0.094055336
A12: =A86 -> 1.3. Vale Transporte | C12: =G92 -> 203.29159 | D12: =IFERROR(C12/$C$26,0) -> 0.0079816094 | E12: =C12 -> 203.29159 | F12: =IFERROR(E12/$E$26,0) -> 0.0084852501 | G12: =E12 -> 203.29159 | H12: =IFERROR(G12/$G$26,0) -> 0.0087476191
A13: =A94 -> 1.4. Vale-refeição (diário) | C13: =G98 -> 1270.2273 | D13: =IFERROR(C13/$C$26,0) -> 0.049871507 | E13: =C13 -> 1270.2273 | F13: =IFERROR(E13/$E$26,0) -> 0.053018406 | G13: =E13 -> 1270.2273 | H13: =IFERROR(G13/$G$26,0) -> 0.054657767
A14: 1.5 seguro de vida em grupo | C14: =G104 -> 35.207386 | D14: =IFERROR(C14/$C$26,0) -> 0.0013823081 | E14: =C14 -> 35.207386 | F14: =IFERROR(E14/$E$26,0) -> 0.0014695319 | G14: =E14 -> 35.207386 | H14: =IFERROR(G14/$G$26,0) -> 0.0015149707
A15: =A108 -> 2. Veículos | C15: =+G171 -> 12945.32 | D15: =IFERROR(C15/$C$26,0) -> 0.50825757 | E15: =C15 -> 12945.32 | F15: =IFERROR(E15/$E$26,0) -> 0.54032869 | G15: =E15 -> 12945.32 | H15: =IFERROR(G15/$G$26,0) -> 0.55703598
A16: =A109 -> 2.1 Depreciação | C16: =G116 -> 1870.6849 | D16: =IFERROR(C16/$C$26,0) -> 0.073446602 | E16: =C16 -> 1870.6849 | F16: =IFERROR(E16/$E$26,0) -> 0.078081092 | G16: =E16 -> 1870.6849 | H16: =IFERROR(G16/$G$26,0) -> 0.080495407
A17: =A117 -> 2.2 Remuneração do Capital | C17: =G127 -> 2991.6257 | D17: =IFERROR(C17/$C$26,0) -> 0.11745684 | E17: =C17 -> 2991.6257 | F17: =IFERROR(E17/$E$26,0) -> 0.12486838 | G17: =E17 -> 2991.6257 | H17: =IFERROR(G17/$G$26,0) -> 0.12872939
A18: =A129 -> 2.3. Impostos e Seguros | C18: =G139 -> 768.4075 | D18: =IFERROR(C18/$C$26,0) -> 0.030169121 | E18: =C18 -> 768.4075 | F18: =IFERROR(E18/$E$26,0) -> 0.032072796 | G18: =E18 -> 768.4075 | H18: =IFERROR(G18/$G$26,0) -> 0.033064507
A19: =A140 -> 2.4. Consumos | C19: =G154 -> 3159.8667 | D19: =IFERROR(C19/$C$26,0) -> 0.1240623 | E19: =C19 -> 3159.8667 | F19: =IFERROR(E19/$E$26,0) -> 0.13189065 | G19: =E19 -> 3159.8667 | H19: =IFERROR(G19/$G$26,0) -> 0.13596878
A20: =A156 -> 2.5. Manutenção | C20: =G161 -> 3611.575 | D20: =IFERROR(C20/$C$26,0) -> 0.14179721 | E20: =C20 -> 3611.575 | F20: =IFERROR(E20/$E$26,0) -> 0.15074464 | G20: =E20 -> 3611.575 | H20: =IFERROR(G20/$G$26,0) -> 0.15540575
A21: =A163 -> 2.6. Pneus | C21: =G169 -> 543.16033 | D21: =IFERROR(C21/$C$26,0) -> 0.021325494 | E21: =C21 -> 543.16033 | F21: =IFERROR(E21/$E$26,0) -> 0.022671136 | G21: =E21 -> 543.16033 | H21: =IFERROR(G21/$G$26,0) -> 0.023372141
A22: =A173 -> 3. Ferramentas e Materiais de Consumo | C22: =+G183 -> 86.958333 | D22: =IFERROR(C22/$C$26,0) -> 0.0034141474 | E22: =C22 -> 86.958333 | F22: =IFERROR(E22/$E$26,0) -> 0.0036295806 | G22: =E22 -> 86.958333 | H22: =IFERROR(G22/$G$26,0) -> 0.0037418094
A23: =A188 -> 4. Benefícios e Desp. Ind. - BDI - LUCRO REAL | C23: =+G194 -> 6137.9316 | D23: =IFERROR(C23/$C$26,0) -> 0.24098672
A24: =A202 -> 5. Benefícios e Desp. Ind. - BDI - LUCRO PRESUMIDO | E24: =G208 -> 4626.1639 | F24: =IFERROR(E24/$E$26,0) -> 0.19309288
A25: =A216 -> 6. Benef. Desp. Ind. + Impostos - SIMPLES NACIONAL | G25: =G220+G233 -> 4922.9974 | H25: =IFERROR(G25/$G$26,0) -> 0.21183614
A26: PREÇO TOTAL MÊS (R$/Mês) | C26: =C9+C15+C22+C23 -> 25470 | D26: =D9+D15+D22+D23 -> 1 | E26: =E9+E15+E22+E24 -> 23958.232 | F26: =F9+F15+F22+F24 -> 1 | G26: =G9+G15+G22+G25 -> 23239.648 | H26: =H9+H15+H22+H25 -> 1
A27: PREÇO POR QUILOMETRO (R$/Km) | C27: =G200 -> 12.546798 | E27: =G214 -> 11.802085 | G27: =G239 -> 11.448103
A29: GRUPO C - Informações sobre
A30: C1- Mão-de-obra | F30: Quantidade | G30: R$ / mês
A31: Motorista | F31: 1 | G31: ='lote 3.1'!G31 -> 2271
A32: Monitor | F32: 1 | G32: ='lote 3.1'!G32 -> 1621
A33: Total de mão-de-obra (postos de trabalho) | F33: =SUM(F31:F32) -> 2
A35: C2- Veículos | C35: Vida útil do Veículo | D35: Taxade depreciação | E35: Capacidade (Lugares) | F35: Quantidade | G35: Valor (R$)
A36: Dados do veículo e descrição do veículo | C36: 10 | D36: =1/C36 -> 0.1 | E36: 24 | F36: 1 | G36: 498889
A37: micrônibus Volare ATT 8 longo fretamento com 31 lugares - ano 2025 - pneu 215 x 75 aro 17,5 | D37: tipo de combustível | E37: óleo diesel BS 10
A38: Consumo médio (Km / litro) e Valor do litro (R$) | F38: 5.5 | G38: ='lote 3.1'!G38 -> 7.32
A39: Velocidade média em função do pavimento (Km/h) | F39: 20
A41: C3- Distâncias | C41: Unidade | E41: Km por dia | F41: Horas p/Dia | G41: Km por mês
A42: Distância percorrida | C42: Km | E42: 101.5 | F42: =(E42/F39)+C48 -> 6.075 | G42: =E42*E43 -> 2030 | I42: =36+37+19+9.5 -> 101.5
A43: Média de dias letivos por mês | C43: Dias | E43: 20 | I43: =I42*203 -> 20604.5
A45: C4- Fatores | C45: % | D45: Aplicação
A46: Fator de utilização (FU) | C46: =F42/8.8 -> 0.69034091 | D46: Equipe e veículos
A47: Fator de Majoração pelo "Tipo de via" | C47: 0.15 | D47: Conforme tipo de via
A48: Fator de Majoração por "Tempo p/Higienização" | C48: 1 | D48: Horas por dia para higienização do veículo.
A50: CÁLCULOS (itenização numérica)
A51: 1. Mão-de-obra
A52: 1.1. Monitor - EMPRESA LUCRO REAL E PRESUMIDO
A53: Discriminação | C53: Unidade | D53: Quantidade | E53: Custo unitário | F53: Subtotal | G53: Total (R$) | H53: R$/Km
A54: Piso da categoria | C54: mês | D54: 1 | E54: =G32 -> 1621 | F54: =D54*E54 -> 1621
A55: Soma | F55: =SUM(F54:F54) -> 1621
A56: Encargos Sociais | C56: % | D56: ='Enc. Soc. - LR-LP e SN'!C$28*100 -> 70.61 | E56: =F55 -> 1621 | F56: =E56*D56/100 -> 1144.5881
A57: Prêmio de Assiduidade ( verba indenizatória) | D57: 1 | E57: 150 | F57: =E57 -> 150
A58: Total por Monitor | F58: =F55+F56+F57 -> 2915.5881
A59: Total do Efetivo | C59: homem | D59: =F32 -> 1 | E59: =F58 -> 2915.5881 | F59: =D59*E59 -> 2915.5881
E60: Fator de utilização | F60: =$C$46 -> 0.69034091 | G60: =F59*F60 -> 2012.7497 | H60: =G60/G$42 -> 0.99150233
A62: 1.1.1- Monitor - EMPRESA SIMPLES NACIONAL
A63: Encargos Sociais | C63: % | D63: ='Enc. Soc. - LR-LP e SN'!C$38*100 -> 32.81728 | E63: =F55 -> 1621 | F63: =E63*D63/100 -> 531.96811
A64: =A57 -> Prêmio de Assiduidade ( verba indenizatória) | D64: 1 | E64: 150 | F64: =E64 -> 150
A65: Total por Monitor | F65: =E63+F63+F64 -> 2302.9681
A66: Total do Efetivo | C66: homem | D66: =D59 -> 1 | E66: =F65 -> 2302.9681 | F66: =D66*E66 -> 2302.9681
E67: Fator de utilização | F67: =$C$46 -> 0.69034091 | G67: =F66*F67 -> 1589.8331 | H67: =G67/G$42 -> 0.78316901
A69: 1.2. Motorista - EMPRESA LUCRO REAL E PRESUMIDO
A70: Discriminação | C70: Unidade | D70: Quantidade | E70: Custo unitário | F70: Subtotal | G70: Total (R$) | H70: R$/Km
A71: Piso da categoria | C71: mês | D71: 1 | E71: =G31 -> 2271 | F71: =D71*E71 -> 2271
A72: Soma | F72: =SUM(F71:F71) -> 2271
A73: Encargos Sociais | C73: % | D73: ='Enc. Soc. - LR-LP e SN'!C$28*100 -> 70.61 | E73: =F72 -> 2271 | F73: =E73*D73/100 -> 1603.5531
A74: =A64 -> Prêmio de Assiduidade ( verba indenizatória) | D74: 1 | E74: 150 | F74: =E74 -> 150
A75: Total por Motorista | F75: =F72+F73+F74 -> 4024.5531
A76: Total do Efetivo | C76: homem | D76: 1 | E76: =F75 -> 4024.5531 | F76: =D76*E76 -> 4024.5531
E77: Fator de utilização | F77: =$C$46 -> 0.69034091 | G77: =F76*F77 -> 2778.3136 | H77: =G77/G$42 -> 1.3686274
A79: 1.2.1- Motorista - EMPRESA SIMPLES NACIONAL
A80: Encargos Sociais | C80: % | D80: ='Enc. Soc. - LR-LP e SN'!C$38*100 -> 32.81728 | E80: =F72 -> 2271 | F80: =E80*D80/100 -> 745.28043
A81: =A74 -> Prêmio de Assiduidade ( verba indenizatória) | D81: 1 | E81: 150 | F81: =E81 -> 150
A82: Total por Motorista | F82: =E80+F80+F81 -> 3166.2804
A83: Total do Efetivo | C83: homem | D83: =D76 -> 1 | E83: =F82 -> 3166.2804 | F83: =D83*E83 -> 3166.2804
E84: Fator de utilização | F84: =$C$46 -> 0.69034091 | G84: =F83*F84 -> 2185.8129 | H84: =G84/G$42 -> 1.0767551
A86: 1.3. Vale Transporte
A87: Discriminação | C87: Unidade | D87: Quantidade | E87: Custo unitário | F87: Subtotal | G87: Total (R$) | H87: R$/Km
A88: Vale Transporte | C88: R$ | D88: 1 | E88: ='lote 3.1'!E88 -> 6.6
A89: Dias Trabalhados por mês | C89: dia | D89: =E43 -> 20
A90: Monitor (Valor líquido, descontado 6,00% s/piso sal.) | C90: vale | D90: =$D$89*2*(F32) -> 40 | E90: =IF(E88=0,"",IFERROR((($D$89*2*$E$88)-(F54*0.06*D89/20))/($D$89*2),"-")) -> 4.1685 | F90: =IFERROR(D90*E90,"-") -> 166.74
A91: Motorista (Vlr líq. desc. 6,% s/piso sal.) | C91: vale | D91: =$D$89*2*(F31) -> 40 | E91: =IF(E88=0,"",IFERROR((($D$89*2*$E$88)-(F71*0.06*D89/20))/($D$89*2),"-")) -> 3.1935 | F91: =IFERROR(D91*E91,"-") -> 127.74
E92: Fator de utilização | F92: =$C$46 -> 0.69034091 | G92: =SUM(F88:F91)*F92 -> 203.29159 | H92: =G92/G$42 -> 0.10014364
A94: 1.4. Vale-refeição (diário)
A95: Discriminação | C95: Unidade | D95: Quantidade | E95: Custo unitário | F95: Subtotal | G95: Total (R$) | H95: R$/Km
A96: Monitor | C96: unidade | D96: =D89*(F32) -> 20 | E96: ='lote 3.1'!E96 -> 46 | F96: =D96*E96 -> 920
A97: Motorista | C97: unidade | D97: =D89*(F31) -> 20 | E97: =E96 -> 46 | F97: =D97*E97 -> 920
E98: Fator de utilização | F98: =$C$46 -> 0.69034091 | G98: =SUM(F96:F97)*F98 -> 1270.2273 | H98: =G98/G$42 -> 0.62572772
A100: 1.5. Seguro de Vida em grupo
A101: Discriminação | C101: Unidade | D101: Quantidade | E101: Custo unitário | F101: Subtotal | G101: Total (R$) | H101: R$/Km
A102: Monitor | C102: unidade | D102: mensal | E102: ='lote 3.1'!E102 -> 25.5 | F102: =E102 -> 25.5
A103: Motorista | C103: unidade | D103: mensal | E103: =E102 -> 25.5 | F103: =E103 -> 25.5
E104: Fator de utilização | F104: =$C$46 -> 0.69034091 | G104: =SUM(F102:F103)*F104 -> 35.207386 | H104: =G104/G$42 -> 0.01734354
A105: Custo Mensal com Mão-de-obra (R$/mês) - LUCRO REAL E PRESUMIDO | G105: =SUM(G54:G99)-G67-G84+G104 -> 6299.7896 | H105: =G105/G$42 -> 3.1033446
A106: Custo Mensal com Mão-de-obra (R$/mês) - SIMPLES NACIONAL | G106: =SUM(G54:G99)-G60-G77+G104 -> 5284.3723 | H106: =G106/G$42 -> 2.603139
A108: 2. Veículos
A109: 2.1 Depreciação
A110: Discriminação | C110: Unidade | D110: Quantidade | E110: Custo unitário | F110: Subtotal | G110: Total (R$) | H110: R$/Km
A111: Custo de aquisição do veículo | C111: unidade | D111: 1 | E111: =G36 -> 498889 | F111: =D111*E111 -> 498889
A112: Vida útil do veícuo | C112: anos | D112: =C36 -> 10
A113: Depreciação do veículo | C113: % | D113: ='lote 3.1'!D113 -> 65.18 | E113: =F111 -> 498889 | F113: =D113*E113/100 -> 325175.85
...

Sheet lote 16.1
A1: PLANILHA DE COMPOSIÇÃO DE CUSTOS E FORMAÇÃO DE PREÇO
A2: GRUPO A - Identificação
A3: Nº do processo: | B3: =' lote 14.1'!B3 -> 3827-2026 | C3: Nº Licitação: | F3: Data:
A4: Trajeto | B4: 16 | C4: Item: | D4: 1 | E4: Serviço de Transporte Escolar
A6: GRUPO B - Orçamento Sintético
A7: Formas de Tributação | C7: LUCRO REAL | E7: LUCRO PRESUMIDO | G7: SIMPLES NAC.
A8: Descrição do Item | C8: Custo (R$/mês) | D8: AV % | E8: Custo (R$/mês) | F8: AV % | G8: Custo (R$/mês) | H8: AV %
A9: =A51 -> 1. Mão-de-obra | C9: =+G106 -> 6273.8646 | D9: =IFERROR(C9/$C$26,0) -> 0.25368405 | E9: =G106 -> 6273.8646 | F9: =IFERROR(E9/$E$26,0) -> 0.26969155 | G9: =G107 -> 5262.6259 | H9: =IFERROR(G9/$G$26,0) -> 0.22394435
A10: 1.1. Monitor | C10: =G60 -> 2004.4668 | D10: =IFERROR(C10/$C$26,0) -> 0.081050724 | E10: =C10 -> 2004.4668 | F10: =IFERROR(E10/$E$26,0) -> 0.086165035 | G10: =G67 -> 1583.2906 | H10: =IFERROR(G10/$G$26,0) -> 0.067374917
A11: 1.2. Motorista | C11: =G77 -> 2766.8803 | D11: =IFERROR(C11/$C$26,0) -> 0.11187895 | E11: =C11 -> 2766.8803 | F11: =IFERROR(E11/$E$26,0) -> 0.11893853 | G11: =G84 -> 2176.8178 | H11: =IFERROR(G11/$G$26,0) -> 0.092631713
A12: =A86 -> 1.3. Vale Transporte | C12: =G92 -> 202.455 | D12: =IFERROR(C12/$C$26,0) -> 0.0081862788 | E12: =C12 -> 202.455 | F12: =IFERROR(E12/$E$26,0) -> 0.0087028341 | G12: =E12 -> 202.455 | H12: =IFERROR(G12/$G$26,0) -> 0.0086152151
A13: =A94 -> 1.4. Vale-refeição (diário) | C13: =G98 -> 1265 | D13: =IFERROR(C13/$C$26,0) -> 0.051150343 | E13: =C13 -> 1265 | F13: =IFERROR(E13/$E$26,0) -> 0.054377937 | G13: =E13 -> 1265 | H13: =IFERROR(G13/$G$26,0) -> 0.053830466
A14: 1.5 Seguro de Vida em Grupo | C14: =G104 -> 35.0625 | D14: =IFERROR(C14/$C$26,0) -> 0.0014177541 | E14: =C14 -> 35.0625 | F14: =IFERROR(E14/$E$26,0) -> 0.0015072146 | G14: =E14 -> 35.0625 | H14: =IFERROR(G14/$G$26,0) -> 0.0014920401
A15: =A109 -> 2. Veículos | C15: =+G172 -> 12410.347 | D15: =IFERROR(C15/$C$26,0) -> 0.50181307 | E15: =C15 -> 12410.347 | F15: =IFERROR(E15/$E$26,0) -> 0.53347754 | G15: =E15 -> 12410.347 | H15: =IFERROR(G15/$G$26,0) -> 0.52810655
A16: =A110 -> 2.1 Depreciação | C16: =G117 -> 1509.6835 | D16: =IFERROR(C16/$C$26,0) -> 0.061044135 | E16: =C16 -> 1509.6835 | F16: =IFERROR(E16/$E$26,0) -> 0.064896029 | G16: =E16 -> 1509.6835 | H16: =IFERROR(G16/$G$26,0) -> 0.064242663
A17: =A118 -> 2.2 Remuneração do Capital | C17: =G128 -> 2414.3072 | D17: =IFERROR(C17/$C$26,0) -> 0.097622642 | E17: =C17 -> 2414.3072 | F17: =IFERROR(E17/$E$26,0) -> 0.10378264 | G17: =E17 -> 2414.3072 | H17: =IFERROR(G17/$G$26,0) -> 0.10273777
A18: =A130 -> 2.3. Impostos e Seguros | C18: =G140 -> 689.565 | D18: =IFERROR(C18/$C$26,0) -> 0.027882598 | E18: =C18 -> 689.565 | F18: =IFERROR(E18/$E$26,0) -> 0.029641994 | G18: =E18 -> 689.565 | H18: =IFERROR(G18/$G$26,0) -> 0.029343562
A19: =A141 -> 2.4. Consumos | C19: =G155 -> 3417.7183 | D19: =IFERROR(C19/$C$26,0) -> 0.13819562 | E19: =C19 -> 3417.7183 | F19: =IFERROR(E19/$E$26,0) -> 0.14691579 | G19: =E19 -> 3417.7183 | H19: =IFERROR(G19/$G$26,0) -> 0.14543666
A20: =A157 -> 2.5. Manutenção | C20: =G162 -> 3908.75 | D20: =IFERROR(C20/$C$26,0) -> 0.15805052 | E20: =C20 -> 3908.75 | F20: =IFERROR(E20/$E$26,0) -> 0.16802353 | G20: =E20 -> 3908.75 | H20: =IFERROR(G20/$G$26,0) -> 0.16633189
A21: =A164 -> 2.6. Pneus | C21: =G170 -> 470.32333 | D21: =IFERROR(C21/$C$26,0) -> 0.019017549 | E21: =C21 -> 470.32333 | F21: =IFERROR(E21/$E$26,0) -> 0.020217559 | G21: =E21 -> 470.32333 | H21: =IFERROR(G21/$G$26,0) -> 0.020014011
A22: =A174 -> 3. Ferramentas e Materiais de Consumo | C22: =+G184 -> 86.958333 | D22: =IFERROR(C22/$C$26,0) -> 0.0035161649 | E22: =C22 -> 86.958333 | F22: =IFERROR(E22/$E$26,0) -> 0.0037380354 | G22: =E22 -> 86.958333 | H22: =IFERROR(G22/$G$26,0) -> 0.0037004013
A23: =A189 -> 4. Benefícios e Desp. Ind. - BDI - LUCRO REAL | C23: =+G195 -> 5959.8466 | D23: =IFERROR(C23/$C$26,0) -> 0.24098672
A24: =A203 -> 5. Benefícios e Desp. Ind. - BDI - LUCRO PRESUMIDO | E24: =G209 -> 4491.9411 | F24: =IFERROR(E24/$E$26,0) -> 0.19309288
A25: =A217 -> 6. Benef. Desp. Ind. + Impostos - SIMPLES NACIONAL | G25: =G221+G234 -> 5739.7719 | H25: =IFERROR(G25/$G$26,0) -> 0.2442487
A26: PREÇO TOTAL MÊS (R$/Mês) | C26: =C9+C15+C22+C23 -> 24731.017 | D26: =D9+D15+D22+D23 -> 1 | E26: =E9+E15+E22+E24 -> 23263.111 | F26: =F9+F15+F22+F24 -> 1 | G26: =G9+G15+G22+G25 -> 23499.704 | H26: =H9+H15+H22+H25 -> 1
A27: PREÇO POR QUILOMETRO (R$/Km) | C27: =G201 -> 12.243078 | E27: =G215 -> 11.516392 | G27: =G240 -> 11.633517
A29: GRUPO C - Informações sobre
A30: C1- Mão-de-obra | F30: Quantidade | G30: R$ / mês
A31: Motorista | F31: 1 | G31: ='lote 3.1'!G31 -> 2271
A32: Monitor | F32: 1 | G32: ='lote 3.1'!G32 -> 1621
A33: Total de mão-de-obra (postos de trabalho) | F33: =SUM(F31:F32) -> 2
A35: C2- Veículos | C35: Vida útil do Veículo | D35: Taxade depreciação | E35: Capacidade (Lugares) | F35: Quantidade | G35: Valor (R$)
A36: Dados do veículo e descrição do veículo | C36: 10 | D36: =1/C36 -> 0.1 | E36: 18 | F36: 1 | G36: 404278
A37: Sprinter Van Mercedez Benz - 517 E.L.T.A teto alto 21 lugares , ano 2026, pneus 225 x 75 aro 16 | D37: tipo de combustível | E37: diesel BS10
A38: Consumo médio (Km / litro) e Valor do litro (R$) | F38: 5.5 | G38: ='lote 3.1'!G38 -> 7.32
A39: Velocidade média em função do pavimento (Km/h) | F39: 20
A41: C3- Distâncias | C41: Unidade | E41: Km por dia | F41: Horas p/Dia | G41: Km por mês
A42: Distância percorrida | C42: Km | E42: 101 | F42: =(E42/F39)+C48 -> 6.05 | G42: =E42*E43 -> 2020 | I42: =22+41+26+12 -> 101
A43: Média de dias letivos por mês | C43: Dias | E43: 20 | I43: =I42*203 -> 20503
A45: C4- Fatores | C45: % | D45: Aplicação
A46: Fator de utilização (FU) | C46: =F42/8.8 -> 0.6875 | D46: Equipe e veículos
A47: Fator de Majoração pelo "Tipo de via" | C47: 0.25 | D47: Conforme tipo de via
A48: Fator de Majoração por "Tempo p/Higienização" | C48: 1 | D48: Horas por dia para higienização do veículo.
A50: CÁLCULOS (itenização numérica)
A51: 1. Mão-de-obra
A52: 1.1. Monitor - EMPRESA LUCRO REAL E PRESUMIDO
A53: Discriminação | C53: Unidade | D53: Quantidade | E53: Custo unitário | F53: Subtotal | G53: Total (R$) | H53: R$/Km
A54: Piso da categoria | C54: mês | D54: 1 | E54: =G32 -> 1621 | F54: =D54*E54 -> 1621
A55: Soma | F55: =SUM(F54:F54) -> 1621
A56: Encargos Sociais | C56: % | D56: ='Enc. Soc. - LR-LP e SN'!C$28*100 -> 70.61 | E56: =F55 -> 1621 | F56: =E56*D56/100 -> 1144.5881
A57: Prêmio por assiduidade (verba indenizatória) | D57: 1 | E57: 150 | F57: =E57 -> 150
A58: Total por Monitor | F58: =F55+F56+F57 -> 2915.5881
A59: Total do Efetivo | C59: homem | D59: =F32 -> 1 | E59: =F58 -> 2915.5881 | F59: =D59*E59 -> 2915.5881
E60: Fator de utilização | F60: =$C$46 -> 0.6875 | G60: =F59*F60 -> 2004.4668 | H60: =G60/G$42 -> 0.99231031
A62: 1.1.1- Monitor - EMPRESA SIMPLES NACIONAL
A63: Encargos Sociais | C63: % | D63: ='Enc. Soc. - LR-LP e SN'!C$38*100 -> 32.81728 | E63: =F55 -> 1621 | F63: =E63*D63/100 -> 531.96811
A64: =A57 -> Prêmio por assiduidade (verba indenizatória) | D64: 1 | E64: 150 | F64: =E64 -> 150
A65: Total por Monitor | F65: =E63+F63+F64 -> 2302.9681
A66: Total do Efetivo | C66: homem | D66: =D59 -> 1 | E66: =F65 -> 2302.9681 | F66: =D66*E66 -> 2302.9681
E67: Fator de utilização | F67: =$C$46 -> 0.6875 | G67: =F66*F67 -> 1583.2906 | H67: =G67/G$42 -> 0.78380722
A69: 1.2. Motorista - EMPRESA LUCRO REAL E PRESUMIDO
A70: Discriminação | C70: Unidade | D70: Quantidade | E70: Custo unitário | F70: Subtotal | G70: Total (R$) | H70: R$/Km
A71: Piso da categoria | C71: mês | D71: 1 | E71: =G31 -> 2271 | F71: =D71*E71 -> 2271
A72: Soma | F72: =SUM(F71:F71) -> 2271
A73: Encargos Sociais | C73: % | D73: ='Enc. Soc. - LR-LP e SN'!C$28*100 -> 70.61 | E73: =F72 -> 2271 | F73: =E73*D73/100 -> 1603.5531
A74: =A57 -> Prêmio por assiduidade (verba indenizatória) | D74: 1 | E74: 150 | F74: =E74 -> 150
A75: Total por Motorista | F75: =F72+F73+F74 -> 4024.5531
A76: Total do Efetivo | C76: homem | D76: 1 | E76: =F75 -> 4024.5531 | F76: =D76*E76 -> 4024.5531
E77: Fator de utilização | F77: =$C$46 -> 0.6875 | G77: =F76*F77 -> 2766.8803 | H77: =G77/G$42 -> 1.3697427
A79: 1.2.1- Motorista - EMPRESA SIMPLES NACIONAL
A80: Encargos Sociais | C80: % | D80: ='Enc. Soc. - LR-LP e SN'!C$38*100 -> 32.81728 | E80: =F72 -> 2271 | F80: =E80*D80/100 -> 745.28043
A81: =A74 -> Prêmio por assiduidade (verba indenizatória) | D81: 1 | E81: 150 | F81: =E81 -> 150
A82: Total por Motorista | F82: =E80+F80+F81 -> 3166.2804
A83: Total do Efetivo | C83: homem | D83: =D76 -> 1 | E83: =F82 -> 3166.2804 | F83: =D83*E83 -> 3166.2804
E84: Fator de utilização | F84: =$C$46 -> 0.6875 | G84: =F83*F84 -> 2176.8178 | H84: =G84/G$42 -> 1.0776326
A86: 1.3. Vale Transporte
A87: Discriminação | C87: Unidade | D87: Quantidade | E87: Custo unitário | F87: Subtotal | G87: Total (R$) | H87: R$/Km
A88: Vale Transporte | C88: R$ | D88: 1 | E88: ='lote 3.1'!E88 -> 6.6
A89: Dias Trabalhados por mês | C89: dia | D89: =E43 -> 20
A90: Monitor (Valor líquido, descontado 6,00% s/piso sal.) | C90: vale | D90: =$D$89*2*(F32) -> 40 | E90: =IF(E88=0,"",IFERROR((($D$89*2*$E$88)-(F54*0.06*D89/20))/($D$89*2),"-")) -> 4.1685 | F90: =IFERROR(D90*E90,"-") -> 166.74
A91: Motorista (Vlr líq. desc. 6,% s/piso sal.) | C91: vale | D91: =$D$89*2*(F31) -> 40 | E91: =IF(E88=0,"",IFERROR((($D$89*2*$E$88)-(F71*0.06*D89/20))/($D$89*2),"-")) -> 3.1935 | F91: =IFERROR(D91*E91,"-") -> 127.74
E92: Fator de utilização | F92: =$C$46 -> 0.6875 | G92: =SUM(F88:F91)*F92 -> 202.455 | H92: =G92/G$42 -> 0.10022525
A94: 1.4. Vale-refeição (diário)
A95: Discriminação | C95: Unidade | D95: Quantidade | E95: Custo unitário | F95: Subtotal | G95: Total (R$) | H95: R$/Km
A96: Monitor | C96: unidade | D96: =D89*(F32) -> 20 | E96: ='lote 3.1'!E96 -> 46 | F96: =D96*E96 -> 920
A97: Motorista | C97: unidade | D97: =D89*(F31) -> 20 | E97: =E96 -> 46 | F97: =D97*E97 -> 920
E98: Fator de utilização | F98: =$C$46 -> 0.6875 | G98: =SUM(F96:F97)*F98 -> 1265 | H98: =G98/G$42 -> 0.62623762
A100: 1.5. Seguro de Vida em Grupo
A101: Discriminação | C101: Unidade | D101: Quantidade | E101: Custo unitário | F101: Subtotal | G101: Total (R$) | H101: R$/Km
A102: Monitor | C102: unidade | D102: mensal | E102: ='lote 3.1'!E102 -> 25.5 | F102: =E102 -> 25.5
A103: Motorista | C103: unidade | D103: mensal | E103: =E102 -> 25.5 | F103: =E103 -> 25.5
E104: Fator de utilização | F104: =$C$46 -> 0.6875 | G104: =SUM(F102:F103)*F104 -> 35.0625 | H104: =G104/G$42 -> 0.017357673
A106: Custo Mensal com Mão-de-obra (R$/mês) - LUCRO REAL E PRESUMIDO | G106: =SUM(G54:G99)-G67-G84+G104 -> 6273.8646 | H106: =G106/G$42 -> 3.1058736
A107: Custo Mensal com Mão-de-obra (R$/mês) - SIMPLES NACIONAL | G107: =SUM(G54:G99)-G60-G77+G104 -> 5262.6259 | H107: =G107/G$42 -> 2.6052603
A109: 2. Veículos
A110: 2.1 Depreciação
A111: Discriminação | C111: Unidade | D111: Quantidade | E111: Custo unitário | F111: Subtotal | G111: Total (R$) | H111: R$/Km
A112: Custo de aquisição do veículo | C112: unidade | D112: 1 | E112: =G36 -> 404278 | F112: =D112*E112 -> 404278
A113: Vida útil do veícuo | C113: anos | D113: 10
A114: Depreciação do veículo | C114: % | D114: 65.18 | E114: =F112 -> 404278 | F114: =D114*E114/100 -> 263508.4
...

Sheet lote 16.2
A1: PLANILHA DE COMPOSIÇÃO DE CUSTOS E FORMAÇÃO DE PREÇO
A2: GRUPO A - Identificação
A3: Nº do processo: | B3: ='lote 16.1'!B3 -> 3827-2026 | C3: Nº Licitação: | F3: Data:
A4: Trajeto | B4: 16 | C4: Item: | D4: 2 | E4: Serviço de Transporte Escolar
A6: GRUPO B - Orçamento Sintético
A7: Formas de Tributação | C7: LUCRO REAL | E7: LUCRO PRESUMIDO | G7: SIMPLES NAC.
A8: Descrição do Item | C8: Custo (R$/mês) | D8: AV % | E8: Custo (R$/mês) | F8: AV % | G8: Custo (R$/mês) | H8: AV %
A9: =A51 -> 1. Mão-de-obra | C9: =+G107 -> 6559.0402 | D9: =IFERROR(C9/$C$26,0) -> 0.25358515 | E9: =G107 -> 6559.0402 | F9: =IFERROR(E9/$E$26,0) -> 0.26958641 | G9: =G108 -> 5501.8361 | H9: =IFERROR(G9/$G$26,0) -> 0.22385207
A10: 1.1. Monitor | C10: =G60 -> 2095.5789 | D10: =IFERROR(C10/$C$26,0) -> 0.081019125 | E10: =C10 -> 2095.5789 | F10: =IFERROR(E10/$E$26,0) -> 0.086131443 | G10: =G67 -> 1655.2583 | H10: =IFERROR(G10/$G$26,0) -> 0.067347155
A11: 1.2. Motorista | C11: =G77 -> 2892.6475 | D11: =IFERROR(C11/$C$26,0) -> 0.11183533 | E11: =C11 -> 2892.6475 | F11: =IFERROR(E11/$E$26,0) -> 0.11889216 | G11: =G84 -> 2275.7641 | H11: =IFERROR(G11/$G$26,0) -> 0.092593543
A12: =A86 -> 1.3. Vale Transporte | C12: =G92 -> 211.6575 | D12: =IFERROR(C12/$C$26,0) -> 0.0081830873 | E12: =C12 -> 211.6575 | F12: =IFERROR(E12/$E$26,0) -> 0.0086994412 | G12: =E12 -> 211.6575 | H12: =IFERROR(G12/$G$26,0) -> 0.0086116651
A13: =A94 -> 1.4. Vale-refeição (diário) | C13: =G98 -> 1322.5 | D13: =IFERROR(C13/$C$26,0) -> 0.051130401 | E13: =C13 -> 1322.5 | F13: =IFERROR(E13/$E$26,0) -> 0.054356737 | G13: =E13 -> 1322.5 | H13: =IFERROR(G13/$G$26,0) -> 0.053808285
A14: 1.5 Seguro de vida em grupo | C14: =G104 -> 36.65625 | D14: =IFERROR(C14/$C$26,0) -> 0.0014172013 | E14: =C14 -> 36.65625 | F14: =IFERROR(E14/$E$26,0) -> 0.0015066269 | G14: =E14 -> 36.65625 | H14: =IFERROR(G14/$G$26,0) -> 0.0014914253
A15: =A110 -> 2. Veículos | C15: =+G173 -> 12986.061 | D15: =IFERROR(C15/$C$26,0) -> 0.50206616 | E15: =C15 -> 12986.061 | F15: =IFERROR(E15/$E$26,0) -> 0.5337466 | G15: =E15 -> 12986.061 | H15: =IFERROR(G15/$G$26,0) -> 0.52836118
A16: =A111 -> 2.1 Depreciação | C16: =G118 -> 1578.3055 | D16: =IFERROR(C16/$C$26,0) -> 0.061020336 | E16: =C16 -> 1578.3055 | F16: =IFERROR(E16/$E$26,0) -> 0.064870728 | G16: =E16 -> 1578.3055 | H16: =IFERROR(G16/$G$26,0) -> 0.064216192
A17: =A119 -> 2.2 Remuneração do Capital | C17: =G129 -> 2524.0484 | D17: =IFERROR(C17/$C$26,0) -> 0.097584582 | E17: =C17 -> 2524.0484 | F17: =IFERROR(E17/$E$26,0) -> 0.10374218 | G17: =E17 -> 2524.0484 | H17: =IFERROR(G17/$G$26,0) -> 0.10269544
A18: =A131 -> 2.3. Impostos e Seguros | C18: =G141 -> 689.565 | D18: =IFERROR(C18/$C$26,0) -> 0.026659913 | E18: =C18 -> 689.565 | F18: =IFERROR(E18/$E$26,0) -> 0.028342157 | G18: =E18 -> 689.565 | H18: =IFERROR(G18/$G$26,0) -> 0.028056189
A19: =A142 -> 2.4. Consumos | C19: =G156 -> 3603.8317 | D19: =IFERROR(C19/$C$26,0) -> 0.13933109 | E19: =C19 -> 3603.8317 | F19: =IFERROR(E19/$E$26,0) -> 0.1481229 | G19: =E19 -> 3603.8317 | H19: =IFERROR(G19/$G$26,0) -> 0.14662836
A20: =A158 -> 2.5. Manutenção | C20: =G163 -> 4094.375 | D20: =IFERROR(C20/$C$26,0) -> 0.15829644 | E20: =C20 -> 4094.375 | F20: =IFERROR(E20/$E$26,0) -> 0.16828496 | G20: =E20 -> 4094.375 | H20: =IFERROR(G20/$G$26,0) -> 0.16658699
A21: =A165 -> 2.6. Pneus | C21: =G171 -> 495.935 | D21: =IFERROR(C21/$C$26,0) -> 0.019173804 | E21: =C21 -> 495.935 | F21: =IFERROR(E21/$E$26,0) -> 0.020383673 | G21: =E21 -> 495.935 | H21: =IFERROR(G21/$G$26,0) -> 0.020178005
A22: =A175 -> 3. Ferramentas e Materiais de Consumo | C22: =+G185 -> 86.958333 | D22: =IFERROR(C22/$C$26,0) -> 0.0033619769 | E22: =C22 -> 86.958333 | F22: =IFERROR(E22/$E$26,0) -> 0.0035741181 | G22: =E22 -> 86.958333 | H22: =IFERROR(G22/$G$26,0) -> 0.0035380558
A23: =A190 -> 4. Benefícios e Desp. Ind. - BDI - LUCRO REAL | C23: =+G196 -> 6233.1788 | D23: =IFERROR(C23/$C$26,0) -> 0.24098672
A24: =A204 -> 5. Benefícios e Desp. Ind. - BDI - LUCRO PRESUMIDO | E24: =G210 -> 4697.9518 | F24: =IFERROR(E24/$E$26,0) -> 0.19309288
A25: =A218 -> 6. Benef. Desp. Ind. + Impostos - SIMPLES NACIONAL | G25: =G222+G235 -> 6003.1443 | H25: =IFERROR(G25/$G$26,0) -> 0.2442487
A26: PREÇO TOTAL MÊS (R$/Mês) | C26: =C9+C15+C22+C23 -> 25865.238 | D26: =D9+D15+D22+D23 -> 1 | E26: =E9+E15+E22+E24 -> 24330.011 | F26: =F9+F15+F22+F24 -> 1 | G26: =G9+G15+G22+G25 -> 24577.999 | H26: =H9+H15+H22+H25 -> 1
A27: PREÇO POR QUILOMETRO (R$/Km) | C27: =G202 -> 12.143304 | E27: =G216 -> 11.42254 | G27: =G241 -> 11.538967
A29: GRUPO C - Informações sobre
A30: C1- Mão-de-obra | F30: Quantidade | G30: R$ / mês
A31: Motorista de ônibus em geral | F31: 1 | G31: ='lote 16.1'!G31 -> 2271
A32: Monitor | F32: 1 | G32: ='lote 16.1'!G32 -> 1621
A33: Total de mão-de-obra (postos de trabalho) | F33: =SUM(F31:F32) -> 2
A35: C2- Veículos | C35: Vida útil do Veículo | D35: Taxade depreciação | E35: Capacidade (Lugares) | F35: Quantidade | G35: Valor (R$)
A36: Dados do veículo e descrição do veículo | C36: 10 | D36: =1/C36 -> 0.1 | E36: 21 | F36: 1 | G36: 404278
A37: Sprinter Van Mercedez Benz - 517 E.L.T.A teto alto 21 lugares , ano 2026, pneus 225 x 75 aro 16 | D37: ='lote 16.1'!D37 -> tipo de combustível | E37: diesel BS 10
A38: Consumo médio (Km / litro) e Valor do litro (R$) | F38: 5.5 | G38: ='lote 16.1'!G38 -> 7.32
A39: Velocidade média em função do pavimento (Km/h) | F39: 20
A41: C3- Distâncias | C41: Unidade | E41: Km por dia | F41: Horas p/Dia | G41: Km por mês
A42: Distância percorrida | C42: Km | E42: 106.5 | F42: =(E42/F39)+C48 -> 6.325 | G42: =E42*E43 -> 2130 | I42: =28+41+22+15.5 -> 106.5
A43: Média de dias letivos por mês | C43: Dias | E43: 20 | I43: =I42*170 -> 18105
A45: C4- Fatores | C45: % | D45: Aplicação
A46: Fator de utilização (FU) | C46: =F42/8.8 -> 0.71875 | D46: Equipe e veículos
A47: Fator de Majoração pelo "Tipo de via" | C47: 0.25 | D47: Conforme tipo de via
A48: Fator de Majoração por "Tempo p/Higienização" | C48: 1 | D48: Horas por dia para higienização do veículo.
A50: CÁLCULOS (itenização numérica)
A51: 1. Mão-de-obra
A52: 1.1. Monitor - EMPRESA LUCRO REAL E PRESUMIDO
A53: Discriminação | C53: Unidade | D53: Quantidade | E53: Custo unitário | F53: Subtotal | G53: Total (R$) | H53: R$/Km
A54: Piso da categoria | C54: mês | D54: 1 | E54: =G32 -> 1621 | F54: =D54*E54 -> 1621
A55: Soma | F55: =SUM(F54:F54) -> 1621
A56: Encargos Sociais | C56: % | D56: ='Enc. Soc. - LR-LP e SN'!C$28*100 -> 70.61 | E56: =F55 -> 1621 | F56: =E56*D56/100 -> 1144.5881
A57: PrÊmio por assiduidade ( verba indenizatória) | D57: 1 | E57: 150 | F57: =E57 -> 150
A58: Total por Monitor | F58: =F55+F56+F57 -> 2915.5881
A59: Total do Efetivo | C59: homem | D59: =F32 -> 1 | E59: =F58 -> 2915.5881 | F59: =D59*E59 -> 2915.5881
E60: Fator de utilização | F60: =$C$46 -> 0.71875 | G60: =F59*F60 -> 2095.5789 | H60: =G60/G$42 -> 0.98383988
A62: 1.1.1- Monitor - EMPRESA SIMPLES NACIONAL
A63: Encargos Sociais | C63: % | D63: ='Enc. Soc. - LR-LP e SN'!C$38*100 -> 32.81728 | E63: =F55 -> 1621 | F63: =E63*D63/100 -> 531.96811
A64: =A57 -> PrÊmio por assiduidade ( verba indenizatória) | D64: 1 | E64: 150 | F64: =E64 -> 150
A65: Total por Monitor | F65: =E63+F63+F64 -> 2302.9681
A66: Total do Efetivo | C66: homem | D66: =D59 -> 1 | E66: =F65 -> 2302.9681 | F66: =D66*E66 -> 2302.9681
E67: Fator de utilização | F67: =$C$46 -> 0.71875 | G67: =F66*F67 -> 1655.2583 | H67: =G67/G$42 -> 0.77711659
A69: 1.2. Motorista - EMPRESA LUCRO REAL E PRESUMIDO
A70: Discriminação | C70: Unidade | D70: Quantidade | E70: Custo unitário | F70: Subtotal | G70: Total (R$) | H70: R$/Km
A71: Piso da categoria | C71: mês | D71: 1 | E71: =G31 -> 2271 | F71: =D71*E71 -> 2271
A72: Soma | F72: =SUM(F71:F71) -> 2271
A73: Encargos Sociais | C73: % | D73: ='Enc. Soc. - LR-LP e SN'!C$28*100 -> 70.61 | E73: =F72 -> 2271 | F73: =E73*D73/100 -> 1603.5531
A74: =A57 -> PrÊmio por assiduidade ( verba indenizatória) | D74: 1 | E74: 150 | F74: =E74 -> 150
A75: Total por Motorista | F75: =F72+F73+F74 -> 4024.5531
A76: Total do Efetivo | C76: homem | D76: 1 | E76: =F75 -> 4024.5531 | F76: =D76*E76 -> 4024.5531
E77: Fator de utilização | F77: =$C$46 -> 0.71875 | G77: =F76*F77 -> 2892.6475 | H77: =G77/G$42 -> 1.3580505
A79: 1.2.1- Motorista - EMPRESA SIMPLES NACIONAL
A80: Encargos Sociais | C80: % | D80: ='Enc. Soc. - LR-LP e SN'!C$38*100 -> 32.81728 | E80: =F72 -> 2271 | F80: =E80*D80/100 -> 745.28043
A81: =A57 -> PrÊmio por assiduidade ( verba indenizatória) | D81: 1 | E81: 150 | F81: =E81 -> 150
A82: Total por Motorista | F82: =E80+F80+F81 -> 3166.2804
A83: Total do Efetivo | C83: homem | D83: =D76 -> 1 | E83: =F82 -> 3166.2804 | F83: =D83*E83 -> 3166.2804
E84: Fator de utilização | F84: =$C$46 -> 0.71875 | G84: =F83*F84 -> 2275.7641 | H84: =G84/G$42 -> 1.0684338
A86: 1.3. Vale Transporte
A87: Discriminação | C87: Unidade | D87: Quantidade | E87: Custo unitário | F87: Subtotal | G87: Total (R$) | H87: R$/Km
A88: Vale Transporte | C88: R$ | D88: 1 | E88: ='lote 16.1'!E88 -> 6.6
A89: Dias Trabalhados por mês | C89: dia | D89: =E43 -> 20
A90: Monitor (Valor líquido, descontado 6,00% s/piso sal.) | C90: vale | D90: =$D$89*2*(F32) -> 40 | E90: =IF(E88=0,"",IFERROR((($D$89*2*$E$88)-(F54*0.06*D89/20))/($D$89*2),"-")) -> 4.1685 | F90: =IFERROR(D90*E90,"-") -> 166.74
A91: Motorista (Vlr líq. desc. 6,% s/piso sal.) | C91: vale | D91: =$D$89*2*(F31) -> 40 | E91: =IF(E88=0,"",IFERROR((($D$89*2*$E$88)-(F71*0.06*D89/20))/($D$89*2),"-")) -> 3.1935 | F91: =IFERROR(D91*E91,"-") -> 127.74
E92: Fator de utilização | F92: =$C$46 -> 0.71875 | G92: =SUM(F88:F91)*F92 -> 211.6575 | H92: =G92/G$42 -> 0.099369718
A94: 1.4. Vale-refeição (diário)
A95: Discriminação | C95: Unidade | D95: Quantidade | E95: Custo unitário | F95: Subtotal | G95: Total (R$) | H95: R$/Km
A96: Monitor | C96: unidade | D96: =D89*(F32) -> 20 | E96: ='lote 16.1'!E96 -> 46 | F96: =D96*E96 -> 920
A97: Motorista | C97: unidade | D97: =D89*(F31) -> 20 | E97: =E96 -> 46 | F97: =D97*E97 -> 920
E98: Fator de utilização | F98: =$C$46 -> 0.71875 | G98: =SUM(F96:F97)*F98 -> 1322.5 | H98: =G98/G$42 -> 0.62089202
A100: 1.5. Seguro de vida em grupo
A101: Discriminação | C101: Unidade | D101: Quantidade | E101: Custo unitário | F101: Subtotal | G101: Total (R$) | H101: R$/Km
A102: Monitor | C102: unidade | D102: mensal | E102: ='lote 16.1'!E102 -> 25.5 | F102: =E102 -> 25.5
A103: Motorista | C103: unidade | D103: mensal | E103: =E102 -> 25.5 | F103: =E103 -> 25.5
E104: Fator de utilização | F104: =$C$46 -> 0.71875 | G104: =SUM(F102:F103)*F104 -> 36.65625 | H104: =G104/G$42 -> 0.017209507
A107: Custo Mensal com Mão-de-obra (R$/mês) - LUCRO REAL E PRESUMIDO | G107: =SUM(G54:G99)-G67-G84+G104 -> 6559.0402 | H107: =G107/G$42 -> 3.0793616
A108: Custo Mensal com Mão-de-obra (R$/mês) - SIMPLES NACIONAL | G108: =SUM(G54:G99)-G60-G77+G104 -> 5501.8361 | H108: =G108/G$42 -> 2.5830217
A110: 2. Veículos
A111: 2.1 Depreciação
A112: Discriminação | C112: Unidade | D112: Quantidade | E112: Custo unitário | F112: Subtotal | G112: Total (R$) | H112: R$/Km
A113: Custo de aquisição do veículo | C113: unidade | D113: 1 | E113: =G36 -> 404278 | F113: =D113*E113 -> 404278
A114: Vida útil do veícuo | C114: anos | D114: 10
A115: Depreciação do veículo | C115: % | D115: ='lote 16.1'!D114 -> 65.18 | E115: =F113 -> 404278 | F115: =D115*E115/100 -> 263508.4
...

Sheet lote 16.3
A1: PLANILHA DE COMPOSIÇÃO DE CUSTOS E FORMAÇÃO DE PREÇO
A2: GRUPO A - Identificação
A3: Nº do processo: | B3: ='lote 16.2'!B3 -> 3827-2026 | C3: Nº Licitação: | F3: Data:
A4: Trajeto | B4: 16 | C4: Item: | D4: 3 | E4: Serviço de Transporte Escolar
A6: GRUPO B - Orçamento Sintético
A7: Formas de Tributação | C7: LUCRO REAL | E7: LUCRO PRESUMIDO | G7: SIMPLES NAC.
A8: Descrição do Item | C8: Custo (R$/mês) | D8: AV % | E8: Custo (R$/mês) | F8: AV % | G8: Custo (R$/mês) | H8: AV %
A9: =A51 -> 1. Mão-de-obra | C9: =+G107 -> 5340.5624 | D9: =IFERROR(C9/$C$26,0) -> 0.25427603 | E9: =G107 -> 5340.5624 | F9: =IFERROR(E9/$E$26,0) -> 0.27032088 | G9: =G108 -> 4479.7559 | H9: =IFERROR(G9/$G$26,0) -> 0.22449676
A10: 1.1. Monitor | C10: =G60 -> 1706.2817 | D10: =IFERROR(C10/$C$26,0) -> 0.081239858 | E10: =C10 -> 1706.2817 | F10: =IFERROR(E10/$E$26,0) -> 0.086366104 | G10: =G67 -> 1347.7597 | H10: =IFERROR(G10/$G$26,0) -> 0.067541112
A11: 1.2. Motorista | C11: =G77 -> 2355.2782 | D11: =IFERROR(C11/$C$26,0) -> 0.11214002 | E11: =C11 -> 2355.2782 | F11: =IFERROR(E11/$E$26,0) -> 0.11921608 | G11: =G84 -> 1852.9937 | H11: =IFERROR(G11/$G$26,0) -> 0.09286021
A12: =A86 -> 1.3. Vale Transporte | C12: =G92 -> 172.33773 | D12: =IFERROR(C12/$C$26,0) -> 0.0082053817 | E12: =C12 -> 172.33773 | F12: =IFERROR(E12/$E$26,0) -> 0.0087231424 | G12: =E12 -> 172.33773 | H12: =IFERROR(G12/$G$26,0) -> 0.0086364664
A13: =A94 -> 1.4. Vale-refeição (diário) | C13: =G98 -> 1076.8182 | D13: =IFERROR(C13/$C$26,0) -> 0.051269704 | E13: =C13 -> 1076.8182 | F13: =IFERROR(E13/$E$26,0) -> 0.054504829 | G13: =E13 -> 1076.8182 | H13: =IFERROR(G13/$G$26,0) -> 0.053963251
A14: 1.5 Seguro de vida em grupo | C14: =G104 -> 29.846591 | D14: =IFERROR(C14/$C$26,0) -> 0.0014210624 | E14: =C14 -> 29.846591 | F14: =IFERROR(E14/$E$26,0) -> 0.0015107317 | G14: =E14 -> 29.846591 | H14: =IFERROR(G14/$G$26,0) -> 0.0014957205
A15: =A110 -> 2. Veículos | C15: =+G173 -> 10514.044 | D15: =IFERROR(C15/$C$26,0) -> 0.50059697 | E15: =C15 -> 10514.044 | F15: =IFERROR(E15/$E$26,0) -> 0.53218471 | G15: =E15 -> 10514.044 | H15: =IFERROR(G15/$G$26,0) -> 0.52689675
A16: =A111 -> 2.1 Depreciação | C16: =G118 -> 1285.1025 | D16: =IFERROR(C16/$C$26,0) -> 0.061186584 | E16: =C16 -> 1285.1025 | F16: =IFERROR(E16/$E$26,0) -> 0.065047465 | G16: =E16 -> 1285.1025 | H16: =IFERROR(G16/$G$26,0) -> 0.064401132
A17: =A119 -> 2.2 Remuneração do Capital | C17: =G129 -> 2055.1541 | D17: =IFERROR(C17/$C$26,0) -> 0.097850447 | E17: =C17 -> 2055.1541 | F17: =IFERROR(E17/$E$26,0) -> 0.10402482 | G17: =E17 -> 2055.1541 | H17: =IFERROR(G17/$G$26,0) -> 0.1029912
A18: =A131 -> 2.3. Impostos e Seguros | C18: =G141 -> 689.565 | D18: =IFERROR(C18/$C$26,0) -> 0.03283172 | E18: =C18 -> 689.565 | F18: =IFERROR(E18/$E$26,0) -> 0.034903406 | G18: =E18 -> 689.565 | H18: =IFERROR(G18/$G$26,0) -> 0.034556595
A19: =A142 -> 2.4. Consumos | C19: =G156 -> 2796.4691 | D19: =IFERROR(C19/$C$26,0) -> 0.1331461 | E19: =C19 -> 2796.4691 | F19: =IFERROR(E19/$E$26,0) -> 0.14154764 | G19: =E19 -> 2796.4691 | H19: =IFERROR(G19/$G$26,0) -> 0.14014117
A20: =A158 -> 2.5. Manutenção | C20: =G163 -> 3301.25 | D20: =IFERROR(C20/$C$26,0) -> 0.15717984 | E20: =C20 -> 3301.25 | F20: =IFERROR(E20/$E$26,0) -> 0.16709791 | G20: =E20 -> 3301.25 | H20: =IFERROR(G20/$G$26,0) -> 0.16543757
A21: =A165 -> 2.6. Pneus | C21: =G171 -> 386.50333 | D21: =IFERROR(C21/$C$26,0) -> 0.018402282 | E21: =C21 -> 386.50333 | F21: =IFERROR(E21/$E$26,0) -> 0.019563468 | G21: =E21 -> 386.50333 | H21: =IFERROR(G21/$G$26,0) -> 0.019369079
A22: =A175 -> 3. Ferramentas e Materiais de Consumo | C22: =+G185 -> 86.958333 | D22: =IFERROR(C22/$C$26,0) -> 0.0041402793 | E22: =C22 -> 86.958333 | F22: =IFERROR(E22/$E$26,0) -> 0.0044015315 | G22: =E22 -> 86.958333 | H22: =IFERROR(G22/$G$26,0) -> 0.0043577964
A23: =A190 -> 4. Benefícios e Desp. Ind. - BDI - LUCRO REAL | C23: =+G196 -> 5061.4468 | D23: =IFERROR(C23/$C$26,0) -> 0.24098672
A24: =A204 -> 5. Benefícios e Desp. Ind. - BDI - LUCRO PRESUMIDO | E24: =G210 -> 3814.8164 | F24: =IFERROR(E24/$E$26,0) -> 0.19309288
A25: =A218 -> 6. Benef. Desp. Ind. + Impostos - SIMPLES NACIONAL | G25: =G222+G235 -> 4873.899 | H25: =IFERROR(G25/$G$26,0) -> 0.2442487
A26: PREÇO TOTAL MÊS (R$/Mês) | C26: =C9+C15+C22+C23 -> 21003.012 | D26: =D9+D15+D22+D23 -> 1 | E26: =E9+E15+E22+E24 -> 19756.381 | F26: =F9+F15+F22+F24 -> 1 | G26: =G9+G15+G22+G25 -> 19954.657 | H26: =H9+H15+H22+H25 -> 1
A27: PREÇO POR QUILOMETRO (R$/Km) | C27: =G202 -> 12.652417 | E27: =G216 -> 11.901434 | G27: =G241 -> 12.020878
A29: GRUPO C - Informações sobre
A30: C1- Mão-de-obra | F30: Quantidade | G30: R$ / mês
A31: Motorista | F31: 1 | G31: ='lote 16.2'!G31 -> 2271
A32: Monitor | F32: 1 | G32: ='lote 16.1'!G32 -> 1621
A33: Total de mão-de-obra (postos de trabalho) | F33: =SUM(F31:F32) -> 2
A35: C2- Veículos | C35: Vida útil do Veículo | D35: Taxade depreciação | E35: Capacidade (Lugares) | F35: Quantidade | G35: Valor (R$)
A36: Dados do veículo e descrição do veículo | C36: 10 | D36: =1/C36 -> 0.1 | E36: 18 | F36: 1 | G36: 404278
A37: Sprinter Van Mercedez Benz - 517 E.L.T.A teto alto 21 lugares , ano 2026, pneus 225 x 75 aro 16 | D37: tipo combustível | E37: diesel BS10
A38: Consumo médio (Km / litro) e Valor do litro (R$) | F38: 5.5 | G38: ='lote 16.2'!G38 -> 7.32
A39: Velocidade média em função do pavimento (Km/h) | F39: 20
A41: C3- Distâncias | C41: Unidade | E41: Km por dia | F41: Horas p/Dia | G41: Km por mês
A42: Distância percorrida | C42: Km | E42: 83 | F42: =(E42/F39)+C48 -> 5.15 | G42: =E42*E43 -> 1660 | I42: =28+27+20+8 -> 83
A43: Média de dias letivos por mês | C43: Dias | E43: 20 | I43: =I42*203 -> 16849
A45: C4- Fatores | C45: % | D45: Aplicação
A46: Fator de utilização (FU) | C46: =F42/8.8 -> 0.58522727 | D46: Equipe e veículos
A47: Fator de Majoração pelo "Tipo de via" | C47: 0.25 | D47: Conforme tipo de via
A48: Fator de Majoração por "Tempo p/Higienização" | C48: 1 | D48: Horas por dia para higienização do veículo.
A50: CÁLCULOS (itenização numérica)
A51: 1. Mão-de-obra
A52: 1.1. Monitor - EMPRESA LUCRO REAL E PRESUMIDO
A53: Discriminação | C53: Unidade | D53: Quantidade | E53: Custo unitário | F53: Subtotal | G53: Total (R$) | H53: R$/Km
A54: Piso da categoria | C54: mês | D54: 1 | E54: =G32 -> 1621 | F54: =D54*E54 -> 1621
A55: Soma | F55: =SUM(F54:F54) -> 1621
A56: Encargos Sociais | C56: % | D56: ='Enc. Soc. - LR-LP e SN'!C$28*100 -> 70.61 | E56: =F55 -> 1621 | F56: =E56*D56/100 -> 1144.5881
A57: Prêmio de assiduidade ( verba indenizatória) | D57: 1 | E57: 150 | F57: =E57 -> 150
A58: Total por Monitor | F58: =F55+F56+F57 -> 2915.5881
A59: Total do Efetivo | C59: homem | D59: =F32 -> 1 | E59: =F58 -> 2915.5881 | F59: =D59*E59 -> 2915.5881
E60: Fator de utilização | F60: =$C$46 -> 0.58522727 | G60: =F59*F60 -> 1706.2817 | H60: =G60/G$42 -> 1.0278805
A62: 1.1.1- Monitor - EMPRESA SIMPLES NACIONAL
A63: Encargos Sociais | C63: % | D63: ='Enc. Soc. - LR-LP e SN'!C$38*100 -> 32.81728 | E63: =F55 -> 1621 | F63: =E63*D63/100 -> 531.96811
A64: =A57 -> Prêmio de assiduidade ( verba indenizatória) | D64: 1 | E64: 150 | F64: =E64 -> 150
A65: Total por Monitor | F65: =E63+F63+F64 -> 2302.9681
A66: Total do Efetivo | C66: homem | D66: =D59 -> 1 | E66: =F65 -> 2302.9681 | F66: =D66*E66 -> 2302.9681
E67: Fator de utilização | F67: =$C$46 -> 0.58522727 | G67: =F66*F67 -> 1347.7597 | H67: =G67/G$42 -> 0.81190346
A69: 1.2. Motorista - EMPRESA LUCRO REAL E PRESUMIDO
A70: Discriminação | C70: Unidade | D70: Quantidade | E70: Custo unitário | F70: Subtotal | G70: Total (R$) | H70: R$/Km
A71: Piso da categoria | C71: mês | D71: 1 | E71: =G31 -> 2271 | F71: =D71*E71 -> 2271
A72: Soma | F72: =SUM(F71:F71) -> 2271
A73: Encargos Sociais | C73: % | D73: ='Enc. Soc. - LR-LP e SN'!C$28*100 -> 70.61 | E73: =F72 -> 2271 | F73: =E73*D73/100 -> 1603.5531
A74: =A57 -> Prêmio de assiduidade ( verba indenizatória) | D74: 1 | E74: 150 | F74: =E74 -> 150
A75: Total por Motorista | F75: =F72+F73+F74 -> 4024.5531
A76: Total do Efetivo | C76: homem | D76: 1 | E76: =F75 -> 4024.5531 | F76: =D76*E76 -> 4024.5531
E77: Fator de utilização | F77: =$C$46 -> 0.58522727 | G77: =F76*F77 -> 2355.2782 | H77: =G77/G$42 -> 1.4188423
A79: 1.2.1- Motorista - EMPRESA SIMPLES NACIONAL
A80: Encargos Sociais | C80: % | D80: ='Enc. Soc. - LR-LP e SN'!C$38*100 -> 32.81728 | E80: =F72 -> 2271 | F80: =E80*D80/100 -> 745.28043
A81: =A57 -> Prêmio de assiduidade ( verba indenizatória) | D81: 1 | E81: 150 | F81: =E81 -> 150
A82: Total por Motorista | F82: =E80+F80+F81 -> 3166.2804
A83: Total do Efetivo | C83: homem | D83: =D76 -> 1 | E83: =F82 -> 3166.2804 | F83: =D83*E83 -> 3166.2804
E84: Fator de utilização | F84: =$C$46 -> 0.58522727 | G84: =F83*F84 -> 1852.9937 | H84: =G84/G$42 -> 1.1162612
A86: 1.3. Vale Transporte
A87: Discriminação | C87: Unidade | D87: Quantidade | E87: Custo unitário | F87: Subtotal | G87: Total (R$) | H87: R$/Km
A88: Vale Transporte | C88: R$ | D88: 1 | E88: ='lote 16.2'!E88 -> 6.6
A89: Dias Trabalhados por mês | C89: dia | D89: =E43 -> 20
A90: Monitor (Valor líquido, descontado 6,00% s/piso sal.) | C90: vale | D90: =$D$89*2*(F32) -> 40 | E90: =IF(E88=0,"",IFERROR((($D$89*2*$E$88)-(F54*0.06*D89/20))/($D$89*2),"-")) -> 4.1685 | F90: =IFERROR(D90*E90,"-") -> 166.74
A91: Motorista (Vlr líq. desc. 6,% s/piso sal.) | C91: vale | D91: =$D$89*2*(F31) -> 40 | E91: =IF(E88=0,"",IFERROR((($D$89*2*$E$88)-(F71*0.06*D89/20))/($D$89*2),"-")) -> 3.1935 | F91: =IFERROR(D91*E91,"-") -> 127.74
E92: Fator de utilização | F92: =$C$46 -> 0.58522727 | G92: =SUM(F88:F91)*F92 -> 172.33773 | H92: =G92/G$42 -> 0.10381791
A94: 1.4. Vale-refeição (diário)
A95: Discriminação | C95: Unidade | D95: Quantidade | E95: Custo unitário | F95: Subtotal | G95: Total (R$) | H95: R$/Km
A96: Monitor | C96: unidade | D96: =D89*(F32) -> 20 | E96: ='lote 16.2'!E96 -> 46 | F96: =D96*E96 -> 920
A97: Motorista | C97: unidade | D97: =D89*(F31) -> 20 | E97: =E96 -> 46 | F97: =D97*E97 -> 920
E98: Fator de utilização | F98: =$C$46 -> 0.58522727 | G98: =SUM(F96:F97)*F98 -> 1076.8182 | H98: =G98/G$42 -> 0.64868565
A100: 1.5. Seguro de vida em grupo
A101: Discriminação | C101: Unidade | D101: Quantidade | E101: Custo unitário | F101: Subtotal | G101: Total (R$) | H101: R$/Km
A102: Monitor | C102: unidade | D102: mensal | E102: ='lote 16.2'!E102 -> 25.5 | F102: =E102 -> 25.5
A103: Motorista | C103: unidade | D103: mensal | E103: =E102 -> 25.5 | F103: =E103 -> 25.5
E104: Fator de utilização | F104: =$C$46 -> 0.58522727 | G104: =SUM(F102:F103)*F104 -> 29.846591 | H104: =G104/G$42 -> 0.017979874
A107: Custo Mensal com Mão-de-obra (R$/mês) - LUCRO REAL E PRESUMIDO | G107: =SUM(G54:G99)-G67-G84+G104 -> 5340.5624 | H107: =G107/G$42 -> 3.2172063
A108: Custo Mensal com Mão-de-obra (R$/mês) - SIMPLES NACIONAL | G108: =SUM(G54:G99)-G60-G77+G104 -> 4479.7559 | H108: =G108/G$42 -> 2.6986481
A110: 2. Veículos
A111: 2.1 Depreciação
A112: Discriminação | C112: Unidade | D112: Quantidade | E112: Custo unitário | F112: Subtotal | G112: Total (R$) | H112: R$/Km
A113: Custo de aquisição do veículo | C113: unidade | D113: 1 | E113: =G36 -> 404278 | F113: =D113*E113 -> 404278
A114: Vida útil do veícuo | C114: anos | D114: 10
A115: Depreciação do veículo | C115: % | D115: ='lote 16.2'!D115 -> 65.18 | E115: =F113 -> 404278 | F115: =D115*E115/100 -> 263508.4
...

Sheet LOTE 17,01
A1: PLANILHA DE COMPOSIÇÃO DE CUSTOS E FORMAÇÃO DE PREÇO
A2: GRUPO A - Identificação
A3: Nº do processo: | B3: =LOTE20.1!B3 -> 3827-2026 | C3: Nº Licitação: | F3: Data:
A4: Trajeto | B4: 17 | C4: Item: | D4: 1 | E4: Serviço de Transporte Escolar
A6: GRUPO B - Orçamento Sintético
A7: Formas de Tributação | C7: LUCRO REAL | E7: LUCRO PRESUMIDO | G7: SIMPLES NAC.
A8: Descrição do Item | C8: Custo (R$/mês) | D8: AV % | E8: Custo (R$/mês) | F8: AV % | G8: Custo (R$/mês) | H8: AV %
A9: =A51 -> 1. Mão-de-obra | C9: =+G107 -> 7487.1574 | D9: =IFERROR(C9/$C$26,0) -> 0.25331582 | E9: =G107 -> 7487.1574 | F9: =IFERROR(E9/$E$26,0) -> 0.26930008 | G9: =G108 -> 6280.3568 | H9: =IFERROR(G9/$G$26,0) -> 0.23184952
A10: 1.1. Monitor | C10: =G60 -> 2392.1075 | D10: =IFERROR(C10/$C$26,0) -> 0.080933074 | E10: =C10 -> 2392.1075 | F10: =IFERROR(E10/$E$26,0) -> 0.086039963 | G10: =G67 -> 1889.4807 | H10: =IFERROR(G10/$G$26,0) -> 0.06975323
A11: 1.2. Motorista | C11: =G77 -> 3301.9629 | D11: =IFERROR(C11/$C$26,0) -> 0.11171655 | E11: =C11 -> 3301.9629 | F11: =IFERROR(E11/$E$26,0) -> 0.11876588 | G11: =G84 -> 2597.7892 | H11: =IFERROR(G11/$G$26,0) -> 0.095901583
A12: =A86 -> 1.3. Vale Transporte | C12: =G92 -> 241.60745 | D12: =IFERROR(C12/$C$26,0) -> 0.008174396 | E12: =C12 -> 241.60745 | F12: =IFERROR(E12/$E$26,0) -> 0.0086902015 | G12: =E12 -> 241.60745 | H12: =IFERROR(G12/$G$26,0) -> 0.0089193294
A13: =A94 -> 1.4. Vale-refeição (diário) | C13: =G98 -> 1509.6364 | D13: =IFERROR(C13/$C$26,0) -> 0.051076096 | E13: =C13 -> 1509.6364 | F13: =IFERROR(E13/$E$26,0) -> 0.054299004 | G13: =E13 -> 1509.6364 | H13: =IFERROR(G13/$G$26,0) -> 0.055730665
A14: 1.5 Seguro de Vida em grupo | C14: =G104 -> 41.843182 | D14: =IFERROR(C14/$C$26,0) -> 0.0014156961 | E14: =C14 -> 41.843182 | F14: =IFERROR(E14/$E$26,0) -> 0.0015050268 | G14: =E14 -> 41.843182 | H14: =IFERROR(G14/$G$26,0) -> 0.0015447086
A15: =A110 -> 2. Veículos | C15: =+G173 -> 14859.746 | D15: =IFERROR(C15/$C$26,0) -> 0.50275537 | E15: =C15 -> 14859.746 | F15: =IFERROR(E15/$E$26,0) -> 0.53447931 | G15: =E15 -> 14859.746 | H15: =IFERROR(G15/$G$26,0) -> 0.54857151
A16: =A111 -> 2.1 Depreciação | C16: =G118 -> 1801.6389 | D16: =IFERROR(C16/$C$26,0) -> 0.060955527 | E16: =C16 -> 1801.6389 | F16: =IFERROR(E16/$E$26,0) -> 0.064801829 | G16: =E16 -> 1801.6389 | H16: =IFERROR(G16/$G$26,0) -> 0.066510409
A17: =A119 -> 2.2 Remuneração do Capital | C17: =G129 -> 2881.2063 | D17: =IFERROR(C17/$C$26,0) -> 0.097480938 | E17: =C17 -> 2881.2063 | F17: =IFERROR(E17/$E$26,0) -> 0.103632 | G17: =E17 -> 2881.2063 | H17: =IFERROR(G17/$G$26,0) -> 0.10636438
A18: =A131 -> 2.3. Impostos e Seguros | C18: =G141 -> 689.565 | D18: =IFERROR(C18/$C$26,0) -> 0.023330312 | E18: =C18 -> 689.565 | F18: =IFERROR(E18/$E$26,0) -> 0.024802458 | G18: =E18 -> 689.565 | H18: =IFERROR(G18/$G$26,0) -> 0.025456406
A19: =A142 -> 2.4. Consumos | C19: =G156 -> 4209.5461 | D19: =IFERROR(C19/$C$26,0) -> 0.14242316 | E19: =C19 -> 4209.5461 | F19: =IFERROR(E19/$E$26,0) -> 0.15141008 | G19: =E19 -> 4209.5461 | H19: =IFERROR(G19/$G$26,0) -> 0.15540219
A20: =A158 -> 2.5. Manutenção | C20: =G163 -> 4698.5 | D20: =IFERROR(C20/$C$26,0) -> 0.15896612 | E20: =C20 -> 4698.5 | F20: =IFERROR(E20/$E$26,0) -> 0.1689969 | G20: =E20 -> 4698.5 | H20: =IFERROR(G20/$G$26,0) -> 0.17345272
A21: =A165 -> 2.6. Pneus | C21: =G171 -> 579.28933 | D21: =IFERROR(C21/$C$26,0) -> 0.019599314 | E21: =C21 -> 579.28933 | F21: =IFERROR(E21/$E$26,0) -> 0.020836034 | G21: =E21 -> 579.28933 | H21: =IFERROR(G21/$G$26,0) -> 0.021385401
A22: =A175 -> 3. Ferramentas e Materiais de Consumo | C22: =+G185 -> 86.958333 | D22: =IFERROR(C22/$C$26,0) -> 0.002942094 | E22: =C22 -> 86.958333 | F22: =IFERROR(E22/$E$26,0) -> 0.0031277406 | G22: =E22 -> 86.958333 | H22: =IFERROR(G22/$G$26,0) -> 0.0032102073
A23: =A190 -> 4. Benefícios e Desp. Ind. - BDI - LUCRO REAL | C23: =+G196 -> 7122.751 | D23: =IFERROR(C23/$C$26,0) -> 0.24098672
A24: =A204 -> 5. Benefícios e Desp. Ind. - BDI - LUCRO PRESUMIDO | E24: =G210 -> 5368.423 | F24: =IFERROR(E24/$E$26,0) -> 0.19309288
A25: =A218 -> 6. Benef. Desp. Ind. + Impostos - SIMPLES NACIONAL | G25: =G222+G235 -> 5861.0132 | H25: =IFERROR(G25/$G$26,0) -> 0.21636877
A26: PREÇO TOTAL MÊS (R$/Mês) | C26: =C9+C15+C22+C23 -> 29556.612 | D26: =D9+D15+D22+D23 -> 1 | E26: =E9+E15+E22+E24 -> 27802.284 | F26: =F9+F15+F22+F24 -> 1 | G26: =G9+G15+G22+G25 -> 27088.074 | H26: =H9+H15+H22+H25 -> 1
A27: PREÇO POR QUILOMETRO (R$/Km) | C27: =G202 -> 11.879667 | E27: =G216 -> 11.174552 | G27: =G241 -> 10.88749
A29: GRUPO C - Informações sobre
A30: C1- Mão-de-obra | F30: Quantidade | G30: R$ / mês
A31: Motorista | F31: 1 | G31: =LOTE20.1!G31 -> 2271
A32: Monitor (não há monitor neste trajeto ) | F32: 1 | G32: =LOTE20.1!G32 -> 1621
A33: Total de mão-de-obra (postos de trabalho) | F33: =SUM(F31:F32) -> 2
A35: C2- Veículos | C35: Vida útil do Veículo | D35: Taxade depreciação | E35: Capacidade (Lugares) | F35: Quantidade | G35: Valor (R$)
A36: Dados do veículo e descrição do veículo | C36: 10 | D36: =1/C36 -> 0.1 | E36: 18 | F36: 1 | G36: 404278
A37: Sprinter Van Mercedez Benz - 517 E.L.T.A teto alto 21 lugares , ano 2026, pneus 225 x 75 aro 16 | D37: tipo de combustível | E37: óleo diesel BS 10
A38: Consumo médio (Km / litro) e Valor do litro (R$) | F38: 5.5 | G38: =LOTE20.1!G38 -> 7.32
A39: Velocidade média em função do pavimento (Km/h) | F39: 20
A41: C3- Distâncias | C41: Unidade | E41: Km por dia | F41: Horas p/Dia | G41: Km por mês
A42: Distância percorrida | C42: Km | E42: 124.4 | F42: =(E42/F39)+C48 -> 7.22 | G42: =E42*E43 -> 2488 | I42: =(1512+476+500)/20 -> 124.4
A43: Média de dias letivos por mês | C43: Dias | E43: 20 | I43: =I42*203 -> 25253.2
A45: C4- Fatores | C45: % | D45: Aplicação
A46: Fator de utilização (FU) | C46: =F42/8.8 -> 0.82045455 | D46: Equipe e veículos
A47: Fator de Majoração pelo "Tipo de via" | C47: 0.25 | D47: Conforme tipo de via
A48: Fator de Majoração por "Tempo p/Higienização" | C48: 1 | D48: Horas por dia para higienização do veículo.
A50: CÁLCULOS (itenização numérica)
A51: 1. Mão-de-obra
A52: 1.1. Monitor - EMPRESA LUCRO REAL E PRESUMIDO
A53: Discriminação | C53: Unidade | D53: Quantidade | E53: Custo unitário | F53: Subtotal | G53: Total (R$) | H53: R$/Km
A54: Piso da categoria | C54: mês | D54: 1 | E54: =G32 -> 1621 | F54: =D54*E54 -> 1621
A55: Soma | F55: =SUM(F54:F54) -> 1621
A56: Encargos Sociais | C56: % | D56: ='Enc. Soc. - LR-LP e SN'!C$28*100 -> 70.61 | E56: =F55 -> 1621 | F56: =E56*D56/100 -> 1144.5881
A57: Prêmio por assiduidade ( verba indenizatória) | D57: 1 | E57: 150 | F57: =E57 -> 150
A58: Total por Monitor | F58: =F55+F56+F57 -> 2915.5881
A59: Total do Efetivo | C59: homem | D59: =F32 -> 1 | E59: =F58 -> 2915.5881 | F59: =D59*E59 -> 2915.5881
E60: Fator de utilização | F60: =$C$46 -> 0.82045455 | G60: =F59*F60 -> 2392.1075 | H60: =G60/G$42 -> 0.961458
A62: 1.1.1- Monitor - EMPRESA SIMPLES NACIONAL
A63: Encargos Sociais | C63: % | D63: ='Enc. Soc. - LR-LP e SN'!C$38*100 -> 32.81728 | E63: =F55 -> 1621 | F63: =E63*D63/100 -> 531.96811
A64: =A57 -> Prêmio por assiduidade ( verba indenizatória) | D64: 1 | E64: 150 | F64: =E64 -> 150
A65: Total por Monitor | F65: =E63+F63+F64 -> 2302.9681
A66: Total do Efetivo | C66: homem | D66: =D59 -> 1 | E66: =F65 -> 2302.9681 | F66: =D66*E66 -> 2302.9681
E67: Fator de utilização | F67: =$C$46 -> 0.82045455 | G67: =F66*F67 -> 1889.4807 | H67: =G67/G$42 -> 0.75943756
A69: 1.2. Motorista - EMPRESA LUCRO REAL E PRESUMIDO
A70: Discriminação | C70: Unidade | D70: Quantidade | E70: Custo unitário | F70: Subtotal | G70: Total (R$) | H70: R$/Km
A71: Piso da categoria | C71: mês | D71: 1 | E71: =G31 -> 2271 | F71: =D71*E71 -> 2271
A72: Soma | F72: =SUM(F71:F71) -> 2271
A73: Encargos Sociais | C73: % | D73: ='Enc. Soc. - LR-LP e SN'!C$28*100 -> 70.61 | E73: =F72 -> 2271 | F73: =E73*D73/100 -> 1603.5531
A74: =A57 -> Prêmio por assiduidade ( verba indenizatória) | D74: 1 | E74: 150 | F74: =E74 -> 150
A75: Total por Motorista | F75: =F72+F73+F74 -> 4024.5531
A76: Total do Efetivo | C76: homem | D76: 1 | E76: =F75 -> 4024.5531 | F76: =D76*E76 -> 4024.5531
E77: Fator de utilização | F77: =$C$46 -> 0.82045455 | G77: =F76*F77 -> 3301.9629 | H77: =G77/G$42 -> 1.3271555
A79: 1.2.1- Motorista - EMPRESA SIMPLES NACIONAL
A80: Encargos Sociais | C80: % | D80: ='Enc. Soc. - LR-LP e SN'!C$38*100 -> 32.81728 | E80: =F72 -> 2271 | F80: =E80*D80/100 -> 745.28043
A81: =A57 -> Prêmio por assiduidade ( verba indenizatória) | D81: 1 | E81: 150 | F81: 150
A82: Total por Motorista | F82: =E80+F80+F81 -> 3166.2804
A83: Total do Efetivo | C83: homem | D83: =D76 -> 1 | E83: =F82 -> 3166.2804 | F83: =D83*E83 -> 3166.2804
E84: Fator de utilização | F84: =$C$46 -> 0.82045455 | G84: =F83*F84 -> 2597.7892 | H84: =G84/G$42 -> 1.0441275
A86: 1.3. Vale Transporte
A87: Discriminação | C87: Unidade | D87: Quantidade | E87: Custo unitário | F87: Subtotal | G87: Total (R$) | H87: R$/Km
A88: Vale Transporte | C88: R$ | D88: 1 | E88: =LOTE20.1!E88 -> 6.6
A89: Dias Trabalhados por mês | C89: dia | D89: =E43 -> 20
A90: Monitor (Valor líquido, descontado 6,00% s/piso sal.) | C90: vale | D90: =$D$89*2*(F32) -> 40 | E90: =IF(E88=0,"",IFERROR((($D$89*2*$E$88)-(F54*0.06*D89/20))/($D$89*2),"-")) -> 4.1685 | F90: =IFERROR(D90*E90,"-") -> 166.74
A91: Motorista (Vlr líq. desc. 6,% s/piso sal.) | C91: vale | D91: =$D$89*2*(F31) -> 40 | E91: =IF(E88=0,"",IFERROR((($D$89*2*$E$88)-(F71*0.06*D89/20))/($D$89*2),"-")) -> 3.1935 | F91: =IFERROR(D91*E91,"-") -> 127.74
E92: Fator de utilização | F92: =$C$46 -> 0.82045455 | G92: =SUM(F88:F91)*F92 -> 241.60745 | H92: =G92/G$42 -> 0.097109106
A94: 1.4. Vale-refeição (diário)
A95: Discriminação | C95: Unidade | D95: Quantidade | E95: Custo unitário | F95: Subtotal | G95: Total (R$) | H95: R$/Km
A96: Monitor | C96: unidade | D96: =D89*(F32) -> 20 | E96: =LOTE20.1!E96 -> 46 | F96: =D96*E96 -> 920
A97: Motorista | C97: unidade | D97: =D89*(F31) -> 20 | E97: =E96 -> 46 | F97: =D97*E97 -> 920
E98: Fator de utilização | F98: =$C$46 -> 0.82045455 | G98: =SUM(F96:F97)*F98 -> 1509.6364 | H98: =G98/G$42 -> 0.60676703
A100: 1.5. Seguro de Vida em grupo
A101: Discriminação | C101: Unidade | D101: Quantidade | E101: Custo unitário | F101: Subtotal | G101: Total (R$) | H101: R$/Km
A102: Monitor | C102: unidade | D102: mensal | E102: 25.5 | F102: =E102 -> 25.5
A103: Motorista | C103: unidade | D103: mensal | E103: 25.5 | F103: =E103 -> 25.5
E104: Fator de utilização | F104: =$C$46 -> 0.82045455 | G104: =SUM(F102:F103)*F104 -> 41.843182 | H104: =G104/G$42 -> 0.016817999
A107: Custo Mensal com Mão-de-obra (R$/mês) - LUCRO REAL E PRESUMIDO | G107: =SUM(G54:G99)-G67-G84+G104 -> 7487.1574 | H107: =G107/G$42 -> 3.0093076
A108: Custo Mensal com Mão-de-obra (R$/mês) - SIMPLES NACIONAL | G108: =SUM(G54:G99)-G60-G77+G104 -> 6280.3568 | H108: =G108/G$42 -> 2.5242592
A110: 2. Veículos
A111: 2.1 Depreciação
A112: Discriminação | C112: Unidade | D112: Quantidade | E112: Custo unitário | F112: Subtotal | G112: Total (R$) | H112: R$/Km
A113: Custo de aquisição do veículo | C113: unidade | D113: 1 | E113: =G36 -> 404278 | F113: =D113*E113 -> 404278
A114: Vida útil do veícuo | C114: anos | D114: =C36 -> 10
A115: Depreciação do veículo | C115: % | D115: 65.18 | E115: =F113 -> 404278 | F115: =D115*E115/100 -> 263508.4
...

Sheet LOTE20.1
A1: PLANILHA DE COMPOSIÇÃO DE CUSTOS E FORMAÇÃO DE PREÇO
A2: GRUPO A - Identificação
A3: Nº do processo: | B3: ='lote 16.3'!B3 -> 3827-2026 | C3: Nº Licitação: | F3: Data:
A4: Trajeto | B4: 20 | C4: Item: | D4: 1 | E4: Serviço de Transporte Escolar
A6: GRUPO B - Orçamento Sintético
A7: Formas de Tributação | C7: LUCRO REAL | E7: LUCRO PRESUMIDO | G7: SIMPLES NAC.
A8: Descrição do Item | C8: Custo (R$/mês) | D8: AV % | E8: Custo (R$/mês) | F8: AV % | G8: Custo (R$/mês) | H8: AV %
A9: =A51 -> 1. Mão-de-obra | C9: =+G108 -> 3370.2578 | D9: =IFERROR(C9/$C$26,0) -> 0.2782252 | E9: =G108 -> 3370.2578 | F9: =IFERROR(E9/$E$26,0) -> 0.29578125 | G9: =G109 -> 2827.0304 | H9: =IFERROR(G9/$G$26,0) -> 0.26270312
A10: 1.1. Monitor | C10: =G60 -> 1076.7797 | D10: =IFERROR(C10/$C$26,0) -> 0.088891491 | E10: =C10 -> 1076.7797 | F10: =IFERROR(E10/$E$26,0) -> 0.094500557 | G10: =G67 -> 850.52799 | H10: =IFERROR(G10/$G$26,0) -> 0.079035709
A11: 1.2. Motorista | C11: =G77 -> 1486.3406 | D11: =IFERROR(C11/$C$26,0) -> 0.12270201 | E11: =C11 -> 1486.3406 | F11: =IFERROR(E11/$E$26,0) -> 0.13044453 | G11: =G84 -> 1169.3649 | H11: =IFERROR(G11/$G$26,0) -> 0.10866378
A12: =A86 -> 1.3. Vale Transporte | C12: =G92 -> 108.75682 | D12: =IFERROR(C12/$C$26,0) -> 0.0089782114 | E12: =C12 -> 108.75682 | F12: =IFERROR(E12/$E$26,0) -> 0.0095447378 | G12: =E12 -> 108.75682 | H12: =IFERROR(G12/$G$26,0) -> 0.010106278
A13: =A94 -> 1.4. Vale-refeição (diário) | C13: =G98 -> 679.54545 | D13: =IFERROR(C13/$C$26,0) -> 0.056098577 | E13: =C13 -> 679.54545 | F13: =IFERROR(E13/$E$26,0) -> 0.059638405 | G13: =E13 -> 679.54545 | H13: =IFERROR(G13/$G$26,0) -> 0.063147077
A14: 1.5 Seguro de Vida em grupo | C14: =G105 -> 18.835227 | D14: =IFERROR(C14/$C$26,0) -> 0.0015549062 | E14: =C14 -> 18.835227 | F14: =IFERROR(E14/$E$26,0) -> 0.001653021 | G14: =E14 -> 18.835227 | H14: =IFERROR(G14/$G$26,0) -> 0.0017502722
A15: =A111 -> 2. Veículos | C15: =+G174 -> 5737.0282 | D15: =IFERROR(C15/$C$26,0) -> 0.4736094 | E15: =C15 -> 5737.0282 | F15: =IFERROR(E15/$E$26,0) -> 0.50349422 | G15: =E15 -> 5737.0282 | H15: =IFERROR(G15/$G$26,0) -> 0.53311601
A16: =A112 -> 2.1 Depreciação | C16: =G119 -> 541.7961 | D16: =IFERROR(C16/$C$26,0) -> 0.044726942 | E16: =C16 -> 541.7961 | F16: =IFERROR(E16/$E$26,0) -> 0.047549218 | G16: =E16 -> 541.7961 | H16: =IFERROR(G16/$G$26,0) -> 0.050346654
A17: =A120 -> 2.2 Remuneração do Capital | C17: =G130 -> 866.44796 | D17: =IFERROR(C17/$C$26,0) -> 0.071527956 | E17: =C17 -> 866.44796 | F17: =IFERROR(E17/$E$26,0) -> 0.07604138 | G17: =E17 -> 866.44796 | H17: =IFERROR(G17/$G$26,0) -> 0.080515079
A18: =A132 -> 2.3. Impostos e Seguros | C18: =G142 -> 577.73833 | D18: =IFERROR(C18/$C$26,0) -> 0.047694085 | E18: =C18 -> 577.73833 | F18: =IFERROR(E18/$E$26,0) -> 0.050703588 | G18: =E18 -> 577.73833 | H18: =IFERROR(G18/$G$26,0) -> 0.053686603
A19: =A143 -> 2.4. Consumos | C19: =G157 -> 1522.7458 | D19: =IFERROR(C19/$C$26,0) -> 0.12570737 | E19: =C19 -> 1522.7458 | F19: =IFERROR(E19/$E$26,0) -> 0.13363952 | G19: =E19 -> 1522.7458 | H19: =IFERROR(G19/$G$26,0) -> 0.14150186
A20: =A159 -> 2.5. Manutenção | C20: =G164 -> 2018.75 | D20: =IFERROR(C20/$C$26,0) -> 0.16665405 | E20: =C20 -> 2018.75 | F20: =IFERROR(E20/$E$26,0) -> 0.17716994 | G20: =E20 -> 2018.75 | H20: =IFERROR(G20/$G$26,0) -> 0.18759328
A21: =A166 -> 2.6. Pneus | C21: =G172 -> 209.55 | D21: =IFERROR(C21/$C$26,0) -> 0.017299 | E21: =C21 -> 209.55 | F21: =IFERROR(E21/$E$26,0) -> 0.018390569 | G21: =E21 -> 209.55 | H21: =IFERROR(G21/$G$26,0) -> 0.019472531
A22: =A176 -> 3. Ferramentas e Materiais de Consumo | C22: =+G186 -> 86.958333 | D22: =IFERROR(C22/$C$26,0) -> 0.0071786791 | E22: =C22 -> 86.958333 | F22: =IFERROR(E22/$E$26,0) -> 0.0076316548 | G22: =E22 -> 86.958333 | H22: =IFERROR(G22/$G$26,0) -> 0.0080806435
A23: =A191 -> 4. Benefícios e Desp. Ind. - BDI - LUCRO REAL | C23: =+G197 -> 2919.1726 | D23: =IFERROR(C23/$C$26,0) -> 0.24098672
A24: =A205 -> 5. Benefícios e Desp. Ind. - BDI - LUCRO PRESUMIDO | E24: =G211 -> 2200.1827 | F24: =IFERROR(E24/$E$26,0) -> 0.19309288
A25: =A219 -> 6. Benef. Desp. Ind. + Impostos - SIMPLES NACIONAL | G25: =G223+G236 -> 2110.2959 | H25: =IFERROR(G25/$G$26,0) -> 0.19610023
A26: PREÇO TOTAL MÊS (R$/Mês) | C26: =C9+C15+C22+C23 -> 12113.417 | D26: =D9+D15+D22+D23 -> 1 | E26: =E9+E15+E22+E24 -> 11394.427 | F26: =F9+F15+F22+F24 -> 1 | G26: =G9+G15+G22+G25 -> 10761.313 | H26: =H9+H15+H22+H25 -> 1
A27: PREÇO POR QUILOMETRO (R$/Km) | C27: =G203 -> 13.459352 | E27: =G217 -> 12.660474 | G27: =G242 -> 11.957014
A29: GRUPO C - Informações sobre
A30: C1- Mão-de-obra | F30: Quantidade | G30: R$ / mês
A31: Motorista | F31: 1 | G31: ='lote 16.3'!G31 -> 2271
A32: Monitor | F32: 1 | G32: ='lote 16.3'!G32 -> 1621
A33: Total de mão-de-obra (postos de trabalho) | F33: =SUM(F31:F32) -> 2
A35: C2- Veículos | C35: Vida útil do Veículo | D35: Taxade depreciação | E35: Capacidade (Lugares) | F35: Quantidade | G35: Valor (R$)
A36: Dados do veículo e descrição do veículo | C36: 10 | D36: =1/C36 -> 0.1 | E36: 15 | F36: 1 | G36: 270086
A37: Sprinter Van Mercedez Benz - 517 E.L.T.B 16 lugares , ano 2026, pneus 225 x 75 aro 16 | D37: tipo de combustível | E37: óleo diesel BS 10
A38: Consumo médio (Km / litro) e Valor do litro (R$) | F38: 5.5 | G38: ='lote 16.3'!G38 -> 7.32
A39: Velocidade média em função do pavimento (Km/h) | F39: 20
A41: C3- Distâncias | C41: Unidade | E41: Km por dia | F41: Horas p/Dia | G41: Km por mês
A42: Distância percorrida | C42: Km | E42: 45 | F42: =(E42/F39)+C48 -> 3.25 | G42: =E42*E43 -> 900 | I42: 45 | J42: reduzido de 73,50 para 45 km
A43: Média de dias letivos por mês | C43: Dias | E43: 20 | I43: =I42*203 -> 9135
A45: C4- Fatores | C45: % | D45: Aplicação
A46: Fator de utilização (FU) | C46: =F42/8.8 -> 0.36931818 | D46: Equipe e veículos
A47: Fator de Majoração pelo "Tipo de via" | C47: 0.25 | D47: Conforme tipo de via
A48: Fator de Majoração por "Tempo p/Higienização" | C48: 1 | D48: Horas por dia para higienização do veículo.
A50: CÁLCULOS (itenização numérica)
A51: 1. Mão-de-obra
A52: 1.1. Monitor - EMPRESA LUCRO REAL E PRESUMIDO
A53: Discriminação | C53: Unidade | D53: Quantidade | E53: Custo unitário | F53: Subtotal | G53: Total (R$) | H53: R$/Km
A54: Piso da categoria | C54: mês | D54: 1 | E54: =G32 -> 1621 | F54: =D54*E54 -> 1621
A55: Soma | F55: =SUM(F54:F54) -> 1621
A56: Encargos Sociais | C56: % | D56: ='Enc. Soc. - LR-LP e SN'!C$28*100 -> 70.61 | E56: =F55 -> 1621 | F56: =E56*D56/100 -> 1144.5881
A57: Prêmio de assiduidade ( verba indenizatória) | D57: 1 | E57: 150 | F57: =E57 -> 150
A58: Total por Monitor | F58: =F55+F56+F57 -> 2915.5881
A59: Total do Efetivo | C59: homem | D59: =F32 -> 1 | E59: =F58 -> 2915.5881 | F59: =D59*E59 -> 2915.5881
E60: Fator de utilização | F60: =$C$46 -> 0.36931818 | G60: =F59*F60 -> 1076.7797 | H60: =G60/G$42 -> 1.1964219
A62: 1.1.1- Monitor - EMPRESA SIMPLES NACIONAL
A63: Encargos Sociais | C63: % | D63: ='Enc. Soc. - LR-LP e SN'!C$38*100 -> 32.81728 | E63: =F55 -> 1621 | F63: =E63*D63/100 -> 531.96811
A64: =A57 -> Prêmio de assiduidade ( verba indenizatória) | D64: 1 | E64: 150 | F64: =E64 -> 150
A65: Total por Monitor | F65: =E63+F63+F64 -> 2302.9681
A66: Total do Efetivo | C66: homem | D66: =D59 -> 1 | E66: =F65 -> 2302.9681 | F66: =D66*E66 -> 2302.9681
E67: Fator de utilização | F67: =$C$46 -> 0.36931818 | G67: =F66*F67 -> 850.52799 | H67: =G67/G$42 -> 0.94503111
A69: 1.2. Motorista - EMPRESA LUCRO REAL E PRESUMIDO
A70: Discriminação | C70: Unidade | D70: Quantidade | E70: Custo unitário | F70: Subtotal | G70: Total (R$) | H70: R$/Km
A71: Piso da categoria | C71: mês | D71: 1 | E71: =G31 -> 2271 | F71: =D71*E71 -> 2271
A72: Soma | F72: =SUM(F71:F71) -> 2271
A73: Encargos Sociais | C73: % | D73: ='Enc. Soc. - LR-LP e SN'!C$28*100 -> 70.61 | E73: =F72 -> 2271 | F73: =E73*D73/100 -> 1603.5531
A74: =A57 -> Prêmio de assiduidade ( verba indenizatória) | D74: 1 | E74: 150 | F74: =E74 -> 150
A75: Total por Motorista | F75: =F72+F73+F74 -> 4024.5531
A76: Total do Efetivo | C76: homem | D76: 1 | E76: =F75 -> 4024.5531 | F76: =D76*E76 -> 4024.5531
E77: Fator de utilização | F77: =$C$46 -> 0.36931818 | G77: =F76*F77 -> 1486.3406 | H77: =G77/G$42 -> 1.6514896
A79: 1.2.1- Motorista - EMPRESA SIMPLES NACIONAL
A80: Encargos Sociais | C80: % | D80: ='Enc. Soc. - LR-LP e SN'!C$38*100 -> 32.81728 | E80: =F72 -> 2271 | F80: =E80*D80/100 -> 745.28043
A81: =A57 -> Prêmio de assiduidade ( verba indenizatória) | D81: 1 | E81: 150 | F81: =E81 -> 150
A82: Total por Motorista | F82: =E80+F80+F81 -> 3166.2804
A83: Total do Efetivo | C83: homem | D83: =D76 -> 1 | E83: =F82 -> 3166.2804 | F83: =D83*E83 -> 3166.2804
E84: Fator de utilização | F84: =$C$46 -> 0.36931818 | G84: =F83*F84 -> 1169.3649 | H84: =G84/G$42 -> 1.2992944
A86: 1.3. Vale Transporte
A87: Discriminação | C87: Unidade | D87: Quantidade | E87: Custo unitário | F87: Subtotal | G87: Total (R$) | H87: R$/Km
A88: Vale Transporte | C88: R$ | D88: 1 | E88: ='lote 16.3'!E88 -> 6.6
A89: Dias Trabalhados por mês | C89: dia | D89: =E43 -> 20
A90: Monitor (Valor líquido, descontado 6,00% s/piso sal.) | C90: vale | D90: =$D$89*2*(F32) -> 40 | E90: =IF(E88=0,"",IFERROR((($D$89*2*$E$88)-(F54*0.06*D89/20))/($D$89*2),"-")) -> 4.1685 | F90: =IFERROR(D90*E90,"-") -> 166.74
A91: Motorista (Vlr líq. desc. 6,% s/piso sal.) | C91: vale | D91: =$D$89*2*(F31) -> 40 | E91: =IF(E88=0,"",IFERROR((($D$89*2*$E$88)-(F71*0.06*D89/20))/($D$89*2),"-")) -> 3.1935 | F91: =IFERROR(D91*E91,"-") -> 127.74
E92: Fator de utilização | F92: =$C$46 -> 0.36931818 | G92: =SUM(F88:F91)*F92 -> 108.75682 | H92: =G92/G$42 -> 0.12084091
A94: 1.4. Vale-refeição (diário)
A95: Discriminação | C95: Unidade | D95: Quantidade | E95: Custo unitário | F95: Subtotal | G95: Total (R$) | H95: R$/Km
A96: Monitor | C96: unidade | D96: =D89*(F32) -> 20 | E96: ='lote 16.3'!E96 -> 46 | F96: =D96*E96 -> 920
A97: Motorista | C97: unidade | D97: =D89*(F31) -> 20 | E97: =E96 -> 46 | F97: =D97*E97 -> 920
E98: Fator de utilização | F98: =$C$46 -> 0.36931818 | G98: =SUM(F96:F97)*F98 -> 679.54545 | H98: =G98/G$42 -> 0.75505051
A101: 1.5. Seguro de vida em grupo
A102: Discriminação | C102: Unidade | D102: Quantidade | E102: Custo unitário | F102: Subtotal | G102: Total (R$) | H102: R$/Km
A103: Monitor | C103: unidade | D103: mensal | E103: ='lote 16.3'!E103 -> 25.5 | F103: =E103 -> 25.5
A104: Motorista | C104: unidade | D104: mensal | E104: =E103 -> 25.5 | F104: =E104 -> 25.5
E105: Fator de utilização | F105: =$C$46 -> 0.36931818 | G105: =SUM(F103:F104)*F105 -> 18.835227 | H105: =G105/G$42 -> 0.02092803
A108: Custo Mensal com Mão-de-obra (R$/mês) - LUCRO REAL E PRESUMIDO | G108: =SUM(G54:G99)-G67-G84+G105 -> 3370.2578 | H108: =G108/G$42 -> 3.7447309
A109: Custo Mensal com Mão-de-obra (R$/mês) - SIMPLES NACIONAL | G109: =SUM(G54:G99)-G60-G77+G105 -> 2827.0304 | H109: =G109/G$42 -> 3.1411449
A111: 2. Veículos
A112: 2.1 Depreciação
A113: Discriminação | C113: Unidade | D113: Quantidade | E113: Custo unitário | F113: Subtotal | G113: Total (R$) | H113: R$/Km
A114: Custo de aquisição do veículo | C114: unidade | D114: 1 | E114: =G36 -> 270086 | F114: =D114*E114 -> 270086
A115: Vida útil do veícuo | C115: anos | D115: =C36 -> 10
A116: Depreciação do veículo | C116: % | D116: 65.18 | E116: =F114 -> 270086 | F116: =D116*E116/100 -> 176042.05
...

Sheet lote 21.1
A1: PLANILHA DE COMPOSIÇÃO DE CUSTOS E FORMAÇÃO DE PREÇO
A2: GRUPO A - Identificação
A3: Nº do processo: | B3: =LOTE20.1!B3 -> 3827-2026 | C3: Nº Licitação: | F3: Data:
A4: Trajeto | B4: 21 | C4: Item: | D4: 1 | E4: Serviço de Transporte Escolar
A6: GRUPO B - Orçamento Sintético
A7: Formas de Tributação | C7: LUCRO REAL | E7: LUCRO PRESUMIDO | G7: SIMPLES NAC.
A8: Descrição do Item | C8: Custo (R$/mês) | D8: AV % | E8: Custo (R$/mês) | F8: AV % | G8: Custo (R$/mês) | H8: AV %
A9: =A51 -> 1. Mão-de-obra | C9: =+G107 -> 4614.6607 | D9: =IFERROR(C9/$C$26,0) -> 0.25469185 | E9: =G107 -> 4614.6607 | F9: =IFERROR(E9/$E$26,0) -> 0.27076295 | G9: =G108 -> 3870.857 | H9: =IFERROR(G9/$G$26,0) -> 0.23819423
A10: 1.1. Monitor | C10: =G60 -> 1474.3599 | D10: =IFERROR(C10/$C$26,0) -> 0.081372712 | E10: =C10 -> 1474.3599 | F10: =IFERROR(E10/$E$26,0) -> 0.086507341 | G10: =G67 -> 1164.5691 | H10: =IFERROR(G10/$G$26,0) -> 0.071662074
A11: 1.2. Motorista | C11: =G77 -> 2035.1433 | D11: =IFERROR(C11/$C$26,0) -> 0.11232341 | E11: =C11 -> 2035.1433 | F11: =IFERROR(E11/$E$26,0) -> 0.11941103 | G11: =G84 -> 1601.1304 | H11: =IFERROR(G11/$G$26,0) -> 0.098525995
A12: =A86 -> 1.3. Vale Transporte | C12: =G92 -> 148.91318 | D12: =IFERROR(C12/$C$26,0) -> 0.0082188002 | E12: =C12 -> 148.91318 | F12: =IFERROR(E12/$E$26,0) -> 0.0087374076 | G12: =E12 -> 148.91318 | H12: =IFERROR(G12/$G$26,0) -> 0.0091634129
A13: =A94 -> 1.4. Vale-refeição (diário) | C13: =G98 -> 930.45455 | D13: =IFERROR(C13/$C$26,0) -> 0.051353547 | E13: =C13 -> 930.45455 | F13: =IFERROR(E13/$E$26,0) -> 0.054593962 | G13: =E13 -> 930.45455 | H13: =IFERROR(G13/$G$26,0) -> 0.057255772
A14: 1.5 Seguro de vida em grupo | C14: =G104 -> 25.789773 | D14: =IFERROR(C14/$C$26,0) -> 0.0014233863 | E14: =C14 -> 25.789773 | F14: =IFERROR(E14/$E$26,0) -> 0.0015132022 | G14: =E14 -> 25.789773 | H14: =IFERROR(G14/$G$26,0) -> 0.0015869806
A15: =A110 -> 2. Veículos | C15: =+G173 -> 9050.6416 | D15: =IFERROR(C15/$C$26,0) -> 0.49952203 | E15: =C15 -> 9050.6416 | F15: =IFERROR(E15/$E$26,0) -> 0.53104194 | G15: =E15 -> 9050.6416 | H15: =IFERROR(G15/$G$26,0) -> 0.55693368
A16: =A111 -> 2.1 Depreciação | C16: =G118 -> 1110.4284 | D16: =IFERROR(C16/$C$26,0) -> 0.061286644 | E16: =C16 -> 1110.4284 | F16: =IFERROR(E16/$E$26,0) -> 0.065153839 | G16: =E16 -> 1110.4284 | H16: =IFERROR(G16/$G$26,0) -> 0.068330511
A17: =A119 -> 2.2 Remuneração do Capital | C17: =G129 -> 1775.8127 | D17: =IFERROR(C17/$C$26,0) -> 0.098010465 | E17: =C17 -> 1775.8127 | F17: =IFERROR(E17/$E$26,0) -> 0.10419494 | G17: =E17 -> 1775.8127 | H17: =IFERROR(G17/$G$26,0) -> 0.10927512
A18: =A131 -> 2.3. Impostos e Seguros | C18: =G141 -> 689.565 | D18: =IFERROR(C18/$C$26,0) -> 0.038058397 | E18: =C18 -> 689.565 | F18: =IFERROR(E18/$E$26,0) -> 0.040459887 | G18: =E18 -> 689.565 | H18: =IFERROR(G18/$G$26,0) -> 0.042432569
A19: =A142 -> 2.4. Consumos | C19: =G156 -> 2324.7755 | D19: =IFERROR(C19/$C$26,0) -> 0.12830876 | E19: =C19 -> 2324.7755 | F19: =IFERROR(E19/$E$26,0) -> 0.13640506 | G19: =E19 -> 2324.7755 | H19: =IFERROR(G19/$G$26,0) -> 0.14305569
A20: =A158 -> 2.5. Manutenção | C20: =G163 -> 2828.75 | D20: =IFERROR(C20/$C$26,0) -> 0.15612406 | E20: =C20 -> 2828.75 | F20: =IFERROR(E20/$E$26,0) -> 0.16597551 | G20: =E20 -> 2828.75 | H20: =IFERROR(G20/$G$26,0) -> 0.1740679
A21: =A165 -> 2.6. Pneus | C21: =G171 -> 321.31 | D21: =IFERROR(C21/$C$26,0) -> 0.017733707 | E21: =C21 -> 321.31 | F21: =IFERROR(E21/$E$26,0) -> 0.018852706 | G21: =E21 -> 321.31 | H21: =IFERROR(G21/$G$26,0) -> 0.019771898
A22: =A175 -> 3. Ferramentas e Materiais de Consumo | C22: =+G185 -> 86.958333 | D22: =IFERROR(C22/$C$26,0) -> 0.0047993949 | E22: =C22 -> 86.958333 | F22: =IFERROR(E22/$E$26,0) -> 0.0051022374 | G22: =E22 -> 86.958333 | H22: =IFERROR(G22/$G$26,0) -> 0.0053510046
A23: =A190 -> 4. Benefícios e Desp. Ind. - BDI - LUCRO REAL | C23: =+G196 -> 4366.3428 | D23: =IFERROR(C23/$C$26,0) -> 0.24098672
A24: =A204 -> 5. Benefícios e Desp. Ind. - BDI - LUCRO PRESUMIDO | E24: =G210 -> 3290.916 | F24: =IFERROR(E24/$E$26,0) -> 0.19309288
A25: =A218 -> 6. Benef. Desp. Ind. + Impostos - SIMPLES NACIONAL | G25: =G222+G235 -> 3242.3857 | H25: =IFERROR(G25/$G$26,0) -> 0.19952108
A26: PREÇO TOTAL MÊS (R$/Mês) | C26: =C9+C15+C22+C23 -> 18118.603 | D26: =D9+D15+D22+D23 -> 1 | E26: =E9+E15+E22+E24 -> 17043.177 | F26: =F9+F15+F22+F24 -> 1 | G26: =G9+G15+G22+G25 -> 16250.843 | H26: =H9+H15+H22+H25 -> 1
A27: PREÇO POR QUILOMETRO (R$/Km) | C27: =G202 -> 13.129423 | E27: =G216 -> 12.350128 | G27: =G241 -> 11.775973
A29: GRUPO C - Informações sobre
A30: C1- Mão-de-obra | F30: Quantidade | G30: R$ / mês
A31: Motorista | F31: 1 | G31: ='lote 3.1'!G31 -> 2271
A32: Monitor | F32: 1 | G32: ='lote 3.1'!G32 -> 1621
A33: Total de mão-de-obra (postos de trabalho) | F33: =SUM(F31:F32) -> 2
A35: C2- Veículos | C35: Vida útil do Veículo | D35: Taxade depreciação | E35: Capacidade (Lugares) | F35: Quantidade | G35: Valor (R$)
A36: Dados do veículo e descrição do veículo | C36: 10 | D36: =1/C36 -> 0.1 | E36: 21 | F36: 1 | G36: 404278
A37: Sprinter Van Mercedez Benz - 517 E.L.T.A teto alto 21 lugares , ano 2026, pneus 225 x 75 aro 16 | D37: tipo de combustível | E37: diesel BS 10
A38: Consumo médio (Km / litro) e Valor do litro (R$) | F38: 5.5 | G38: ='lote 3.1'!G38 -> 7.32
A39: Velocidade média em função do pavimento (Km/h) | F39: 20
A41: C3- Distâncias | C41: Unidade | E41: Km por dia | F41: Horas p/Dia | G41: Km por mês
A42: Distância percorrida | C42: Km | E42: 69 | F42: =(E42/F39)+C48 -> 4.45 | G42: =E42*E43 -> 1380 | I42: =8+30+16+15 -> 69
A43: Média de dias letivos por mês | C43: Dias | E43: 20 | I43: =I42*203 -> 14007
A45: C4- Fatores | C45: % | D45: Aplicação
A46: Fator de utilização (FU) | C46: =F42/8.8 -> 0.50568182 | D46: Equipe e veículos
A47: Fator de Majoração pelo "Tipo de via" | C47: 0.25 | D47: Conforme tipo de via
A48: Fator de Majoração por "Tempo p/Higienização" | C48: 1 | D48: Horas por dia para higienização do veículo.
A50: CÁLCULOS (itenização numérica)
A51: 1. Mão-de-obra
A52: 1.1. Monitor - EMPRESA LUCRO REAL E PRESUMIDO
A53: Discriminação | C53: Unidade | D53: Quantidade | E53: Custo unitário | F53: Subtotal | G53: Total (R$) | H53: R$/Km
A54: Piso da categoria | C54: mês | D54: 1 | E54: =G32 -> 1621 | F54: =D54*E54 -> 1621
A55: Soma | F55: =SUM(F54:F54) -> 1621
A56: Encargos Sociais | C56: % | D56: ='Enc. Soc. - LR-LP e SN'!C$28*100 -> 70.61 | E56: =F55 -> 1621 | F56: =E56*D56/100 -> 1144.5881
A57: Prêmio por assiduidade (verba indenizatória) | D57: 1 | E57: 150 | F57: =E57 -> 150
A58: Total por Monitor | F58: =F55+F56+F57 -> 2915.5881
A59: Total do Efetivo | C59: homem | D59: =F32 -> 1 | E59: =F58 -> 2915.5881 | F59: =D59*E59 -> 2915.5881
E60: Fator de utilização | F60: =$C$46 -> 0.50568182 | G60: =F59*F60 -> 1474.3599 | H60: =G60/G$42 -> 1.0683767
A62: 1.1.1- Monitor - EMPRESA SIMPLES NACIONAL
A63: Encargos Sociais | C63: % | D63: ='Enc. Soc. - LR-LP e SN'!C$38*100 -> 32.81728 | E63: =F55 -> 1621 | F63: =E63*D63/100 -> 531.96811
A64: =A57 -> Prêmio por assiduidade (verba indenizatória) | D64: 1 | E64: 150 | F64: =E64 -> 150
A65: Total por Monitor | F65: =E63+F63+F64 -> 2302.9681
A66: Total do Efetivo | C66: homem | D66: =D59 -> 1 | E66: =F65 -> 2302.9681 | F66: =D66*E66 -> 2302.9681
E67: Fator de utilização | F67: =$C$46 -> 0.50568182 | G67: =F66*F67 -> 1164.5691 | H67: =G67/G$42 -> 0.84389065
A69: 1.2. Motorista - EMPRESA LUCRO REAL E PRESUMIDO
A70: Discriminação | C70: Unidade | D70: Quantidade | E70: Custo unitário | F70: Subtotal | G70: Total (R$) | H70: R$/Km
A71: Piso da categoria | C71: mês | D71: 1 | E71: =G31 -> 2271 | F71: =D71*E71 -> 2271
A72: Soma | F72: =SUM(F71:F71) -> 2271
A73: Encargos Sociais | C73: % | D73: ='Enc. Soc. - LR-LP e SN'!C$28*100 -> 70.61 | E73: =F72 -> 2271 | F73: =E73*D73/100 -> 1603.5531
A74: =A57 -> Prêmio por assiduidade (verba indenizatória) | D74: 1 | E74: 150 | F74: =E74 -> 150
A75: Total por Motorista | F75: =F72+F73+F74 -> 4024.5531
A76: Total do Efetivo | C76: homem | D76: 1 | E76: =F75 -> 4024.5531 | F76: =D76*E76 -> 4024.5531
E77: Fator de utilização | F77: =$C$46 -> 0.50568182 | G77: =F76*F77 -> 2035.1433 | H77: =G77/G$42 -> 1.4747415
A79: 1.2.1- Motorista - EMPRESA SIMPLES NACIONAL
A80: Encargos Sociais | C80: % | D80: ='Enc. Soc. - LR-LP e SN'!C$38*100 -> 32.81728 | E80: =F72 -> 2271 | F80: =E80*D80/100 -> 745.28043
A81: =A57 -> Prêmio por assiduidade (verba indenizatória) | D81: 1 | E81: 150 | F81: =E81 -> 150
A82: Total por Motorista | F82: =E80+F80+F81 -> 3166.2804
A83: Total do Efetivo | C83: homem | D83: =D76 -> 1 | E83: =F82 -> 3166.2804 | F83: =D83*E83 -> 3166.2804
E84: Fator de utilização | F84: =$C$46 -> 0.50568182 | G84: =F83*F84 -> 1601.1304 | H84: =G84/G$42 -> 1.1602395
A86: 1.3. Vale Transporte
A87: Discriminação | C87: Unidade | D87: Quantidade | E87: Custo unitário | F87: Subtotal | G87: Total (R$) | H87: R$/Km
A88: Vale Transporte | C88: R$ | D88: 1 | E88: ='lote 3.1'!E88 -> 6.6
A89: Dias Trabalhados por mês | C89: dia | D89: =E43 -> 20
A90: Monitor (Valor líquido, descontado 6,00% s/piso sal.) | C90: vale | D90: =$D$89*2*(F32) -> 40 | E90: =IF(E88=0,"",IFERROR((($D$89*2*$E$88)-(F54*0.06*D89/20))/($D$89*2),"-")) -> 4.1685 | F90: =IFERROR(D90*E90,"-") -> 166.74
A91: Motorista (Vlr líq. desc. 6,% s/piso sal.) | C91: vale | D91: =$D$89*2*(F31) -> 40 | E91: =IF(E88=0,"",IFERROR((($D$89*2*$E$88)-(F71*0.06*D89/20))/($D$89*2),"-")) -> 3.1935 | F91: =IFERROR(D91*E91,"-") -> 127.74
E92: Fator de utilização | F92: =$C$46 -> 0.50568182 | G92: =SUM(F88:F91)*F92 -> 148.91318 | H92: =G92/G$42 -> 0.1079081
A94: 1.4. Vale-refeição (diário)
A95: Discriminação | C95: Unidade | D95: Quantidade | E95: Custo unitário | F95: Subtotal | G95: Total (R$) | H95: R$/Km
A96: Monitor | C96: unidade | D96: =D89*(F32) -> 20 | E96: ='lote 3.1'!E96 -> 46 | F96: =D96*E96 -> 920
A97: Motorista | C97: unidade | D97: =D89*(F31) -> 20 | E97: =E96 -> 46 | F97: =D97*E97 -> 920
E98: Fator de utilização | F98: =$C$46 -> 0.50568182 | G98: =SUM(F96:F97)*F98 -> 930.45455 | H98: =G98/G$42 -> 0.67424242
A100: 1.5. Seguro de vida em grupo
A101: Discriminação | C101: Unidade | D101: Quantidade | E101: Custo unitário | F101: Subtotal | G101: Total (R$) | H101: R$/Km
A102: Monitor | C102: unidade | D102: mensal | E102: ='lote 3.1'!E102 -> 25.5 | F102: =E102 -> 25.5
A103: Motorista | C103: unidade | D103: mensal | E103: =E102 -> 25.5 | F103: =E103 -> 25.5
E104: Fator de utilização | F104: =$C$46 -> 0.50568182 | G104: =SUM(F102:F103)*F104 -> 25.789773 | H104: =G104/G$42 -> 0.018688241
A107: Custo Mensal com Mão-de-obra (R$/mês) - LUCRO REAL E PRESUMIDO | G107: =SUM(G54:G99)-G67-G84+G104 -> 4614.6607 | H107: =G107/G$42 -> 3.343957
A108: Custo Mensal com Mão-de-obra (R$/mês) - SIMPLES NACIONAL | G108: =SUM(G54:G99)-G60-G77+G104 -> 3870.857 | H108: =G108/G$42 -> 2.8049689
A110: 2. Veículos
A111: 2.1 Depreciação
A112: Discriminação | C112: Unidade | D112: Quantidade | E112: Custo unitário | F112: Subtotal | G112: Total (R$) | H112: R$/Km
A113: Custo de aquisição do veículo | C113: unidade | D113: 1 | E113: =G36 -> 404278 | F113: =D113*E113 -> 404278
A114: Vida útil do veícuo | C114: anos | D114: 10
A115: Depreciação do veículo | C115: % | D115: 65.18 | E115: =F113 -> 404278 | F115: =D115*E115/100 -> 263508.4
...

Sheet lote 22.2
A1: PLANILHA DE COMPOSIÇÃO DE CUSTOS E FORMAÇÃO DE PREÇO
A2: GRUPO A - Identificação
A3: Nº do processo: | B3: ='lote 21.1'!B3 -> 3827-2026 | C3: Nº Licitação: | F3: Data:
A4: Trajeto | B4: 22 | C4: Item: | D4: 1 | E4: Serviço de Transporte Escolar
A6: GRUPO B - Orçamento Sintético
A7: Formas de Tributação | C7: LUCRO REAL | E7: LUCRO PRESUMIDO | G7: SIMPLES NAC.
A8: Descrição do Item | C8: Custo (R$/mês) | D8: AV % | E8: Custo (R$/mês) | F8: AV % | G8: Custo (R$/mês) | H8: AV %
A9: =A51 -> 1. Mão-de-obra | C9: =+G107 -> 6533.1152 | D9: =IFERROR(C9/$C$26,0) -> 0.28467738 | E9: =G107 -> 6533.1152 | F9: =IFERROR(E9/$E$26,0) -> 0.30264056 | G9: =G108 -> 5480.0897 | H9: =IFERROR(G9/$G$26,0) -> 0.26512088
A10: 1.1. Monitor | C10: =G60 -> 2087.296 | D10: =IFERROR(C10/$C$26,0) -> 0.09095293 | E10: =C10 -> 2087.296 | F10: =IFERROR(E10/$E$26,0) -> 0.096692073 | G10: =G67 -> 1648.7158 | H10: =IFERROR(G10/$G$26,0) -> 0.079763108
A11: 1.2. Motorista | C11: =G77 -> 2881.2142 | D11: =IFERROR(C11/$C$26,0) -> 0.12554753 | E11: =C11 -> 2881.2142 | F11: =IFERROR(E11/$E$26,0) -> 0.1334696 | G11: =G84 -> 2266.7689 | H11: =IFERROR(G11/$G$26,0) -> 0.10966386
A12: =A86 -> 1.3. Vale Transporte | C12: =G92 -> 210.82091 | D12: =IFERROR(C12/$C$26,0) -> 0.0091864207 | E12: =C12 -> 210.82091 | F12: =IFERROR(E12/$E$26,0) -> 0.0097660851 | G12: =E12 -> 210.82091 | H12: =IFERROR(G12/$G$26,0) -> 0.01019929
A13: =A94 -> 1.4. Vale-refeição (diário) | C13: =G98 -> 1317.2727 | D13: =IFERROR(C13/$C$26,0) -> 0.057399532 | E13: =C13 -> 1317.2727 | F13: =IFERROR(E13/$E$26,0) -> 0.06102145 | G13: =E13 -> 1317.2727 | H13: =IFERROR(G13/$G$26,0) -> 0.063728246
A14: 1.5 Seguro de vida em grupo | C14: =G104 -> 36.511364 | D14: =IFERROR(C14/$C$26,0) -> 0.0015909653 | E14: =C14 -> 36.511364 | F14: =IFERROR(E14/$E$26,0) -> 0.0016913554 | G14: =E14 -> 36.511364 | H14: =IFERROR(G14/$G$26,0) -> 0.0017663807
A15: =A110 -> 2. Veículos | C15: =+G173 -> 10798.666 | D15: =IFERROR(C15/$C$26,0) -> 0.47054673 | E15: =C15 -> 10798.666 | F15: =IFERROR(E15/$E$26,0) -> 0.5002383 | G15: =E15 -> 10798.666 | H15: =IFERROR(G15/$G$26,0) -> 0.52242792
A16: =A111 -> 2.1 Depreciação | C16: =G118 -> 1050.2509 | D16: =IFERROR(C16/$C$26,0) -> 0.045764183 | E16: =C16 -> 1050.2509 | F16: =IFERROR(E16/$E$26,0) -> 0.048651909 | G16: =E16 -> 1050.2509 | H16: =IFERROR(G16/$G$26,0) -> 0.050810015
A17: =A119 -> 2.2 Remuneração do Capital | C17: =G129 -> 1679.576 | D17: =IFERROR(C17/$C$26,0) -> 0.073186726 | E17: =C17 -> 1679.576 | F17: =IFERROR(E17/$E$26,0) -> 0.077804818 | G17: =E17 -> 1679.576 | H17: =IFERROR(G17/$G$26,0) -> 0.081256093
A18: =A131 -> 2.3. Impostos e Seguros | C18: =G141 -> 577.73833 | D18: =IFERROR(C18/$C$26,0) -> 0.025174673 | E18: =C18 -> 577.73833 | F18: =IFERROR(E18/$E$26,0) -> 0.026763198 | G18: =E18 -> 577.73833 | H18: =IFERROR(G18/$G$26,0) -> 0.027950363
A19: =A142 -> 2.4. Consumos | C19: =G156 -> 3285.6827 | D19: =IFERROR(C19/$C$26,0) -> 0.14317206 | E19: =C19 -> 3285.6827 | F19: =IFERROR(E19/$E$26,0) -> 0.15220624 | G19: =E19 -> 3285.6827 | H19: =IFERROR(G19/$G$26,0) -> 0.15895782
A20: =A158 -> 2.5. Manutenção | C20: =G163 -> 3751.3 | D20: =IFERROR(C20/$C$26,0) -> 0.16346111 | E20: =C20 -> 3751.3 | F20: =IFERROR(E20/$E$26,0) -> 0.17377553 | G20: =E20 -> 3751.3 | H20: =IFERROR(G20/$G$26,0) -> 0.18148388
A21: =A165 -> 2.6. Pneus | C21: =G171 -> 454.11813 | D21: =IFERROR(C21/$C$26,0) -> 0.019787981 | E21: =C21 -> 454.11813 | F21: =IFERROR(E21/$E$26,0) -> 0.021036606 | G21: =E21 -> 454.11813 | H21: =IFERROR(G21/$G$26,0) -> 0.02196975
A22: =A175 -> 3. Ferramentas e Materiais de Consumo | C22: =+G185 -> 86.958333 | D22: =IFERROR(C22/$C$26,0) -> 0.003789168 | E22: =C22 -> 86.958333 | F22: =IFERROR(E22/$E$26,0) -> 0.004028265 | G22: =E22 -> 86.958333 | H22: =IFERROR(G22/$G$26,0) -> 0.0042069512
A23: =A190 -> 4. Benefícios e Desp. Ind. - BDI - LUCRO REAL | C23: =+G196 -> 5530.4498 | D23: =IFERROR(C23/$C$26,0) -> 0.24098672
A24: =A204 -> 5. Benefícios e Desp. Ind. - BDI - LUCRO PRESUMIDO | E24: =G210 -> 4168.3044 | F24: =IFERROR(E24/$E$26,0) -> 0.19309288
A25: =A218 -> 6. Benef. Desp. Ind. + Impostos - SIMPLES NACIONAL | G25: =G222+G235 -> 4304.4409 | H25: =IFERROR(G25/$G$26,0) -> 0.20824425
A26: PREÇO TOTAL MÊS (R$/Mês) | C26: =C9+C15+C22+C23 -> 22949.189 | D26: =D9+D15+D22+D23 -> 1 | E26: =E9+E15+E22+E24 -> 21587.044 | F26: =F9+F15+F22+F24 -> 1 | G26: =G9+G15+G22+G25 -> 20670.155 | H26: =H9+H15+H22+H25 -> 1
A27: PREÇO POR QUILOMETRO (R$/Km) | C27: =G202 -> 10.825089 | E27: =G216 -> 10.182568 | G27: =G241 -> 9.7500732
A29: GRUPO C - Informações sobre
A30: C1- Mão-de-obra | F30: Quantidade | G30: R$ / mês
A31: Motorista | F31: 1 | G31: ='lote 3.1'!G31 -> 2271
A32: Monitor | F32: 1 | G32: ='lote 3.1'!G32 -> 1621
A33: Total de mão-de-obra (postos de trabalho) | F33: =SUM(F31:F32) -> 2
A35: C2- Veículos | C35: Vida útil do Veículo | D35: Taxade depreciação | E35: Capacidade (Lugares) | F35: Quantidade | G35: Valor (R$)
A36: Dados do veículo e descrição do veículo | C36: 10 | D36: =1/C36 -> 0.1 | E36: 15 | F36: 1 | G36: 270086
A37: Sprinter Van Mercedez Benz - 517 E.L.T.B 16 lugares , ano 2026, pneus 225 x 75 aro 16 | D37: tipo de combustível | E37: diesel BS 10
A38: Consumo médio (Km / litro) e Valor do litro (R$) | F38: 5.5 | G38: ='lote 3.1'!G38 -> 7.32
A39: Velocidade média em função do pavimento (Km/h) | F39: 20
A41: C3- Distâncias | C41: Unidade | E41: Km por dia | F41: Horas p/Dia | G41: Km por mês
A42: Distância percorrida | C42: Km | E42: 106 | F42: =(E42/F39)+C48 -> 6.3 | G42: =E42*E43 -> 2120 | I42: =26.5+26.5+53 -> 106
A43: Média de dias letivos por mês | C43: Dias | E43: 20 | I43: =I42*203 -> 21518
A45: C4- Fatores | C45: % | D45: Aplicação
A46: Fator de utilização (FU) | C46: =F42/8.8 -> 0.71590909 | D46: Equipe e veículos
A47: Fator de Majoração pelo "Tipo de via" | C47: 0.15 | D47: Conforme tipo de via
A48: Fator de Majoração por "Tempo p/Higienização" | C48: 1 | D48: Horas por dia para higienização do veículo.
A50: CÁLCULOS (itenização numérica)
A51: 1. Mão-de-obra
A52: 1.1. Monitor - EMPRESA LUCRO REAL E PRESUMIDO
A53: Discriminação | C53: Unidade | D53: Quantidade | E53: Custo unitário | F53: Subtotal | G53: Total (R$) | H53: R$/Km
A54: Piso da categoria | C54: mês | D54: 1 | E54: =G32 -> 1621 | F54: =D54*E54 -> 1621
A55: Soma | F55: =SUM(F54:F54) -> 1621
A56: Encargos Sociais | C56: % | D56: ='Enc. Soc. - LR-LP e SN'!C$28*100 -> 70.61 | E56: =F55 -> 1621 | F56: =E56*D56/100 -> 1144.5881
A57: Prêmio por assiduidade (verba indenizatória) | D57: 1 | E57: 150 | F57: =E57 -> 150
A58: Total por Monitor | F58: =F55+F56+F57 -> 2915.5881
A59: Total do Efetivo | C59: homem | D59: =F32 -> 1 | E59: =F58 -> 2915.5881 | F59: =D59*E59 -> 2915.5881
E60: Fator de utilização | F60: =$C$46 -> 0.71590909 | G60: =F59*F60 -> 2087.296 | H60: =G60/G$42 -> 0.9845736
A62: 1.1.1- Monitor - EMPRESA SIMPLES NACIONAL
A63: Encargos Sociais | C63: % | D63: ='Enc. Soc. - LR-LP e SN'!C$38*100 -> 32.81728 | E63: =F55 -> 1621 | F63: =E63*D63/100 -> 531.96811
A64: =A57 -> Prêmio por assiduidade (verba indenizatória) | D64: 1 | E64: 150 | F64: =E64 -> 150
A65: Total por Monitor | F65: =E63+F63+F64 -> 2302.9681
A66: Total do Efetivo | C66: homem | D66: =D59 -> 1 | E66: =F65 -> 2302.9681 | F66: =D66*E66 -> 2302.9681
E67: Fator de utilização | F67: =$C$46 -> 0.71590909 | G67: =F66*F67 -> 1648.7158 | H67: =G67/G$42 -> 0.77769613
A69: 1.2. Motorista - EMPRESA LUCRO REAL E PRESUMIDO
A70: Discriminação | C70: Unidade | D70: Quantidade | E70: Custo unitário | F70: Subtotal | G70: Total (R$) | H70: R$/Km
A71: Piso da categoria | C71: mês | D71: 1 | E71: =G31 -> 2271 | F71: =D71*E71 -> 2271
A72: Soma | F72: =SUM(F71:F71) -> 2271
A73: Encargos Sociais | C73: % | D73: ='Enc. Soc. - LR-LP e SN'!C$28*100 -> 70.61 | E73: =F72 -> 2271 | F73: =E73*D73/100 -> 1603.5531
A74: =A57 -> Prêmio por assiduidade (verba indenizatória) | D74: 1 | E74: 150 | F74: =E74 -> 150
A75: Total por Motorista | F75: =F72+F73+F74 -> 4024.5531
A76: Total do Efetivo | C76: homem | D76: 1 | E76: =F75 -> 4024.5531 | F76: =D76*E76 -> 4024.5531
E77: Fator de utilização | F77: =$C$46 -> 0.71590909 | G77: =F76*F77 -> 2881.2142 | H77: =G77/G$42 -> 1.3590633
A79: 1.2.1- Motorista - EMPRESA SIMPLES NACIONAL
A80: Encargos Sociais | C80: % | D80: ='Enc. Soc. - LR-LP e SN'!C$38*100 -> 32.81728 | E80: =F72 -> 2271 | F80: =E80*D80/100 -> 745.28043
A81: =A57 -> Prêmio por assiduidade (verba indenizatória) | D81: 1 | E81: 150 | F81: =E81 -> 150
A82: Total por Motorista | F82: =E80+F80+F81 -> 3166.2804
A83: Total do Efetivo | C83: homem | D83: =D76 -> 1 | E83: =F82 -> 3166.2804 | F83: =D83*E83 -> 3166.2804
E84: Fator de utilização | F84: =$C$46 -> 0.71590909 | G84: =F83*F84 -> 2266.7689 | H84: =G84/G$42 -> 1.0692306
A86: 1.3. Vale Transporte
A87: Discriminação | C87: Unidade | D87: Quantidade | E87: Custo unitário | F87: Subtotal | G87: Total (R$) | H87: R$/Km
A88: Vale Transporte | C88: R$ | D88: 1 | E88: ='lote 3.1'!E88 -> 6.6
A89: Dias Trabalhados por mês | C89: dia | D89: =E43 -> 20
A90: Monitor (Valor líquido, descontado 6,00% s/piso sal.) | C90: vale | D90: =$D$89*2*(F32) -> 40 | E90: =IF(E88=0,"",IFERROR((($D$89*2*$E$88)-(F54*0.06*D89/20))/($D$89*2),"-")) -> 4.1685 | F90: =IFERROR(D90*E90,"-") -> 166.74
A91: Motorista (Vlr líq. desc. 6,% s/piso sal.) | C91: vale | D91: =$D$89*2*(F31) -> 40 | E91: =IF(E88=0,"",IFERROR((($D$89*2*$E$88)-(F71*0.06*D89/20))/($D$89*2),"-")) -> 3.1935 | F91: =IFERROR(D91*E91,"-") -> 127.74
E92: Fator de utilização | F92: =$C$46 -> 0.71590909 | G92: =SUM(F88:F91)*F92 -> 210.82091 | H92: =G92/G$42 -> 0.099443825
A94: 1.4. Vale-refeição (diário)
A95: Discriminação | C95: Unidade | D95: Quantidade | E95: Custo unitário | F95: Subtotal | G95: Total (R$) | H95: R$/Km
A96: Monitor | C96: unidade | D96: =D89*(F32) -> 20 | E96: ='lote 3.1'!E96 -> 46 | F96: =D96*E96 -> 920
A97: Motorista | C97: unidade | D97: =D89*(F31) -> 20 | E97: =E96 -> 46 | F97: =D97*E97 -> 920
E98: Fator de utilização | F98: =$C$46 -> 0.71590909 | G98: =SUM(F96:F97)*F98 -> 1317.2727 | H98: =G98/G$42 -> 0.62135506
A100: 1.5. Seguro de vida em grupo
A101: Discriminação | C101: Unidade | D101: Quantidade | E101: Custo unitário | F101: Subtotal | G101: Total (R$) | H101: R$/Km
A102: Monitor | C102: unidade | D102: mensal | E102: ='lote 3.1'!E102 -> 25.5 | F102: =E102 -> 25.5
A103: Motorista | C103: unidade | D103: mensal | E103: =E102 -> 25.5 | F103: =E103 -> 25.5
E104: Fator de utilização | F104: =$C$46 -> 0.71590909 | G104: =SUM(F102:F103)*F104 -> 36.511364 | H104: =G104/G$42 -> 0.017222341
A107: Custo Mensal com Mão-de-obra (R$/mês) - LUCRO REAL E PRESUMIDO | G107: =SUM(G54:G99)-G67-G84+G104 -> 6533.1152 | H107: =G107/G$42 -> 3.0816581
A108: Custo Mensal com Mão-de-obra (R$/mês) - SIMPLES NACIONAL | G108: =SUM(G54:G99)-G60-G77+G104 -> 5480.0897 | H108: =G108/G$42 -> 2.584948
A110: 2. Veículos
A111: 2.1 Depreciação
A112: Discriminação | C112: Unidade | D112: Quantidade | E112: Custo unitário | F112: Subtotal | G112: Total (R$) | H112: R$/Km
A113: Custo de aquisição do veículo | C113: unidade | D113: 1 | E113: =G36 -> 270086 | F113: =D113*E113 -> 270086
A114: Vida útil do veícuo | C114: anos | D114: 10
A115: Depreciação do veículo | C115: % | D115: 65.18 | E115: =F113 -> 270086 | F115: =D115*E115/100 -> 176042.05
...

Sheet Enc. Soc. - LR-LP e SN
A1: Composição dos Encargos Sociais
A2: Empresas Lucro Real e Lucro Presumido
A3: Código | B3: Descrição | C3: Valor % | D3: Bases legais em 2021 e metodologia TCE-RS
A4: A1 | B4: INSS | C4: 0.2 | D4: artigo 22 inciso I da lei 8.212-1991
A5: A2 | B5: SESI | C5: 0.015 | D5: artigo 30 da lei 8.036-1990 e artigo primeiro da lei 8.154-1990
A6: A3 | B6: SENAI | C6: 0.01 | D6: artigo primeiro decreto lei 6.246-1944 (SENAC) e artigo 4o. Decreto lei 8.621-1946 (SENAI) - decreto lei 2.318-1986
A7: A4 | B7: INCRA | C7: 0.002 | D7: artigo primeiro inciso I e artigo terceiro do decreto lei 1.146-1970
A8: A5 | B8: SEBRAE | C8: 0.006 | D8: artigo 8o. Da lei 8.029 de 1990, alterado pela lei 8.154-1990
A9: A6 | B9: Salário educação | C9: 0.025 | D9: artigo terceiro indico I do decreto 87.043-1982 E LEI 9.424-1996
A10: A7 | B10: Seguro contra acidentes de trabalho | C10: 0.03 | D10: artigo 19 a 23 da lei 8.212-1991
A11: A8 | B11: FGTS | C11: 0.08 | D11: de acordo com a atividade preponderante da empresa-artigo 15 da lei 8.036-1990
A12: A | B12: SOMA GRUPO A | C12: =SUM(C4:C11) -> 0.368
A14: B1 | B14: Férias gozadas | C14: 0.1111 | D14: cálculo (1/12)acrescido de 1/3
A15: B2 | B15: 13º salário | C15: 0.0833 | D15: cálculo 1/12
A16: B3 | B16: Licença Paternidade | C16: 0.0005 | D16: definido pela incidência nessa atividade - Ministério do Trabalho
A17: B4 | B17: Faltas justificadas | C17: 0.005 | D17: definido pela incidência nessa atividade - Ministério do Trabalho
A18: B5 | B18: Auxilio acidente de trabalho | C18: 0.001 | D18: definido pela incidência nessa atividade - Ministério do Trabalho
A19: B | B19: SOMA GRUPO B | C19: =SUM(C14:C18) -> 0.2009
A21: C1 | B21: Aviso prévio trabalhado | C21: 0.029 | D21: cálculo 7 dias para 30 dias
A22: C2 | B22: Depósito rescisão sem justa causa | C22: 0.032 | D22: corresponde a multa do FGTS de 40%
A23: C | B23: SOMA GRUPO C | C23: =SUM(C21:C22) -> 0.061
A25: D1 | B25: Reincidência de Grupo A sobre Grupo B | C25: =ROUND(C12*C19,4) -> 0.0739
A26: D2 | B26: Reincidência de FGTS sobre aviso prévio trabalhado | C26: =ROUND((C21*C11),4) -> 0.0023
A27: D | B27: SOMA GRUPO D | C27: =SUM(C25:C26) -> 0.0762
B28: SOMA (A+B+C+D) | C28: =C27+C23+C19+C12 -> 0.7061
A30: Composição dos Encargos Sociais
A31: Empresas do Simples Nacional
A32: Item | B32: Descrição | C32: Valor %
A33: 1 | B33: FGTS | C33: 0.08
A34: 2 | B34: Férias (com adicional de férias) | C34: 0.1111
A35: 3 | B35: 13º Salário | C35: 0.0833
A36: 4 | B36: Provisão Multas FGTS (40% s/FGTS) | C36: 0.032
A37: 5 | B37: Previdenciários s/Férias e 13º | C37: =(C34+C35)*(C33+C36) -> 0.0217728
A38: Total | C38: =SUM(C33:C37) -> 0.3281728

Sheet Depreciação TCE-RS
A1: Depreciação Referencial TCE/RS (%)
A2: Idade do veículo (ano) | B2: Depreciação Média | C2: Residual
A3: 1 | B3: 33.63 | C3: 66.37
A4: 2 | B4: 43.13 | C4: 56.87
A5: 3 | B5: 48.68 | C5: 51.32
A6: 4 | B6: 52.62 | C6: 47.38
A7: 5 | B7: 55.68 | C7: 44.32
A8: 6 | B8: 58.18 | C8: 41.82
A9: 7 | B9: 60.29 | C9: 39.71
A10: 8 | B10: 62.12 | C10: 37.88
A11: 9 | B11: 63.73 | C11: 36.27
A12: 10 | B12: 65.18 | C12: 34.82

Sheet BDI
A1: B.D.I. PARA EMPRESAS DO LUCRO REAL
A2: Composição BDI - Benefícios e Desp. Indiretas
A3: Descrição | B3: Sigla | C3: Municipal (%) | E3: Intermunicipal (%)
A4: Administração Central | B4: AC | C4: 0.05 | E4: =C4 -> 0.05
A5: Seguros/Riscos/Garantias | B5: SRG | C5: 0.013 | E5: =C5 -> 0.013
A6: Lucro | B6: L | C6: 0.1 | E6: =C6 -> 0.1
A7: Tributos - (ISS p/Municipal) e (ICMS p/Interm.) | B7: T | C7: 0.02 | E7: 0.024
A8: Tributos - PIS/COFINS | C8: 0.0925 | E8: =C8 -> 0.0925
A9: Fórmula para o cálculo do BDI:
A10: {[(1+AC+SRG) x (1+L)] / (1-T)} -1
A11: Resultado do cálculo do BDI: | C11: =ROUND((((1+C4+C5)*(1+C6))/(1-(C7+C8))-1),4) -> 0.3175 | E11: =ROUND((((1+E4+E5)*(1+E6))/(1-(E7+E8))-1),4) -> 0.3235
A14: B.D.I. PARA EMPRESAS DO LUCRO PRESUMIDO
A15: Composição BDI - Benefícios e Desp. Indiretas
A16: Descrição | B16: Sigla | C16: Municipal (%) | E16: Intermunicipal (%)
A17: Administração Central | B17: AC | C17: 0.05 | E17: =C17 -> 0.05
A18: Seguros/Riscos/Garantias | B18: SRG | C18: 0.013 | E18: =C18 -> 0.013
A19: Lucro | B19: L | C19: 0.1 | E19: =C19 -> 0.1
A20: Tributos - (ISS p/Municipal) e (ICMS p/Interm.) | B20: T | C20: 0.02 | E20: 0.024
A21: Tributos - PIS/COFINS | C21: 0.0365 | E21: =C21 -> 0.0365
A22: Fórmula para o cálculo do BDI:
A23: {[(1+AC+SRG) x (1+L)] / (1-T)} -1
A24: Resultado do cálculo do BDI: | C24: =ROUND((((1+C17+C18)*(1+C19))/(1-(C20+C21))-1),4) -> 0.2393 | E24: =ROUND((((1+E17+E18)*(1+E19))/(1-(E20+E21))-1),4) -> 0.2446
A27: B.D.I. PARA EMPRESAS DO SIMPLES NACIONAL
A28: Composição do BDI - Benefícios e Desp. Ind. - Sem Impostos
A29: Descrição | B29: Sigla | C29: Municipal (%) | E29: Intermunicipal (%)
A30: Administração Central | B30: AC | C30: 0.05 | E30: =C30 -> 0.05
A31: Seguros/Riscos/Garantias | B31: SRG | C31: 0.013 | E31: =C31 -> 0.013
A32: Lucro | B32: L | C32: 0.1 | E32: =C32 -> 0.1
A33: Fórmula para o cálculo do BDI - Sem impostos
A34: {[(1+AC+SRG) x (1+L)]} -1
A35: Resultado cálculo do BDI - Sem impostos | C35: =ROUND((((1+C30+C31)*(1+C32))-1),4) -> 0.1693 | E35: =ROUND((((1+E30+E31)*(1+E32))-1),4) -> 0.1693
